Workbook

Sheet GENERALIDADES
C1: DIAGNÓSTICO INTEGRAL A PRESTADORES RURALES | M1: Código: AS-F272
M2: Versión: 01
M3: Fecha: 09/07/2025
I5: Fecha:
A7: Nombre o Razón social del prestador:
A9: Representante legal: | I9: Celular
A11: Dirección | I11: E-mail:
A13: Administrador | I13: Celular
A15: Dirección | I15: E-mail:
A17: Nombre del encuestador: | I17: Celular
A19: Dirección | I19: E-mail:
A21: 1. PERSONAS ENTREVISTADAS
X22: Asociación de Usuarios
A23: Nombres y Apoellidos | D23: Cargo | F23: Telefono | I23: Correo Electrónico | L23: Consentimiento del uso de la información para SIASAR | N23: Firma | X23: Junta de Acción Comunal
X24: Federación y/o Cooperativas
X25: Institucion Pública: (Prestación directa a través del municipio)
X27: Institución Privada: (Concesiones, empresas etc.)
X28: Prestación informal (Gestor comunitario sin organización establecida)
X32: Legalizado
X33: En proceso de legalización
X34: No está Legalizado
A35: 2. LOCALIZACION DEL PRESTADOR
A37: Departamento | C37: Municipio | E37: Vereda | H37: Altitud | K37: Longitud | M37: Latitud
A41: 3. TIPO DE PRESTADOR
A43: Seleccione el tipo de prestador
A45: Estado Legal del Prestador
A48: Fecha de creación del prestador
A50: Pais | G50: Departamento
A52: Entidad del tercer nivel: municipal, distrital o veredal
A54: Otro
A56: 4. JUNTA DIRECTIVA Y/O ADMINISTRADORA
A58: Fecha de la última elección de los miembros de la Junta Directiva
A60: Número de reuniones de la Junta Directiva en el último año
A61: Miembros de la Junta Directiva:
A63: Nombres y Apellidos | D63: Cargo | F63: Fecha de Elección | K63: Telefono | M63: Correo Electrónico
A75: Funcionario de EPC que realiza el diagnostico

Sheet RESPUESTAS GENERALIDADES
A1: DATOS GENERALES | O1: 1. PERSONAS ENTREVISTADAS | BW1: 2. LOCALIZACION DEL PRESTADOR | CC1: 3. TIPO DE PRESTADOR | CL1: MIEMBROS DE LA JUNTA DIRECTIVO
A2: Fecha: | B2: Nombre | C2: Representante legal: | D2: Celular | E2: Dirección | F2: E-mail: | G2: Administrador | H2: Celular | I2: Dirección | J2: E-mail | K2: Nombre del encuestador | L2: Celular | M2: Dirección | N2: E-mail: | O2: Nombres y Apellidos | P2: Cargo | Q2: Telefono | R2: Correo Electrónico | S2: Consentimiento del uso de la información para SIASAR | T2: Firma | U2: Nombres y Apoellidos | V2: Cargo | W2: Telefono | X2: Correo Electrónico | Y2: Consentimiento del uso de la información para SIASAR | Z2: Firma | AA2: Nombres y Apoellidos | AB2: Cargo | AC2: Telefono | AD2: Correo Electrónico | AE2: Consentimiento del uso de la información para SIASAR | AF2: Firma | AG2: Nombres y Apoellidos | AH2: Cargo | AI2: Telefono | AJ2: Correo Electrónico | AK2: Consentimiento del uso de la información para SIASAR | AL2: Firma | AM2: Nombres y Apoellidos | AN2: Cargo | AO2: Telefono | AP2: Correo Electrónico | AQ2: Consentimiento del uso de la información para SIASAR | AR2: Firma | AS2: Nombres y Apoellidos | AT2: Cargo | AU2: Telefono | AV2: Correo Electrónico | AW2: Consentimiento del uso de la información para SIASAR | AX2: Firma | AY2: Nombres y Apoellidos | AZ2: Cargo | BA2: Telefono | BB2: Correo Electrónico | BC2: Consentimiento del uso de la información para SIASAR | BD2: Firma | BE2: Nombres y Apoellidos | BF2: Cargo | BG2: Telefono | BH2: Correo Electrónico | BI2: Consentimiento del uso de la información para SIASAR | BJ2: Firma | BK2: Nombres y Apoellidos | BL2: Cargo | BM2: Telefono | BN2: Correo Electrónico | BO2: Consentimiento del uso de la información para SIASAR | BP2: Firma | BQ2: Nombres y Apoellidos | BR2: Cargo | BS2: Telefono | BT2: Correo Electrónico | BU2: Consentimiento del uso de la información para SIASAR | BV2: Firma | BW2: Departamento | BX2: Municipio | BY2: Vereda | BZ2: Altitud | CA2: Longitud | CB2: Latitud | CC2: Seleccione el tipo de prestador | CD2: Estado Legal del Prestador | CE2: Fecha de creación del prestador | CF2: Pais | CG2: Departamento | CH2: Entidad del tercer nivel: municipal, distrital o veredal | CI2: Otro | CJ2: Fecha de la última elección de los miembros de la Junta Directiva | CK2: Número de reuniones de la Junta Directiva en el último año | CL2: Nombres y Apellidos | CM2: Cargo | CN2: Fecha de Elección | CO2: Telefono | CP2: Correo Electrónico | CQ2: Nombres y Apellidos | CR2: Cargo | CS2: Fecha de Elección | CT2: Telefono | CU2: Correo Electrónico | CV2: Nombres y Apellidos | CW2: Cargo | CX2: Fecha de Elección | CY2: Telefono | CZ2: Correo Electrónico | DA2: Nombres y Apellidos | DB2: Cargo | DC2: Fecha de Elección | DD2: Telefono | DE2: Correo Electrónico | DF2: Nombres y Apellidos | DG2: Cargo | DH2: Fecha de Elección | DI2: Telefono | DJ2: Correo Electrónico | DK2: Nombres y Apellidos | DL2: Cargo | DM2: Fecha de Elección | DN2: Telefono | DO2: Correo Electrónico | DP2: Nombres y Apellidos | DQ2: Cargo | DR2: Fecha de Elección | DS2: Telefono | DT2: Correo Electrónico | DU2: Nombres y Apellidos | DV2: Cargo | DW2: Fecha de Elección | DX2: Telefono | DY2: Correo Electrónico | DZ2: Nombres y Apellidos | EA2: Cargo | EB2: Fecha de Elección | EC2: Telefono | ED2: Correo Electrónico | EE2: Nombres y Apellidos | EF2: Cargo | EG2: Fecha de Elección | EH2: Telefono | EI2: Correo Electrónico | EJ2: Nombres y Apellidos | EK2: Cargo | EL2: Fecha de Elección | EM2: Telefono | EN2: Correo Electrónico
A3: =IF(TRIM(GENERALIDADES!K5)="","No Reportado",GENERALIDADES!K5) -> No Reportado | B3: =IF(TRIM(GENERALIDADES!C7)="","No Reportado",GENERALIDADES!C7) -> No Reportado | C3: =IF(TRIM(GENERALIDADES!C9)="","No Reportado",GENERALIDADES!C9) -> No Reportado | D3: =IF(TRIM(GENERALIDADES!K9)="","No Reportado",GENERALIDADES!K9) -> No Reportado | E3: =IF(TRIM(GENERALIDADES!C11)="","No Reportado",GENERALIDADES!C11) -> No Reportado | F3: =IF(TRIM(GENERALIDADES!K11)="","No Reportado",GENERALIDADES!K11) -> No Reportado | G3: =IF(TRIM(GENERALIDADES!C13)="","No Reportado",GENERALIDADES!C13) -> No Reportado | H3: =IF(TRIM(GENERALIDADES!K13)="","No Reportado",GENERALIDADES!K13) -> No Reportado | I3: =IF(TRIM(GENERALIDADES!C15)="","No Reportado",GENERALIDADES!C15) -> No Reportado | J3: =IF(TRIM(GENERALIDADES!K15)="","No Reportado",GENERALIDADES!K15) -> No Reportado | K3: =IF(TRIM(GENERALIDADES!C17)="","No Reportado",GENERALIDADES!C17) -> No Reportado | L3: =IF(TRIM(GENERALIDADES!K17)="","No Reportado",GENERALIDADES!K17) -> No Reportado | M3: =IF(TRIM(GENERALIDADES!C19)="","No Reportado",GENERALIDADES!C19) -> No Reportado | N3: =IF(TRIM(GENERALIDADES!K19)="","No Reportado",GENERALIDADES!K19) -> No Reportado | O3: =IF(TRIM(GENERALIDADES!A24)="","No Reportado",GENERALIDADES!A24) -> No Reportado | P3: =IF(TRIM(GENERALIDADES!D24)="","No Reportado",GENERALIDADES!D24) -> No Reportado | Q3: =IF(TRIM(GENERALIDADES!F24)="","No Reportado",GENERALIDADES!F24) -> No Reportado | R3: =IF(TRIM(GENERALIDADES!I24)="","No Reportado",GENERALIDADES!I24) -> No Reportado | S3: =IF(TRIM(GENERALIDADES!L24)="","No Reportado",GENERALIDADES!L24) -> No Reportado | T3: =IF(TRIM(GENERALIDADES!N24)="","No Reportado",GENERALIDADES!N24) -> No Reportado | U3: =IF(TRIM(GENERALIDADES!A25)="","No Reportado",GENERALIDADES!A25) -> No Reportado | V3: =IF(TRIM(GENERALIDADES!D25)="","No Reportado",GENERALIDADES!D25) -> No Reportado | W3: =IF(TRIM(GENERALIDADES!F25)="","No Reportado",GENERALIDADES!F25) -> No Reportado | X3: =IF(TRIM(GENERALIDADES!I25)="","No Reportado",GENERALIDADES!I25) -> No Reportado | Y3: =IF(TRIM(GENERALIDADES!L25)="","No Reportado",GENERALIDADES!L25) -> No Reportado | Z3: =IF(TRIM(GENERALIDADES!N25)="","No Reportado",GENERALIDADES!N25) -> No Reportado | AA3: =IF(TRIM(GENERALIDADES!A26)="","No Reportado",GENERALIDADES!A26) -> No Reportado | AB3: =IF(TRIM(GENERALIDADES!D26)="","No Reportado",GENERALIDADES!D26) -> No Reportado | AC3: =IF(TRIM(GENERALIDADES!F26)="","No Reportado",GENERALIDADES!F26) -> No Reportado | AD3: =IF(TRIM(GENERALIDADES!I26)="","No Reportado",GENERALIDADES!I26) -> No Reportado | AE3: =IF(TRIM(GENERALIDADES!L26)="","No Reportado",GENERALIDADES!L26) -> No Reportado | AF3: =IF(TRIM(GENERALIDADES!N26)="","No Reportado",GENERALIDADES!N26) -> No Reportado | AG3: =IF(TRIM(GENERALIDADES!A27)="","No Reportado",GENERALIDADES!A27) -> No Reportado | AH3: =IF(TRIM(GENERALIDADES!D27)="","No Reportado",GENERALIDADES!D27) -> No Reportado | AI3: =IF(TRIM(GENERALIDADES!F27)="","No Reportado",GENERALIDADES!F27) -> No Reportado | AJ3: =IF(TRIM(GENERALIDADES!I27)="","No Reportado",GENERALIDADES!I27) -> No Reportado | AK3: =IF(TRIM(GENERALIDADES!L27)="","No Reportado",GENERALIDADES!L27) -> No Reportado | AL3: =IF(TRIM(GENERALIDADES!N26)="","No Reportado",GENERALIDADES!N26) -> No Reportado | AM3: =IF(TRIM(GENERALIDADES!A28)="","No Reportado",GENERALIDADES!A28) -> No Reportado | AN3: =IF(TRIM(GENERALIDADES!D28)="","No Reportado",GENERALIDADES!D28) -> No Reportado | AO3: =IF(TRIM(GENERALIDADES!F28)="","No Reportado",GENERALIDADES!F28) -> No Reportado | AP3: =IF(TRIM(GENERALIDADES!I28)="","No Reportado",GENERALIDADES!I28) -> No Reportado | AQ3: =IF(TRIM(GENERALIDADES!L28)="","No Reportado",GENERALIDADES!L28) -> No Reportado | AR3: =IF(TRIM(GENERALIDADES!N28)="","No Reportado",GENERALIDADES!N28) -> No Reportado | AS3: =IF(TRIM(GENERALIDADES!A29)="","No Reportado",GENERALIDADES!A29) -> No Reportado | AT3: =IF(TRIM(GENERALIDADES!D29)="","No Reportado",GENERALIDADES!D29) -> No Reportado | AU3: =IF(TRIM(GENERALIDADES!F29)="","No Reportado",GENERALIDADES!F29) -> No Reportado | AV3: =IF(TRIM(GENERALIDADES!I29)="","No Reportado",GENERALIDADES!I29) -> No Reportado | AW3: =IF(TRIM(GENERALIDADES!L29)="","No Reportado",GENERALIDADES!L29) -> No Reportado | AX3: =IF(TRIM(GENERALIDADES!N29)="","No Reportado",GENERALIDADES!N29) -> No Reportado | AY3: =IF(TRIM(GENERALIDADES!A30)="","No Reportado",GENERALIDADES!A30) -> No Reportado | AZ3: =IF(TRIM(GENERALIDADES!D30)="","No Reportado",GENERALIDADES!D30) -> No Reportado | BA3: =IF(TRIM(GENERALIDADES!F30)="","No Reportado",GENERALIDADES!F30) -> No Reportado | BB3: =IF(TRIM(GENERALIDADES!I30)="","No Reportado",GENERALIDADES!I30) -> No Reportado | BC3: =IF(TRIM(GENERALIDADES!L30)="","No Reportado",GENERALIDADES!L30) -> No Reportado | BD3: =IF(TRIM(GENERALIDADES!N30)="","No Reportado",GENERALIDADES!N30) -> No Reportado | BE3: =IF(TRIM(GENERALIDADES!A31)="","No Reportado",GENERALIDADES!A31) -> No Reportado | BF3: =IF(TRIM(GENERALIDADES!D31)="","No Reportado",GENERALIDADES!D31) -> No Reportado | BG3: =IF(TRIM(GENERALIDADES!F31)="","No Reportado",GENERALIDADES!F31) -> No Reportado | BH3: =IF(TRIM(GENERALIDADES!I31)="","No Reportado",GENERALIDADES!I31) -> No Reportado | BI3: =IF(TRIM(GENERALIDADES!L31)="","No Reportado",GENERALIDADES!L31) -> No Reportado | BJ3: =IF(TRIM(GENERALIDADES!N31)="","No Reportado",GENERALIDADES!N31) -> No Reportado | BK3: =IF(TRIM(GENERALIDADES!A32)="","No Reportado",GENERALIDADES!A32) -> No Reportado | BL3: =IF(TRIM(GENERALIDADES!D32)="","No Reportado",GENERALIDADES!D32) -> No Reportado | BM3: =IF(TRIM(GENERALIDADES!F32)="","No Reportado",GENERALIDADES!F32) -> No Reportado | BN3: =IF(TRIM(GENERALIDADES!I32)="","No Reportado",GENERALIDADES!I32) -> No Reportado | BO3: =IF(TRIM(GENERALIDADES!L32)="","No Reportado",GENERALIDADES!L32) -> No Reportado | BP3: =IF(TRIM(GENERALIDADES!N32)="","No Reportado",GENERALIDADES!N32) -> No Reportado | BQ3: =IF(TRIM(GENERALIDADES!A38)="","No Reportado",GENERALIDADES!A38) -> No Reportado | BR3: =IF(TRIM(GENERALIDADES!C38)="","No Reportado",GENERALIDADES!C38) -> No Reportado | BS3: =IF(TRIM(GENERALIDADES!E38)="","No Reportado",GENERALIDADES!E38) -> No Reportado | BT3: =IF(TRIM(GENERALIDADES!H38)="","No Reportado",GENERALIDADES!H38) -> No Reportado | BU3: =IF(TRIM(GENERALIDADES!K38)="","No Reportado",GENERALIDADES!K38) -> No Reportado | BV3: =IF(TRIM(GENERALIDADES!M38)="","No Reportado",GENERALIDADES!M38) -> No Reportado | BW3: =IF(TRIM(GENERALIDADES!E43)="","No Reportado",GENERALIDADES!E43) -> No Reportado | BX3: =IF(TRIM(GENERALIDADES!E45)="","No Reportado",GENERALIDADES!E45) -> No Reportado | BY3: =IF(TRIM(GENERALIDADES!E48)="","No Reportado",GENERALIDADES!E48) -> No Reportado | BZ3: =IF(TRIM(GENERALIDADES!E50)="","No Reportado",GENERALIDADES!E50) -> No Reportado | CA3: =IF(TRIM(GENERALIDADES!M50)="","No Reportado",GENERALIDADES!M50) -> No Reportado | CB3: =IF(TRIM(GENERALIDADES!G52)="","No Reportado",GENERALIDADES!G52) -> No Reportado | CC3: =IF(TRIM(GENERALIDADES!B54)="","No Reportado",GENERALIDADES!B54) -> No Reportado | CD3: =IF(TRIM(GENERALIDADES!G58)="","No Reportado",GENERALIDADES!G58) -> No Reportado | CE3: =IF(TRIM(GENERALIDADES!G60)="","No Reportado",GENERALIDADES!G60) -> No Reportado | CF3: =IF(TRIM(GENERALIDADES!A64)="","No Reportado",GENERALIDADES!A64) -> No Reportado | CG3: =IF(TRIM(GENERALIDADES!D64)="","No Reportado",GENERALIDADES!D64) -> No Reportado | CH3: =IF(TRIM(GENERALIDADES!F64)="","No Reportado",GENERALIDADES!F64) -> No Reportado | CI3: =IF(TRIM(GENERALIDADES!K64)="","No Reportado",GENERALIDADES!K64) -> No Reportado | CJ3: =IF(TRIM(GENERALIDADES!M64)="","No Reportado",GENERALIDADES!M64) -> No Reportado | CK3: =IF(TRIM(GENERALIDADES!A65)="","No Reportado",GENERALIDADES!A65) -> No Reportado | CL3: =IF(TRIM(GENERALIDADES!D65)="","No Reportado",GENERALIDADES!D65) -> No Reportado | CM3: =IF(TRIM(GENERALIDADES!F65)="","No Reportado",GENERALIDADES!F65) -> No Reportado | CN3: =IF(TRIM(GENERALIDADES!K65)="","No Reportado",GENERALIDADES!K65) -> No Reportado | CO3: =IF(TRIM(GENERALIDADES!M65)="","No Reportado",GENERALIDADES!M65) -> No Reportado | CP3: =IF(TRIM(GENERALIDADES!A66)="","No Reportado",GENERALIDADES!A66) -> No Reportado | CQ3: =IF(TRIM(GENERALIDADES!D66)="","No Reportado",GENERALIDADES!D66) -> No Reportado | CR3: =IF(TRIM(GENERALIDADES!F66)="","No Reportado",GENERALIDADES!F66) -> No Reportado | CS3: =IF(TRIM(GENERALIDADES!K66)="","No Reportado",GENERALIDADES!K66) -> No Reportado | CT3: =IF(TRIM(GENERALIDADES!M66)="","No Reportado",GENERALIDADES!M466) -> No Reportado | CU3: =IF(TRIM(GENERALIDADES!A67)="","No Reportado",GENERALIDADES!A67) -> No Reportado | CV3: =IF(TRIM(GENERALIDADES!D67)="","No Reportado",GENERALIDADES!D67) -> No Reportado | CW3: =IF(TRIM(GENERALIDADES!F67)="","No Reportado",GENERALIDADES!F67) -> No Reportado | CX3: =IF(TRIM(GENERALIDADES!K67)="","No Reportado",GENERALIDADES!K67) -> No Reportado | CY3: =IF(TRIM(GENERALIDADES!M67)="","No Reportado",GENERALIDADES!M67) -> No Reportado | CZ3: =IF(TRIM(GENERALIDADES!A68)="","No Reportado",GENERALIDADES!A68) -> No Reportado | DA3: =IF(TRIM(GENERALIDADES!D68)="","No Reportado",GENERALIDADES!D68) -> No Reportado | DB3: =IF(TRIM(GENERALIDADES!F68)="","No Reportado",GENERALIDADES!F68) -> No Reportado | DC3: =IF(TRIM(GENERALIDADES!K68)="","No Reportado",GENERALIDADES!K68) -> No Reportado | DD3: =IF(TRIM(GENERALIDADES!M68)="","No Reportado",GENERALIDADES!M68) -> No Reportado | DE3: =IF(TRIM(GENERALIDADES!A69)="","No Reportado",GENERALIDADES!A69) -> No Reportado | DF3: =IF(TRIM(GENERALIDADES!D69)="","No Reportado",GENERALIDADES!D69) -> No Reportado | DG3: =IF(TRIM(GENERALIDADES!F69)="","No Reportado",GENERALIDADES!F69) -> No Reportado | DH3: =IF(TRIM(GENERALIDADES!K69)="","No Reportado",GENERALIDADES!K69) -> No Reportado | DI3: =IF(TRIM(GENERALIDADES!M69)="","No Reportado",GENERALIDADES!M69) -> No Reportado | DJ3: =IF(TRIM(GENERALIDADES!A70)="","No Reportado",GENERALIDADES!A70) -> No Reportado | DK3: =IF(TRIM(GENERALIDADES!D70)="","No Reportado",GENERALIDADES!D70) -> No Reportado | DL3: =IF(TRIM(GENERALIDADES!F70)="","No Reportado",GENERALIDADES!F70) -> No Reportado | DM3: =IF(TRIM(GENERALIDADES!K70)="","No Reportado",GENERALIDADES!K70) -> No Reportado | DN3: =IF(TRIM(GENERALIDADES!M70)="","No Reportado",GENERALIDADES!M70) -> No Reportado | DO3: =IF(TRIM(GENERALIDADES!A71)="","No Reportado",GENERALIDADES!A71) -> No Reportado | DP3: =IF(TRIM(GENERALIDADES!D71)="","No Reportado",GENERALIDADES!D71) -> No Reportado | DQ3: =IF(TRIM(GENERALIDADES!F71)="","No Reportado",GENERALIDADES!F71) -> No Reportado | DR3: =IF(TRIM(GENERALIDADES!K71)="","No Reportado",GENERALIDADES!K71) -> No Reportado | DS3: =IF(TRIM(GENERALIDADES!M71)="","No Reportado",GENERALIDADES!M71) -> No Reportado | DT3: =IF(TRIM(GENERALIDADES!A72)="","No Reportado",GENERALIDADES!A72) -> No Reportado | DU3: =IF(TRIM(GENERALIDADES!D72)="","No Reportado",GENERALIDADES!D72) -> No Reportado | DV3: =IF(TRIM(GENERALIDADES!F72)="","No Reportado",GENERALIDADES!F72) -> No Reportado | DW3: =IF(TRIM(GENERALIDADES!K72)="","No Reportado",GENERALIDADES!K72) -> No Reportado | DX3: =IF(TRIM(GENERALIDADES!M72)="","No Reportado",GENERALIDADES!M72) -> No Reportado | DY3: =IF(TRIM(GENERALIDADES!A73)="","No Reportado",GENERALIDADES!A73) -> No Reportado | DZ3: =IF(TRIM(GENERALIDADES!D73)="","No Reportado",GENERALIDADES!D73) -> No Reportado | EA3: =IF(TRIM(GENERALIDADES!F73)="","No Reportado",GENERALIDADES!F73) -> No Reportado | EB3: =IF(TRIM(GENERALIDADES!K73)="","No Reportado",GENERALIDADES!K73) -> No Reportado | EC3: =IF(TRIM(GENERALIDADES!M73)="","No Reportado",GENERALIDADES!M73) -> No Reportado | ED3: =IF(TRIM(GENERALIDADES!A74)="","No Reportado",GENERALIDADES!A74) -> No Reportado | EE3: =IF(TRIM(GENERALIDADES!D74)="","No Reportado",GENERALIDADES!D74) -> No Reportado | EF3: =IF(TRIM(GENERALIDADES!F74)="","No Reportado",GENERALIDADES!F74) -> No Reportado | EG3: =IF(TRIM(GENERALIDADES!K74)="","No Reportado",GENERALIDADES!K74) -> No Reportado | EH3: =IF(TRIM(GENERALIDADES!M74)="","No Reportado",GENERALIDADES!M74) -> No Reportado | EI3: =IF(TRIM(GENERALIDADES!M73)="","No Reportado",GENERALIDADES!M73) -> No Reportado | EJ3: =IF(TRIM(GENERALIDADES!A74)="","No Reportado",GENERALIDADES!A74) -> No Reportado | EK3: =IF(TRIM(GENERALIDADES!D74)="","No Reportado",GENERALIDADES!D74) -> No Reportado | EL3: =IF(TRIM(GENERALIDADES!F74)="","No Reportado",GENERALIDADES!F74) -> No Reportado | EM3: =IF(TRIM(GENERALIDADES!K74)="","No Reportado",GENERALIDADES!K74) -> No Reportado | EN3: =IF(TRIM(GENERALIDADES!M74)="","No Reportado",GENERALIDADES!M74) -> No Reportado

Sheet INSTIT, LEGAL 
C1: DIAGNÓSTICO INTEGRAL A PRESTADORES RURALES | M1: Código: AS-F272 | T1: Si
M2: Versión: 01 | T2: No
M3: Fecha: 09/07/2025
A5: Nombre o Razón social del prestador: | I5: Fecha:
A8: 1. ASPECTOS INSTITUCIONALES
A10: Documento de Constitución | I10: Fecha del Documento
A12: Estatutos del Prestador | I12: Fecha del Documento
A14: Contrato de Operación | I14: Fecha del Contrato | M14: Plazo
A16: Certificado único tributario RUT | I16: Actividad Comercial
A18: Certificado de Existencia y Representación Legal | I18: Fecha de Constitución
A20: NIT | I20: Ultima Renovación :
A22: Objeto Social
A25: Registro Único de Prestadores RUPS | K25: Nº. ID
A27: Fecha de Inicio de Operaciones | I27: Fecha Ultima Actualización
A29: SERIVICIOS PRESTADOS
A31: Acueducto Actividades | C31: Conducción | I31: Fecha de Inicio
C32: Distribución | I32: Fecha de Inicio
C33: Tratamiento | I33: Fecha de Inicio
C34: Comercialización | I34: Fecha de Inicio
C35: Almacenamiento | I35: Fecha de Inicio
C36: Captación | I36: Fecha de Inicio
C37: Aducción | I37: Fecha de Inicio
A39: Alcantarillado Actividades | C39: Conducción de Residuos líquidos | I39: Fecha de Inicio
C40: Recolección | I40: Fecha de Inicio
C41: Tratamiento | I41: Fecha de Inicio
C42: Comercialización | I42: Fecha de Inicio
C43: Disposición Final | I43: Fecha de Inicio
A45: Aseo Actividades | C45: Recolección y transporte | I45: Fecha de Inicio
C46: Corta de Césped y Poda en Arboles | I46: Fecha de Inicio
C47: Barrido y Limpieza | I47: Fecha de Inicio
C48: Comercialización | I48: Fecha de Inicio
C49: Disposición Final | I49: Fecha de Inicio
A51: 2. ASPECTOS LEGALES
A53: Pago de Contribuciones Especiales
A55: Valor Pagado SSPD | H55: valor pagado CRA
A57: Manual de Contratación
A59: Acto Administrativo | I59: Fecha de Adopción:
A61: Reglamento Interno de Trabajo | J61: Acto Administrativo
A63: Fecha de Adopción: | G63: Fecha última Actualización
A65: Procesos Legales | C65: Demandas laborales | L65: Estado
C67: Procesos Civiles | L67: Estado
C69: Acciones populares | L69: Estado
A71: Propiedad de activos
A73: Permisos de Servidumbre
A75: Legalizado el terreno de captación
A77: Legalizado el terreno de otros elementos del sistema (Infrestructura de almacenamiento, punto de tratamiento etc.)
A79: Terrenos sin legalizar
A80: ESTADO DE LEGALIZACIÓN DE LOS PREDIOS Y SERVIDUMBRES
A82: Certificado de tradición y libertad
A84: Acredita la posesión del predio al tenor de lo establecido en el artículo 48 Ley 1551 de 2012
A86: Servidumbre
A88: Falta por legalizar algunos predios
A90: Falta servidumbre o permisos de paso
A91: Sanción Superintendencia de Servicios Públicos Domiciliarios
H93: Estado
A95: Causal
A97: Monto
A99: Funcionario de EPC que realiza el diagnostico

Sheet ADMINISTRATIVO 
C1: DIAGNÓSTICO INTEGRAL A PRESTADORES RURALES | P1: Código: AS-F272
P2: Versión: 01 | X2: Si
P3: Fecha: 09/07/2025 | X3: No
A5: Nombre o Razón social del prestador: | I5: Fecha:
A6: 3. ASPECTOS ADMINISTRATIVOS
A8: 3.1 Planta de Personal
A10: Planta de Personal | H10: Adoptada
A12: Acto Administrativo de Adopción | I12: Fecha Ultima Actualización:
A14: No. de personas vinculadas al prestador | G14: Área Administrativa | L14: Área Operativa
A16: No. de personas vinculadas vinculadas por Contrato: | G16: Área Administrativa | L16: Área Operativa
A18: El personal vinculado mediante contrato paga seguridad social
A20: Existe personal certificado en competencias laborales | G20: Cuantos
A22: Áreas y procesos Certificados
A24: Concepto | E24: No Cargos | F24: Perfil | H24: Experiencia | L24: Salario Básico Mensual | P24: Salario Anual
A25: Personal Administrativo
A26: Gerente/Director | P26: =L26*12 -> 0
A27: Tesorero | P27: =L27*12 -> 0
A28: Aux. Administrativo | P28: =L28*12 -> 0
A29: Aux. Comercial | P29: =L29*12 -> 0
A30: Contador | P30: =L30*12 -> 0
A31: Asesores | P31: =L31*12 -> 0
A32: Control interno | P32: =L32*12 -> 0
A33: Otros: | P33: =L33*12 -> 0
A34: Personal Operativo
A35: Operador PTAP | P35: =L35*12 -> 0
A36: Fontaneros | P36: =L36*12 -> 0
A37: Operador PTAR | P37: =L37*12 -> 0
A38: Conductor | P38: =L38*12 -> 0
A39: Escobitas | P39: =L39*12 -> 0
A40: Auxiliares | P40: =L40*12 -> 0
A41: Otros: | P41: =L41*12 -> 0
A42: Total Costos de Personal | L42: =SUM(L26:O33,L35:O41) -> 0 | P42: =SUM(P26:R33,P35:R41) -> 0
A43: Personas vinculadas por Contrato:
A44: Concepto | E44: No Cargos | F44: Tipo de contrato | J44: Tiempo del contrato | P44: Valor del contrato
A45: Personal Administrativo
A50: Personal Operativo
A55: 3.2 Estructura Organizacional
A57: Estructura Orgánica del Prestador | J57: Fecha de Ultima Actualización
A59: 3.3 Revisión de Manuales y Planes
A61: Manual de Procedimientos
A63: Ultima actualización | D63: Fecha | I63: Acto Adtivo. de Aprobación
A65: Manual de Funciones
A67: Ultima actualización | D67: Fecha | I67: Acto Adtivo. de Aprobación
A69: Manual de Cartera
A71: Ultima actualización | D71: Fecha | I71: Acto Adtivo. de Aprobación
A73: Código de buen gobierno
A75: Ultima actualización | D75: Fecha | I75: Acto Adtivo. de Aprobación
A77: Plan de Emergencia y Contingencia (sequias, inundaciones, COVIC - 19. etc)
A79: Ultima actualización | D79: Fecha | I79: Acto Adtivo. de Aprobación
A81: 3.4 Revisión Proceso de Planeación y Gestion
A83: Plan de Gestión y Resultados (PGR)
A85: Ultima actualización | D85: Fecha | I85: Acto Adtivo. de Aprobación
A87: Se tiene establecida la función misional del prestador
A89: Se tiene establecida la función visional del prestador
A91: Se tiene definidos los objetivos estratégicos del prestador
A93: Existe un Sistema de Gestión de Calidad
A95: Ultima actualización | D95: Fecha | I95: Acto Adtivo. de Aprobación
A97: Existe un Sistema de Gestión de SST
A99: Ultima actualización | D99: Fecha | I99: Acto Adtivo. de Aprobación
A101: 3.5 Revisión Procesos de Apoyo
A103: Existen Procedimientos para el manejo de Archivos y Gestion Documental
A105: Existen Procedimientos de Compras y Inventarios
A107: 3.6 Revisión de los Aspectos Informáticos
A109: Pagina Web
A111: Correo electrónico
A113: Proveedor de Internet | I113: Velocidad de Acceso a Internet
A115: Cantidad computadores escritorio | I115: Cantidad computadores portátiles
A117: Número de Impresoras
A119: Software utilizado para facturación
A121: Software utilizado para Contabilidad
A123: Software utilizado para el manejo de la nómina
A125: Facturación en sitio
A127: Redes sociales utilizadas
A129: Necesidades propuestas por el prestador
A131: 3.7 Recursos Humanos
A133: Existen procedimientos para la salud y el bienestar del talento humano
A135: Existe un programa de selección de personal
A137: Ultima actualización | D137: Fecha | I137: Acto Adtivo. de Aprobación
A139: Existe un programa de induccion de personal
A141: Ultima actualización | D141: Fecha | I141: Acto Adtivo. de Aprobación
A143: Existe un programa de vinculación de personal
A145: Ultima actualización | D145: Fecha | I145: Acto Adtivo. de Aprobación
A147: Existe un programa de capacitación de personal
A149: Ultima actualización | D149: Fecha | I149: Acto Adtivo. de Aprobación
A151: Existe un programa de permisos y vacaciones de personal
A153: Ultima actualización | D153: Fecha | I153: Acto Adtivo. de Aprobación
A156: 3.8 Rendición de Cuentas
A158: El prestador del servicio rinde cuentas | T158: Mensualmente
T159: Trimestralmente
A160: Con que periodicidad rinde cuentas: | T160: Semestralmente
T161: Anualmente
T162: Otro
A164: Mecanismos de rendición de rendición de cuentas: | T164: Medios masivos
T165: Virtuales, Internet (pagina web)
T166: Reuniones con los usuarios
A167: 3.9 Reportes SUI | T167: Otro
A169: Servicio | B169: Tópico | E169: Porcentaje de cargue
E170: Vigencia Anterior | I170: Vigencia Actual | O170: Total
A171: Acueducto | B171: Administrativo
B172: Administrativo y Financiero
...

Sheet RESPUESTA DE ADMINISTRATIVO
A1: 3. ASPECTOS ADMINISTRATIVOS | GB1: 3.9 Reportes SUI
A2: 3.1 Planta de Personal | G2: Personal contratista | L2: PERSONAL ADMINISTRATIVO | AZ2: PERSONAL OPERATIVO | CK2: PERSONAL VINCULADO POR CONTRATO ADMINISTRATIVO | DA2: PERSONAL VINCULADO POR CONTRATO OPERATIVO | DQ2: 3.2 Estructura Organizacional | DS2: 3.3 Revisión de Manuales y Planes | EH2: 3.4 Revisión Proceso de Planeación y Gestion | ET2: 3.5 Revisión Procesos de Apoyo | EV2: 3.6 Revisión de los Aspectos Informáticos | FI2: 3.7 Recursos Humanos | FY2: 3.8 Rendición de Cuentas | GB2: ACUEDUCTO | GZ2: ALCANTARILLADO | HX2: ASEO | IP2: SGP | IS2: Gobierno NIIF | IX2: 3.10 Indicadores de Gestión Administrativa
A3: Planta de Personal | B3: Adoptada | C3: Acto Administrativo de Adopción | D3: Fecha Ultima Actualización: | E3: No. de personas vinculadas al prestador: Area Administrativa | F3: No. de personas vinculadas al prestador: Area Operativa | G3: No. de personas vinculadas por Contrato: Area Administrativa | H3: No. de personas vinculadas por Contrato: : Área Operativa | I3: El personal vinculado mediante contrato paga seguridad social | J3: Existe personal certificado en competencias laborales | K3: Áreas y procesos Certificados | L3: Gerente/Director: Nª Cargos | M3: Gerente/Director: Perfil | N3: Gerente/Director: Experiencia | O3: Gerente/Director: Salario Básico Mensual | P3: Gerente/Director: Salario Anual | Q3: Tesorero: Nª Cargos | R3: Tesorero: Perfil | S3: Tesorero: Experiencia | T3: Tesorero: Salario Básico Mensual | U3: Tesorero: Salario Anual | V3: Aux. Administrativo: Nª Cargos | W3: Aux. Administrativo: Perfil | X3: Aux. Administrativo: Experiencia | Y3: Aux. Administrativo: Salario Básico Mensual | Z3: Aux. Administrativo: Salario Anual | AA3: Aux. Comercial: Nª Cargos | AB3: Aux. Comercial: Perfil | AC3: Aux. Comercial: Experiencia | AD3: Aux. Comercial: Salario Básico Mensual | AE3: Aux. Comercial: Salario Anual | AF3: Contador: Nª Cargos | AG3: Contador: Perfil | AH3: Contador: Experiencia | AI3: Contador: Salario Básico Mensual | AJ3: Contador: Salario Anual | AK3: Asesores: Nª Cargos | AL3: Asesores: Experiencia | AM3: Asesores: Experiencia | AN3: Asesores: Salario Básico Mensual | AO3: Asesores: Salario Anual | AP3: Control interno: Nª Cargos | AQ3: Control interno: Experiencia | AR3: Control interno: Experiencia | AS3: Control interno: Salario Básico Mensual | AT3: Control interno: Salario Anual | AU3: Otros: Nª Cargos | AV3: Otros: Experiencia | AW3: Otros: Experiencia | AX3: Otros: Salario Básico Mensual | AY3: Otros: Salario Anual | AZ3: Operador PTAP: Nª Cargos | BA3: Operador PTAP: Perfil | BB3: Operador PTAP: Experiencia | BC3: Operador PTAP: Salario Básico Mensual | BD3: Operador PTAP: Salario Anual | BE3: Fontaneros: Nª Cargos | BF3: Fontaneros: Perfil | BG3: Fontaneros: Experiencia | BH3: Fontaneros: Salario Básico Mensual | BI3: Fontaneros: Salario Anual | BJ3: Operador PTAR: Nª Cargos | BK3: Operador PTAR: Perfil | BL3: Operador PTAR: Experiencia | BM3: Operador PTAR: Salario Básico Mensual | BN3: Operador PTAR: Salario Anual | BO3: Conductor Nª Cargos | BP3: Conductor: Perfil | BQ3: Conductor: Experiencia | BR3: Conductor: Salario Básico Mensual | BS3: Conductor: Salario Anual | BT3: Escobitas: Nª Cargos | BU3: Escobitas: Perfil | BV3: Escobitas: Experiencia | BW3: Escobitas: Salario Básico Mensual | BX3: Escobitas: Salario Anual | BY3: Auxiliares: Nª Cargos | BZ3: Auxiliares: Perfil | CA3: Auxiliares: Experiencia | CB3: Auxiliares: Salario Básico Mensual | CC3: Auxiliares: Salario Anual | CD3: Otros: Nª Cargos | CE3: Otros: Experiencia | CF3: Otros: Experiencia | CG3: Otros: Salario Básico Mensual | CH3: Otros: Salario Anual | CI3: TOTAL: Salario Básico Mensual | CJ3: TOTAL: Salario Anual | CK3: Administrtivo 1: Nª de cargos | CL3: Administrtivo 1: Tipo de contrato | CM3: Administrtivo 1: Tiempo de contrato | CN3: Administrtivo 1:Valor del contrato | CO3: Administrtivo 2: Nª de cargos | CP3: Administrtivo 2: Tipo de contrato | CQ3: Administrtivo 2: Tiempo de contrato | CR3: Administrtivo 2:Valor del contrato | CS3: Administrtivo 3: Nª de cargos | CT3: Administrtivo 3: Tipo de contrato | CU3: Administrtivo 3: Tiempo de contrato | CV3: Administrtivo 3:Valor del contrato | CW3: Administrtivo 4: Nª de cargos | CX3: Administrtivo 4: Tipo de contrato | CY3: Administrtivo 4: Tiempo de contrato | CZ3: Administrtivo 4:Valor del contrato | DA3: Operativo 1: Nª de cargos | DB3: Operativo 1: Tipo de contrato | DC3: Operativo 1: Tiempo de contrato | DD3: Operativo 1:Valor del contrato | DE3: Operativo 2: Nª de cargos | DF3: Operativo 2: Tipo de contrato | DG3: Operativo 2: Tiempo de contrato | DH3: Operativo 2:Valor del contrato | DI3: Operativo 3: Nª de cargos | DJ3: Operativo 3: Tipo de contrato | DK3: Operativo 3: Tiempo de contrato | DL3: Operativo 3:Valor del contrato | DM3: Operativo 4: Nª de cargos | DN3: Operativo 4: Tipo de contrato | DO3: Operativo 4: Tiempo de contrato | DP3: Operativo 4:Valor del contrato | DQ3: Estructura Orgánica del Prestador | DR3: Fecha de Ultima Actualización | DS3: Manual de Procedimientos | DT3: Fecha | DU3: Acto Adtivo. de Aprobación | DV3: Manual de Funciones | DW3: Fecha | DX3: Acto Adtivo. de Aprobación | DY3: Manual de Cartera | DZ3: Fecha | EA3: Acto Adtivo. de Aprobación | EB3: Código de buen gobierno | EC3: Fecha | ED3: Acto Adtivo. de Aprobación | EE3: Plan de Emergencia y Contingencia (sequias, inundaciones, COVIC - 19. etc) | EF3: Fecha | EG3: Acto Adtivo. de Aprobación | EH3: Plan de Gestión y Resultados (PGR) | EI3: Fecha | EJ3: Acto Adtivo. de Aprobación | EK3: Se tiene establecida la función misional del prestador | EL3: Se tiene establecida la función visional del prestador | EM3: Se tiene definidos los objetivos estratégicos del prestador | EN3: Existe un Sistema de Gestión de Calidad | EO3: Fecha | EP3: Acto Adtivo. de Aprobación | EQ3: Existe un Sistema de Gestión de SST | ER3: Fecha | ES3: Acto Adtivo. de Aprobación | ET3: Existen Procedimientos para el manejo de Archivos y Gestion Documental | EU3: Existen Procedimientos de Compras y Inventarios | EV3: Pagina Web | EW3: Correo electrónico | EX3: Proveedor de Internet | EY3: Velocidad de Acceso a Internet | EZ3: Cantidad computadores escritorio | FA3: Cantidad computadores portátiles | FB3: Número de Impresoras | FC3: Software utilizado para facturación | FD3: Software utilizado para Contabilidad | FE3: Software utilizado para el manejo de la nómina | FF3: Facturación en sitio | FG3: Redes sociales utilizadas | FH3: Necesidades propuestas por el prestador | FI3: Existen procedimientos para la salud y el bienestar del talento humano | FJ3: Existe un programa de selección de personal | FK3: Fecha | FL3: Acto Adtivo. de Aprobación | FM3: Existe un programa de induccion de persoanal | FN3: Fecha | FO3: Acto Adtivo. de Aprobación | FP3: Existe un programa de vinculación de personal | FQ3: Fecha | FR3: Acto Adtivo. de Aprobación | FS3: Existe un programa de capacitacion de Personal | FT3: Fecha | FU3: Acto Adtivo. de Aprobación | FV3: Existe un programa de permisos y vacaciones de personal | FW3: Fecha | FX3: Acto Adtivo. de Aprobación | FY3: El prestador del servicio ride cuentas | FZ3: Con que periodicidad rinde cuentas: | GA3: Mecanismos de rendición de rendición de cuentas: | GB3: Administrativo - vigencia anterior | GC3: Administrativo - vigencia actual | GD3: TOTAL | GE3: Administrativo y financiero - vigencia anterior | GF3: Administrativo y financiero - vigencia actual | GG3: TOTAL | GH3: Comercial y de Gestión- vigencia anterior | GI3: Comercial y de Gestión - vigencia actual | GJ3: TOTAL | GK3: Auditor - vigencia anterior | GL3: Auditor - vigencia actual | GM3: TOTAL | GN3: Suricata - vigencia anterior | GO3: Suricata- vigencia actual | GP3: TOTAL | GQ3: Técnico Operativo - vigencia anterior | GR3: Técnico Operativo - vigencia actual | GS3: TOTAL | GT3: Otros- vigencia anterior | GU3: Otros- vigencia actual | GV3: TOTAL | GW3: TOTAL ACUEDUCTO VIGENCIA ANTERIOR | GX3: TOTAL ACUEDUCTO VIGENCIA ACTUAL | GY3: TOTAL ACUEDUCTO | GZ3: Administrativo - vigencia anterior | HA3: Administrativo - vigencia actual | HB3: TOTAL | HC3: Administrativo y financiero - vigencia anterior | HD3: Administrativo y financiero - vigencia actual | HE3: TOTAL | HF3: Comercial y de Gestión- vigencia anterior | HG3: Comercial y de Gestión - vigencia actual | HH3: TOTAL | HI3: Auditor - vigencia anterior | HJ3: Auditor - vigencia actual | HK3: TOTAL | HL3: Suricata - vigencia anterior | HM3: Suricata- vigencia actual | HN3: TOTAL | HO3: Técnico Operativo - vigencia anterior | HP3: Técnico Operativo - vigencia actual | HQ3: TOTAL | HR3: Otros- vigencia anterior | HS3: Otros- vigencia actual | HT3: TOTAL | HU3: TOTAL ALCANTARILLADO VIGENCIA ANTERIOR | HV3: TOTAL ALCANTARILLADO VIGENCIA ACTUAL | HW3: TOTAL ALCANTARILLADO | HX3: Administrativo - vigencia anterior | HY3: Administrativo - vigencia actual | HZ3: TOTAL | IA3: Administrativo y financiero - vigencia anterior | IB3: Administrativo y financiero - vigencia actual | IC3: TOTAL | ID3: Comercial y de Gestión- vigencia anterior | IE3: Comercial y de Gestión - vigencia actual | IF3: TOTAL | IG3: Auditor - vigencia anterior | IH3: Auditor - vigencia actual | II3: TOTAL | IJ3: Técnico Operativo - vigencia anterior | IK3: Técnico Operativo - vigencia actual | IL3: TOTAL | IM3: TOTAL ASEO VIGENCIA ANTERIOR | IN3: TOTAL ASEO VIGENCIA ACTUAL | IO3: TOTAL ASEO | IP3: Prestadores - vigencia anterior | IQ3: Prestadores - vigencia actual | IR3: TOTAL | IS3: Procesos nif- vigencia anterior | IT3: Procesos NIIF- vigencia actual | IU3: TOTAL | IV3: Numero total de Empleados Administrativos | IW3: Numero total de Suscriptores (servicio con mayor numero) | IX3: Productividad del Personal Administrativo del Prestador PPAP | IY3: Numero total de Empleados Operativos ( Acueducto) | IZ3: Numero total de Suscriptores (acueducto ) | JA3: Productividad del Personal Operativo Acueducto POAC | JB3: Numero total de Empleados Operativos ( Alcantarillado) | JC3: Numero total de Suscriptores (Alcantarillado ) | JD3: Productividad del Personal Operativo Alcantarillado POALC
A4: =IF(TRIM('ADMINISTRATIVO '!E10)="","No Reportado",('ADMINISTRATIVO '!E10)) -> No Reportado | B4: =IF(TRIM('ADMINISTRATIVO '!J10)="","No Reportado",('ADMINISTRATIVO '!J10)) -> No Reportado | C4: =IF(TRIM('ADMINISTRATIVO '!E12)="","No Reportado",('ADMINISTRATIVO '!E12)) -> No Reportado | D4: =IF(TRIM('ADMINISTRATIVO '!N12)="","No Reportado",('ADMINISTRATIVO '!N12)) -> No Reportado | E4: =IF(TRIM('ADMINISTRATIVO '!I14)="","No Reportado",('ADMINISTRATIVO '!I14)) -> No Reportado | F4: =IF(TRIM('ADMINISTRATIVO '!O14)="","No Reportado",('ADMINISTRATIVO '!O14)) -> No Reportado | G4: =IF(TRIM('ADMINISTRATIVO '!I16)="","No Reportado",('ADMINISTRATIVO '!I16)) -> No Reportado | H4: =IF(TRIM('ADMINISTRATIVO '!O16)="","No Reportado",('ADMINISTRATIVO '!O16)) -> No Reportado | I4: =IF(TRIM('ADMINISTRATIVO '!H18)="","No Reportado",('ADMINISTRATIVO '!H18)) -> No Reportado | J4: =IF(TRIM('ADMINISTRATIVO '!I20)="","No Reportado",('ADMINISTRATIVO '!I20)) -> No Reportado | K4: =IF(TRIM('ADMINISTRATIVO '!D22)="","No Reportado",('ADMINISTRATIVO '!D22)) -> No Reportado | L4: =IF(TRIM('ADMINISTRATIVO '!E26)="","No Reportado",('ADMINISTRATIVO '!E26)) -> No Reportado | M4: =IF(TRIM('ADMINISTRATIVO '!F26)="","No Reportado",('ADMINISTRATIVO '!F26)) -> No Reportado | N4: =IF(TRIM('ADMINISTRATIVO '!H26)="","No Reportado",('ADMINISTRATIVO '!H26)) -> No Reportado | O4: =IF(TRIM('ADMINISTRATIVO '!L26)="","No Reportado",('ADMINISTRATIVO '!L26)) -> No Reportado | P4: =IF(TRIM('ADMINISTRATIVO '!P26)="","No Reportado",('ADMINISTRATIVO '!P26)) -> 0 | Q4: =IF(TRIM('ADMINISTRATIVO '!E27)="","No Reportado",('ADMINISTRATIVO '!E27)) -> No Reportado | R4: =IF(TRIM('ADMINISTRATIVO '!F27)="","No Reportado",('ADMINISTRATIVO '!F27)) -> No Reportado | S4: =IF(TRIM('ADMINISTRATIVO '!H27)="","No Reportado",('ADMINISTRATIVO '!H27)) -> No Reportado | T4: =IF(TRIM('ADMINISTRATIVO '!L27)="","No Reportado",('ADMINISTRATIVO '!L27)) -> No Reportado | U4: =IF(TRIM('ADMINISTRATIVO '!P27)="","No Reportado",('ADMINISTRATIVO '!P27)) -> 0 | V4: =IF(TRIM('ADMINISTRATIVO '!E28)="","No Reportado",('ADMINISTRATIVO '!E28)) -> No Reportado | W4: =IF(TRIM('ADMINISTRATIVO '!F28)="","No Reportado",('ADMINISTRATIVO '!F28)) -> No Reportado | X4: =IF(TRIM('ADMINISTRATIVO '!H28)="","No Reportado",('ADMINISTRATIVO '!H28)) -> No Reportado | Y4: =IF(TRIM('ADMINISTRATIVO '!L28)="","No Reportado",('ADMINISTRATIVO '!L28)) -> No Reportado | Z4: =IF(TRIM('ADMINISTRATIVO '!P28)="","No Reportado",('ADMINISTRATIVO '!P28)) -> 0 | AA4: =IF(TRIM('ADMINISTRATIVO '!E29)="","No Reportado",('ADMINISTRATIVO '!E29)) -> No Reportado | AB4: =IF(TRIM('ADMINISTRATIVO '!F29)="","No Reportado",('ADMINISTRATIVO '!F29)) -> No Reportado | AC4: =IF(TRIM('ADMINISTRATIVO '!H29)="","No Reportado",('ADMINISTRATIVO '!H29)) -> No Reportado | AD4: =IF(TRIM('ADMINISTRATIVO '!L29)="","No Reportado",('ADMINISTRATIVO '!L29)) -> No Reportado | AE4: =IF(TRIM('ADMINISTRATIVO '!P29)="","No Reportado",('ADMINISTRATIVO '!P29)) -> 0 | AF4: =IF(TRIM('ADMINISTRATIVO '!E30)="","No Reportado",('ADMINISTRATIVO '!E30)) -> No Reportado | AG4: =IF(TRIM('ADMINISTRATIVO '!F30)="","No Reportado",('ADMINISTRATIVO '!F30)) -> No Reportado | AH4: =IF(TRIM('ADMINISTRATIVO '!H30)="","No Reportado",('ADMINISTRATIVO '!H30)) -> No Reportado | AI4: =IF(TRIM('ADMINISTRATIVO '!L30)="","No Reportado",('ADMINISTRATIVO '!L30)) -> No Reportado | AJ4: =IF(TRIM('ADMINISTRATIVO '!P30)="","No Reportado",('ADMINISTRATIVO '!P30)) -> 0 | AK4: =IF(TRIM('ADMINISTRATIVO '!E31)="","No Reportado",('ADMINISTRATIVO '!E31)) -> No Reportado | AL4: =IF(TRIM('ADMINISTRATIVO '!F31)="","No Reportado",('ADMINISTRATIVO '!F31)) -> No Reportado | AM4: =IF(TRIM('ADMINISTRATIVO '!H31)="","No Reportado",('ADMINISTRATIVO '!H31)) -> No Reportado | AN4: =IF(TRIM('ADMINISTRATIVO '!L31)="","No Reportado",('ADMINISTRATIVO '!L31)) -> No Reportado | AO4: =IF(TRIM('ADMINISTRATIVO '!P31)="","No Reportado",('ADMINISTRATIVO '!P31)) -> 0 | AP4: =IF(TRIM('ADMINISTRATIVO '!E32)="","No Reportado",('ADMINISTRATIVO '!E32)) -> No Reportado | AQ4: =IF(TRIM('ADMINISTRATIVO '!F32)="","No Reportado",('ADMINISTRATIVO '!F32)) -> No Reportado | AR4: =IF(TRIM('ADMINISTRATIVO '!H32)="","No Reportado",('ADMINISTRATIVO '!H32)) -> No Reportado | AS4: =IF(TRIM('ADMINISTRATIVO '!L32)="","No Reportado",('ADMINISTRATIVO '!L32)) -> No Reportado | AT4: =IF(TRIM('ADMINISTRATIVO '!P32)="","No Reportado",('ADMINISTRATIVO '!P32)) -> 0 | AU4: =IF(TRIM('ADMINISTRATIVO '!E33)="","No Reportado",('ADMINISTRATIVO '!E33)) -> No Reportado | AV4: =IF(TRIM('ADMINISTRATIVO '!F33)="","No Reportado",('ADMINISTRATIVO '!F33)) -> No Reportado | AW4: =IF(TRIM('ADMINISTRATIVO '!H33)="","No Reportado",('ADMINISTRATIVO '!H33)) -> No Reportado | AX4: =IF(TRIM('ADMINISTRATIVO '!L33)="","No Reportado",('ADMINISTRATIVO '!L33)) -> No Reportado | AY4: =IF(TRIM('ADMINISTRATIVO '!P33)="","No Reportado",('ADMINISTRATIVO '!P33)) -> 0 | AZ4: =IF(TRIM('ADMINISTRATIVO '!E35)="","No Reportado",('ADMINISTRATIVO '!E35)) -> No Reportado | BA4: =IF(TRIM('ADMINISTRATIVO '!F35)="","No Reportado",('ADMINISTRATIVO '!F35)) -> No Reportado | BB4: =IF(TRIM('ADMINISTRATIVO '!H4)="","No Reportado",('ADMINISTRATIVO '!H35)) -> No Reportado | BC4: =IF(TRIM('ADMINISTRATIVO '!L35)="","No Reportado",('ADMINISTRATIVO '!L35)) -> No Reportado | BD4: =IF(TRIM('ADMINISTRATIVO '!P35)="","No Reportado",('ADMINISTRATIVO '!P35)) -> 0 | BE4: =IF(TRIM('ADMINISTRATIVO '!E36)="","No Reportado",('ADMINISTRATIVO '!E36)) -> No Reportado | BF4: =IF(TRIM('ADMINISTRATIVO '!F36)="","No Reportado",('ADMINISTRATIVO '!F36)) -> No Reportado | BG4: =IF(TRIM('ADMINISTRATIVO '!H36)="","No Reportado",('ADMINISTRATIVO '!H36)) -> No Reportado | BH4: =IF(TRIM('ADMINISTRATIVO '!L36)="","No Reportado",('ADMINISTRATIVO '!L36)) -> No Reportado | BI4: =IF(TRIM('ADMINISTRATIVO '!P36)="","No Reportado",('ADMINISTRATIVO '!P36)) -> 0 | BJ4: =IF(TRIM('ADMINISTRATIVO '!E37)="","No Reportado",('ADMINISTRATIVO '!E37)) -> No Reportado | BK4: =IF(TRIM('ADMINISTRATIVO '!F37)="","No Reportado",('ADMINISTRATIVO '!F37)) -> No Reportado | BL4: =IF(TRIM('ADMINISTRATIVO '!H37)="","No Reportado",('ADMINISTRATIVO '!H37)) -> No Reportado | BM4: =IF(TRIM('ADMINISTRATIVO '!L37)="","No Reportado",('ADMINISTRATIVO '!L37)) -> No Reportado | BN4: =IF(TRIM('ADMINISTRATIVO '!P37)="","No Reportado",('ADMINISTRATIVO '!P37)) -> 0 | BO4: =IF(TRIM('ADMINISTRATIVO '!E38)="","No Reportado",('ADMINISTRATIVO '!E38)) -> No Reportado | BP4: =IF(TRIM('ADMINISTRATIVO '!F38)="","No Reportado",('ADMINISTRATIVO '!F38)) -> No Reportado | BQ4: =IF(TRIM('ADMINISTRATIVO '!H38)="","No Reportado",('ADMINISTRATIVO '!H38)) -> No Reportado | BR4: =IF(TRIM('ADMINISTRATIVO '!L38)="","No Reportado",('ADMINISTRATIVO '!L38)) -> No Reportado | BS4: =IF(TRIM('ADMINISTRATIVO '!P38)="","No Reportado",('ADMINISTRATIVO '!P38)) -> 0 | BT4: =IF(TRIM('ADMINISTRATIVO '!E39)="","No Reportado",('ADMINISTRATIVO '!E39)) -> No Reportado | BU4: =IF(TRIM('ADMINISTRATIVO '!F39)="","No Reportado",('ADMINISTRATIVO '!F39)) -> No Reportado | BV4: =IF(TRIM('ADMINISTRATIVO '!H39)="","No Reportado",('ADMINISTRATIVO '!H39)) -> No Reportado | BW4: =IF(TRIM('ADMINISTRATIVO '!L39)="","No Reportado",('ADMINISTRATIVO '!L39)) -> No Reportado | BX4: =IF(TRIM('ADMINISTRATIVO '!P39)="","No Reportado",('ADMINISTRATIVO '!P39)) -> 0 | BY4: =IF(TRIM('ADMINISTRATIVO '!E40)="","No Reportado",('ADMINISTRATIVO '!E40)) -> No Reportado | BZ4: =IF(TRIM('ADMINISTRATIVO '!F40)="","No Reportado",('ADMINISTRATIVO '!F40)) -> No Reportado | CA4: =IF(TRIM('ADMINISTRATIVO '!H40)="","No Reportado",('ADMINISTRATIVO '!H40)) -> No Reportado | CB4: =IF(TRIM('ADMINISTRATIVO '!L40)="","No Reportado",('ADMINISTRATIVO '!L40)) -> No Reportado | CC4: =IF(TRIM('ADMINISTRATIVO '!P40)="","No Reportado",('ADMINISTRATIVO '!P40)) -> 0 | CD4: =IF(TRIM('ADMINISTRATIVO '!E41)="","No Reportado",('ADMINISTRATIVO '!E41)) -> No Reportado | CE4: =IF(TRIM('ADMINISTRATIVO '!F41)="","No Reportado",('ADMINISTRATIVO '!F41)) -> No Reportado | CF4: =IF(TRIM('ADMINISTRATIVO '!H41)="","No Reportado",('ADMINISTRATIVO '!H41)) -> No Reportado | CG4: =IF(TRIM('ADMINISTRATIVO '!L41)="","No Reportado",('ADMINISTRATIVO '!L41)) -> No Reportado | CH4: =IF(TRIM('ADMINISTRATIVO '!P41)="","No Reportado",('ADMINISTRATIVO '!P41)) -> 0 | CI4: =IF(TRIM('ADMINISTRATIVO '!L42)="","No Reportado",('ADMINISTRATIVO '!L42)) -> 0 | CJ4: =IF(TRIM('ADMINISTRATIVO '!P42)="","No Reportado",('ADMINISTRATIVO '!P42)) -> 0 | CK4: =IF(TRIM('ADMINISTRATIVO '!E46)="","No Reportado",('ADMINISTRATIVO '!E46)) -> No Reportado | CL4: =IF(TRIM('ADMINISTRATIVO '!F46)="","No Reportado",('ADMINISTRATIVO '!F46)) -> No Reportado | CM4: =IF(TRIM('ADMINISTRATIVO '!J46)="","No Reportado",('ADMINISTRATIVO '!J46)) -> No Reportado | CN4: =IF(TRIM('ADMINISTRATIVO '!P46)="","No Reportado",('ADMINISTRATIVO '!P46)) -> No Reportado | CO4: =IF(TRIM('ADMINISTRATIVO '!E47)="","No Reportado",('ADMINISTRATIVO '!E47)) -> No Reportado | CP4: =IF(TRIM('ADMINISTRATIVO '!F47)="","No Reportado",('ADMINISTRATIVO '!F47)) -> No Reportado | CQ4: =IF(TRIM('ADMINISTRATIVO '!J47)="","No Reportado",('ADMINISTRATIVO '!J47)) -> No Reportado | CR4: =IF(TRIM('ADMINISTRATIVO '!P47)="","No Reportado",('ADMINISTRATIVO '!P47)) -> No Reportado | CS4: =IF(TRIM('ADMINISTRATIVO '!E48)="","No Reportado",('ADMINISTRATIVO '!E48)) -> No Reportado | CT4: =IF(TRIM('ADMINISTRATIVO '!F48)="","No Reportado",('ADMINISTRATIVO '!F48)) -> No Reportado | CU4: =IF(TRIM('ADMINISTRATIVO '!J48)="","No Reportado",('ADMINISTRATIVO '!J48)) -> No Reportado | CV4: =IF(TRIM('ADMINISTRATIVO '!P48)="","No Reportado",('ADMINISTRATIVO '!P48)) -> No Reportado | CW4: =IF(TRIM('ADMINISTRATIVO '!E49)="","No Reportado",('ADMINISTRATIVO '!E49)) -> No Reportado | CX4: =IF(TRIM('ADMINISTRATIVO '!F49)="","No Reportado",('ADMINISTRATIVO '!F49)) -> No Reportado | CY4: =IF(TRIM('ADMINISTRATIVO '!J49)="","No Reportado",('ADMINISTRATIVO '!J49)) -> No Reportado | CZ4: =IF(TRIM('ADMINISTRATIVO '!P49)="","No Reportado",('ADMINISTRATIVO '!P49)) -> No Reportado | DA4: =IF(TRIM('ADMINISTRATIVO '!E51)="","No Reportado",('ADMINISTRATIVO '!E51)) -> No Reportado | DB4: =IF(TRIM('ADMINISTRATIVO '!F51)="","No Reportado",('ADMINISTRATIVO '!F51)) -> No Reportado | DC4: =IF(TRIM('ADMINISTRATIVO '!J51)="","No Reportado",('ADMINISTRATIVO '!J51)) -> No Reportado | DD4: =IF(TRIM('ADMINISTRATIVO '!P51)="","No Reportado",('ADMINISTRATIVO '!P51)) -> No Reportado | DE4: =IF(TRIM('ADMINISTRATIVO '!E52)="","No Reportado",('ADMINISTRATIVO '!E52)) -> No Reportado | DF4: =IF(TRIM('ADMINISTRATIVO '!F52)="","No Reportado",('ADMINISTRATIVO '!F52)) -> No Reportado | DG4: =IF(TRIM('ADMINISTRATIVO '!J52)="","No Reportado",('ADMINISTRATIVO '!J52)) -> No Reportado | DH4: =IF(TRIM('ADMINISTRATIVO '!P52)="","No Reportado",('ADMINISTRATIVO '!P52)) -> No Reportado | DI4: =IF(TRIM('ADMINISTRATIVO '!E53)="","No Reportado",('ADMINISTRATIVO '!E53)) -> No Reportado | DJ4: =IF(TRIM('ADMINISTRATIVO '!F53)="","No Reportado",('ADMINISTRATIVO '!F53)) -> No Reportado | DK4: =IF(TRIM('ADMINISTRATIVO '!J53)="","No Reportado",('ADMINISTRATIVO '!J53)) -> No Reportado | DL4: =IF(TRIM('ADMINISTRATIVO '!P53)="","No Reportado",('ADMINISTRATIVO '!EP2)) -> No Reportado | DM4: =IF(TRIM('ADMINISTRATIVO '!E54)="","No Reportado",('ADMINISTRATIVO '!E54)) -> No Reportado | DN4: =IF(TRIM('ADMINISTRATIVO '!F54)="","No Reportado",('ADMINISTRATIVO '!F54)) -> No Reportado | DO4: =IF(TRIM('ADMINISTRATIVO '!J54)="","No Reportado",('ADMINISTRATIVO '!J54)) -> No Reportado | DP4: =IF(TRIM('ADMINISTRATIVO '!P54)="","No Reportado",('ADMINISTRATIVO '!P54)) -> No Reportado | DQ4: =IF(TRIM('ADMINISTRATIVO '!E57)="","No Reportado",('ADMINISTRATIVO '!E57)) -> No Reportado | DR4: =IF(TRIM('ADMINISTRATIVO '!P57)="","No Reportado",('ADMINISTRATIVO '!P57)) -> No Reportado | DS4: =IF(TRIM('ADMINISTRATIVO '!E61)="","No Reportado",('ADMINISTRATIVO '!E61)) -> No Reportado | DT4: =IF(TRIM('ADMINISTRATIVO '!F63)="","No Reportado",('ADMINISTRATIVO '!F63)) -> No Reportado | DU4: =IF(TRIM('ADMINISTRATIVO '!N63)="","No Reportado",('ADMINISTRATIVO '!N63)) -> No Reportado | DV4: =IF(TRIM('ADMINISTRATIVO '!E65)="","No Reportado",('ADMINISTRATIVO '!E65)) -> No Reportado | DW4: =IF(TRIM('ADMINISTRATIVO '!F67)="","No Reportado",('ADMINISTRATIVO '!F67)) -> No Reportado | DX4: =IF(TRIM('ADMINISTRATIVO '!N67)="","No Reportado",('ADMINISTRATIVO '!N67)) -> No Reportado | DY4: =IF(TRIM('ADMINISTRATIVO '!E69)="","No Reportado",('ADMINISTRATIVO '!E69)) -> No Reportado | DZ4: =IF(TRIM('ADMINISTRATIVO '!F71)="","No Reportado",('ADMINISTRATIVO '!F71)) -> No Reportado | EA4: =IF(TRIM('ADMINISTRATIVO '!N71)="","No Reportado",('ADMINISTRATIVO '!N71)) -> No Reportado | EB4: =IF(TRIM('ADMINISTRATIVO '!E73)="","No Reportado",('ADMINISTRATIVO '!E73)) -> No Reportado | EC4: =IF(TRIM('ADMINISTRATIVO '!F75)="","No Reportado",('ADMINISTRATIVO '!F75)) -> No Reportado | ED4: =IF(TRIM('ADMINISTRATIVO '!N75)="","No Reportado",('ADMINISTRATIVO '!N75)) -> No Reportado | EE4: =IF(TRIM('ADMINISTRATIVO '!E77)="","No Reportado",('ADMINISTRATIVO '!E77)) -> No Reportado | EF4: =IF(TRIM('ADMINISTRATIVO '!F79)="","No Reportado",('ADMINISTRATIVO '!F79)) -> No Reportado | EG4: =IF(TRIM('ADMINISTRATIVO '!N79)="","No Reportado",('ADMINISTRATIVO '!N79)) -> No Reportado | EH4: =IF(TRIM('ADMINISTRATIVO '!E83)="","No Reportado",('ADMINISTRATIVO '!E83)) -> No Reportado | EI4: =IF(TRIM('ADMINISTRATIVO '!F85)="","No Reportado",('ADMINISTRATIVO '!F85)) -> No Reportado | EJ4: =IF(TRIM('ADMINISTRATIVO '!N85)="","No Reportado",('ADMINISTRATIVO '!N85)) -> No Reportado | EK4: =IF(TRIM('ADMINISTRATIVO '!F87)="","No Reportado",('ADMINISTRATIVO '!F87)) -> No Reportado | EL4: =IF(TRIM('ADMINISTRATIVO '!F89)="","No Reportado",('ADMINISTRATIVO '!F89)) -> No Reportado | EM4: =IF(TRIM('ADMINISTRATIVO '!F91)="","No Reportado",('ADMINISTRATIVO '!F91)) -> No Reportado | EN4: =IF(TRIM('ADMINISTRATIVO '!F93)="","No Reportado",('ADMINISTRATIVO '!F93)) -> No Reportado | EO4: =IF(TRIM('ADMINISTRATIVO '!F95)="","No Reportado",('ADMINISTRATIVO '!F95)) -> No Reportado | EP4: =IF(TRIM('ADMINISTRATIVO '!N95)="","No Reportado",('ADMINISTRATIVO '!N95)) -> No Reportado | EQ4: =IF(TRIM('ADMINISTRATIVO '!F97)="","No Reportado",('ADMINISTRATIVO '!F97)) -> No Reportado | ER4: =IF(TRIM('ADMINISTRATIVO '!F99)="","No Reportado",('ADMINISTRATIVO '!F99)) -> No Reportado | ES4: =IF(TRIM('ADMINISTRATIVO '!N99)="","No Reportado",('ADMINISTRATIVO '!N99)) -> No Reportado | ET4: =IF(TRIM('ADMINISTRATIVO '!H103)="","No Reportado",('ADMINISTRATIVO '!H103)) -> No Reportado | EU4: =IF(TRIM('ADMINISTRATIVO '!H105)="","No Reportado",('ADMINISTRATIVO '!H105)) -> No Reportado | EV4: =IF(TRIM('ADMINISTRATIVO '!E109)="","No Reportado",('ADMINISTRATIVO '!E109)) -> No Reportado | EW4: =IF(TRIM('ADMINISTRATIVO '!E111)="","No Reportado",('ADMINISTRATIVO '!E111)) -> No Reportado | EX4: =IF(TRIM('ADMINISTRATIVO '!E113)="","No Reportado",('ADMINISTRATIVO '!E113)) -> No Reportado | EY4: =IF(TRIM('ADMINISTRATIVO '!O113)="","No Reportado",('ADMINISTRATIVO '!O113)) -> No Reportado | EZ4: =IF(TRIM('ADMINISTRATIVO '!E115)="","No Reportado",('ADMINISTRATIVO '!E115)) -> No Reportado | FA4: =IF(TRIM('ADMINISTRATIVO '!O115)="","No Reportado",('ADMINISTRATIVO '!O115)) -> No Reportado | FB4: =IF(TRIM('ADMINISTRATIVO '!E117)="","No Reportado",('ADMINISTRATIVO '!E117)) -> No Reportado | FC4: =IF(TRIM('ADMINISTRATIVO '!E119)="","No Reportado",('ADMINISTRATIVO '!E119)) -> No Reportado | FD4: =IF(TRIM('ADMINISTRATIVO '!E121)="","No Reportado",('ADMINISTRATIVO '!E121)) -> No Reportado | FE4: =IF(TRIM('ADMINISTRATIVO '!E123)="","No Reportado",('ADMINISTRATIVO '!E123)) -> No Reportado | FF4: =IF(TRIM('ADMINISTRATIVO '!E125)="","No Reportado",('ADMINISTRATIVO '!E125)) -> No Reportado | FG4: =IF(TRIM('ADMINISTRATIVO '!E127)="","No Reportado",('ADMINISTRATIVO '!E127)) -> No Reportado | FH4: =IF(TRIM('ADMINISTRATIVO '!E129)="","No Reportado",('ADMINISTRATIVO '!E129)) -> No Reportado | FI4: =IF(TRIM('ADMINISTRATIVO '!I133)="","No Reportado",('ADMINISTRATIVO '!I133)) -> No Reportado | FJ4: =IF(TRIM('ADMINISTRATIVO '!I135)="","No Reportado",('ADMINISTRATIVO '!I135)) -> No Reportado | FK4: =IF(TRIM('ADMINISTRATIVO '!F137)="","No Reportado",('ADMINISTRATIVO '!F137)) -> No Reportado | FL4: =IF(TRIM('ADMINISTRATIVO '!N137)="","No Reportado",('ADMINISTRATIVO '!N137)) -> No Reportado | FM4: =IF(TRIM('ADMINISTRATIVO '!I139)="","No Reportado",('ADMINISTRATIVO '!I139)) -> No Reportado | FN4: =IF(TRIM('ADMINISTRATIVO '!F141)="","No Reportado",('ADMINISTRATIVO '!F141)) -> No Reportado | FO4: =IF(TRIM('ADMINISTRATIVO '!N141)="","No Reportado",('ADMINISTRATIVO '!N141)) -> No Reportado | FP4: =IF(TRIM('ADMINISTRATIVO '!I143)="","No Reportado",('ADMINISTRATIVO '!I143)) -> No Reportado | FQ4: =IF(TRIM('ADMINISTRATIVO '!F145)="","No Reportado",('ADMINISTRATIVO '!F145)) -> No Reportado | FR4: =IF(TRIM('ADMINISTRATIVO '!N145)="","No Reportado",('ADMINISTRATIVO '!N145)) -> No Reportado | FS4: =IF(TRIM('ADMINISTRATIVO '!I147)="","No Reportado",('ADMINISTRATIVO '!I147)) -> No Reportado | FT4: =IF(TRIM('ADMINISTRATIVO '!F149)="","No Reportado",('ADMINISTRATIVO '!F149)) -> No Reportado | FU4: =IF(TRIM('ADMINISTRATIVO '!I151)="","No Reportado",('ADMINISTRATIVO '!I151)) -> No Reportado | FV4: =IF(TRIM('ADMINISTRATIVO '!F153)="","No Reportado",('ADMINISTRATIVO '!F153)) -> No Reportado | FW4: =IF(TRIM('ADMINISTRATIVO '!F153)="","No Reportado",('ADMINISTRATIVO '!F153)) -> No Reportado | FX4: =IF(TRIM('ADMINISTRATIVO '!N153)="","No Reportado",('ADMINISTRATIVO '!N153)) -> No Reportado | FY4: =IF(TRIM('ADMINISTRATIVO '!E158)="","No Reportado",('ADMINISTRATIVO '!E158)) -> No Reportado | FZ4: =IF(TRIM('ADMINISTRATIVO '!E160)="","No Reportado",('ADMINISTRATIVO '!E160)) -> No Reportado | GA4: =IF(TRIM('ADMINISTRATIVO '!E164)="","No Reportado",('ADMINISTRATIVO '!E164)) -> No Reportado | GB4: =IF(TRIM('ADMINISTRATIVO '!E171)="","No Reportado",('ADMINISTRATIVO '!E171)) -> No Reportado | GC4: =IF(TRIM('ADMINISTRATIVO '!I171)="","No Reportado",('ADMINISTRATIVO '!I171)) -> No Reportado | GD4: =IF(TRIM('ADMINISTRATIVO '!O171)="","No Reportado",('ADMINISTRATIVO '!O171)) -> No Reportado | GE4: =IF(TRIM('ADMINISTRATIVO '!E172)="","No Reportado",('ADMINISTRATIVO '!E172)) -> No Reportado | GF4: =IF(TRIM('ADMINISTRATIVO '!I172)="","No Reportado",('ADMINISTRATIVO '!I172)) -> No Reportado | GG4: =IF(TRIM('ADMINISTRATIVO '!O172)="","No Reportado",('ADMINISTRATIVO '!O172)) -> No Reportado | GH4: =IF(TRIM('ADMINISTRATIVO '!E173)="","No Reportado",('ADMINISTRATIVO '!E173)) -> No Reportado | GI4: =IF(TRIM('ADMINISTRATIVO '!I173)="","No Reportado",('ADMINISTRATIVO '!I173)) -> No Reportado | GJ4: =IF(TRIM('ADMINISTRATIVO '!O173)="","No Reportado",('ADMINISTRATIVO '!O173)) -> No Reportado | GK4: =IF(TRIM('ADMINISTRATIVO '!E174)="","No Reportado",('ADMINISTRATIVO '!E174)) -> No Reportado | GL4: =IF(TRIM('ADMINISTRATIVO '!I174)="","No Reportado",('ADMINISTRATIVO '!I174)) -> No Reportado | GM4: =IF(TRIM('ADMINISTRATIVO '!O174)="","No Reportado",('ADMINISTRATIVO '!O174)) -> No Reportado | GN4: =IF(TRIM('ADMINISTRATIVO '!E175)="","No Reportado",('ADMINISTRATIVO '!E175)) -> No Reportado | GO4: =IF(TRIM('ADMINISTRATIVO '!I175)="","No Reportado",('ADMINISTRATIVO '!I175)) -> No Reportado | GP4: =IF(TRIM('ADMINISTRATIVO '!O175)="","No Reportado",('ADMINISTRATIVO '!O175)) -> No Reportado | GQ4: =IF(TRIM('ADMINISTRATIVO '!E176)="","No Reportado",('ADMINISTRATIVO '!E176)) -> No Reportado | GR4: =IF(TRIM('ADMINISTRATIVO '!I176)="","No Reportado",('ADMINISTRATIVO '!I176)) -> No Reportado | GS4: =IF(TRIM('ADMINISTRATIVO '!O176)="","No Reportado",('ADMINISTRATIVO '!O176)) -> No Reportado | GT4: =IF(TRIM('ADMINISTRATIVO '!E177)="","No Reportado",('ADMINISTRATIVO '!E177)) -> No Reportado | GU4: =IF(TRIM('ADMINISTRATIVO '!I177)="","No Reportado",('ADMINISTRATIVO '!I177)) -> No Reportado | GV4: =IF(TRIM('ADMINISTRATIVO '!O177)="","No Reportado",('ADMINISTRATIVO '!O177)) -> No Reportado | GW4: =IF(TRIM('ADMINISTRATIVO '!E178)="","No Reportado",('ADMINISTRATIVO '!E178)) -> 0 | GX4: =IF(TRIM('ADMINISTRATIVO '!I178)="","No Reportado",('ADMINISTRATIVO '!I178)) -> 0 | GY4: =IF(TRIM('ADMINISTRATIVO '!O178)="","No Reportado",('ADMINISTRATIVO '!O178)) -> 0 | GZ4: =IF(TRIM('ADMINISTRATIVO '!E179)="","No Reportado",('ADMINISTRATIVO '!E179)) -> No Reportado | HA4: =IF(TRIM('ADMINISTRATIVO '!I179)="","No Reportado",('ADMINISTRATIVO '!I179)) -> No Reportado | HB4: =IF(TRIM('ADMINISTRATIVO '!O179)="","No Reportado",('ADMINISTRATIVO '!O179)) -> No Reportado | HC4: =IF(TRIM('ADMINISTRATIVO '!E180)="","No Reportado",('ADMINISTRATIVO '!E180)) -> No Reportado | HD4: =IF(TRIM('ADMINISTRATIVO '!I180)="","No Reportado",('ADMINISTRATIVO '!I180)) -> No Reportado | HE4: =IF(TRIM('ADMINISTRATIVO '!O180)="","No Reportado",('ADMINISTRATIVO '!O180)) -> No Reportado | HF4: =IF(TRIM('ADMINISTRATIVO '!E181)="","No Reportado",('ADMINISTRATIVO '!E181)) -> No Reportado | HG4: =IF(TRIM('ADMINISTRATIVO '!I181)="","No Reportado",('ADMINISTRATIVO '!I181)) -> No Reportado | HH4: =IF(TRIM('ADMINISTRATIVO '!O181)="","No Reportado",('ADMINISTRATIVO '!O181)) -> No Reportado | HI4: =IF(TRIM('ADMINISTRATIVO '!E182)="","No Reportado",('ADMINISTRATIVO '!E182)) -> No Reportado | HJ4: =IF(TRIM('ADMINISTRATIVO '!I182)="","No Reportado",('ADMINISTRATIVO '!I182)) -> No Reportado | HK4: =IF(TRIM('ADMINISTRATIVO '!O182)="","No Reportado",('ADMINISTRATIVO '!O182)) -> No Reportado | HL4: =IF(TRIM('ADMINISTRATIVO '!E183)="","No Reportado",('ADMINISTRATIVO '!E183)) -> No Reportado | HM4: =IF(TRIM('ADMINISTRATIVO '!I183)="","No Reportado",('ADMINISTRATIVO '!I183)) -> No Reportado | HN4: =IF(TRIM('ADMINISTRATIVO '!O183)="","No Reportado",('ADMINISTRATIVO '!O183)) -> No Reportado | HO4: =IF(TRIM('ADMINISTRATIVO '!E184)="","No Reportado",('ADMINISTRATIVO '!E184)) -> No Reportado | HP4: =IF(TRIM('ADMINISTRATIVO '!I184)="","No Reportado",('ADMINISTRATIVO '!I184)) -> No Reportado | HQ4: =IF(TRIM('ADMINISTRATIVO '!O184)="","No Reportado",('ADMINISTRATIVO '!O184)) -> No Reportado | HR4: =IF(TRIM('ADMINISTRATIVO '!E185)="","No Reportado",('ADMINISTRATIVO '!E185)) -> No Reportado | HS4: =IF(TRIM('ADMINISTRATIVO '!I185)="","No Reportado",('ADMINISTRATIVO '!I185)) -> No Reportado | HT4: =IF(TRIM('ADMINISTRATIVO '!O185)="","No Reportado",('ADMINISTRATIVO '!O185)) -> No Reportado | HU4: =IF(TRIM('ADMINISTRATIVO '!E186)="","No Reportado",('ADMINISTRATIVO '!E186)) -> 0 | HV4: =IF(TRIM('ADMINISTRATIVO '!I186)="","No Reportado",('ADMINISTRATIVO '!I186)) -> 0 | HW4: =IF(TRIM('ADMINISTRATIVO '!O186)="","No Reportado",('ADMINISTRATIVO '!O186)) -> 0 | HX4: =IF(TRIM('ADMINISTRATIVO '!E187)="","No Reportado",('ADMINISTRATIVO '!E187)) -> No Reportado | HY4: =IF(TRIM('ADMINISTRATIVO '!I187)="","No Reportado",('ADMINISTRATIVO '!I187)) -> No Reportado | HZ4: =IF(TRIM('ADMINISTRATIVO '!O187)="","No Reportado",('ADMINISTRATIVO '!O187)) -> No Reportado | IA4: =IF(TRIM('ADMINISTRATIVO '!E188)="","No Reportado",('ADMINISTRATIVO '!E188)) -> No Reportado | IB4: =IF(TRIM('ADMINISTRATIVO '!I188)="","No Reportado",('ADMINISTRATIVO '!I188)) -> No Reportado | IC4: =IF(TRIM('ADMINISTRATIVO '!O188)="","No Reportado",('ADMINISTRATIVO '!O188)) -> No Reportado | ID4: =IF(TRIM('ADMINISTRATIVO '!E189)="","No Reportado",('ADMINISTRATIVO '!E189)) -> No Reportado | IE4: =IF(TRIM('ADMINISTRATIVO '!I189)="","No Reportado",('ADMINISTRATIVO '!I189)) -> No Reportado | IF4: =IF(TRIM('ADMINISTRATIVO '!O189)="","No Reportado",('ADMINISTRATIVO '!O189)) -> No Reportado | IG4: =IF(TRIM('ADMINISTRATIVO '!E190)="","No Reportado",('ADMINISTRATIVO '!E190)) -> No Reportado | IH4: =IF(TRIM('ADMINISTRATIVO '!I190)="","No Reportado",('ADMINISTRATIVO '!I190)) -> No Reportado | II4: =IF(TRIM('ADMINISTRATIVO '!O90)="","No Reportado",('ADMINISTRATIVO '!O190)) -> No Reportado | IJ4: =IF(TRIM('ADMINISTRATIVO '!E191)="","No Reportado",('ADMINISTRATIVO '!E191)) -> No Reportado | IK4: =IF(TRIM('ADMINISTRATIVO '!I191)="","No Reportado",('ADMINISTRATIVO '!I191)) -> No Reportado | IL4: =IF(TRIM('ADMINISTRATIVO '!O191)="","No Reportado",('ADMINISTRATIVO '!O191)) -> No Reportado | IM4: =IF(TRIM('ADMINISTRATIVO '!E192)="","No Reportado",('ADMINISTRATIVO '!E192)) -> 0 | IN4: =IF(TRIM('ADMINISTRATIVO '!I192)="","No Reportado",('ADMINISTRATIVO '!I192)) -> 0 | IO4: =IF(TRIM('ADMINISTRATIVO '!O192)="","No Reportado",('ADMINISTRATIVO '!O192)) -> 0 | IP4: =IF(TRIM('ADMINISTRATIVO '!E194)="","No Reportado",('ADMINISTRATIVO '!E194)) -> No Reportado | IQ4: =IF(TRIM('ADMINISTRATIVO '!I194)="","No Reportado",('ADMINISTRATIVO '!I194)) -> No Reportado | IR4: =IF(TRIM('ADMINISTRATIVO '!O194)="","No Reportado",('ADMINISTRATIVO '!O194)) -> No Reportado | IS4: =IF(TRIM('ADMINISTRATIVO '!E195)="","No Reportado",('ADMINISTRATIVO '!E195)) -> No Reportado | IT4: =IF(TRIM('ADMINISTRATIVO '!I195)="","No Reportado",('ADMINISTRATIVO '!I195)) -> No Reportado | IU4: =IF(TRIM('ADMINISTRATIVO '!O195)="","No Reportado",('ADMINISTRATIVO '!O195)) -> No Reportado | IV4: =IF(TRIM('ADMINISTRATIVO '!M200)="","No Reportado",('ADMINISTRATIVO '!M200)) -> No Reportado | IW4: =IF(TRIM('ADMINISTRATIVO '!M201)="","No Reportado",('ADMINISTRATIVO '!M201)) -> No Reportado | IX4: =IF(TRIM('ADMINISTRATIVO '!R200)="","No Reportado",('ADMINISTRATIVO '!R200)) -> #DIV/0! | IY4: =IF(TRIM('ADMINISTRATIVO '!M202)="","No Reportado",('ADMINISTRATIVO '!M202)) -> No Reportado | IZ4: =IF(TRIM('ADMINISTRATIVO '!M203)="","No Reportado",('ADMINISTRATIVO '!M203)) -> No Reportado | JA4: =IF(TRIM('ADMINISTRATIVO '!R202)="","No Reportado",('ADMINISTRATIVO '!R202)) -> #DIV/0! | JB4: =IF(TRIM('ADMINISTRATIVO '!M204)="","No Reportado",('ADMINISTRATIVO '!M204)) -> No Reportado | JC4: =IF(TRIM('ADMINISTRATIVO '!M205)="","No Reportado",('ADMINISTRATIVO '!M205)) -> No Reportado | JD4: =IF(TRIM('ADMINISTRATIVO '!R204)="","No Reportado",('ADMINISTRATIVO '!R204)) -> #DIV/0!

Sheet RESPUESTAS DE INTITU,LEGAL
A1: 1. ASPECTOS INSTITUCIONALES | R1: SERIVICIOS PRESTADOS | AZ1: 2. ASPECTOS LEGALES | BU1: ESTADO DE LEGALIZACIÓN DE LOS PREDIOS Y SERVIDUMBRES
R2: Acueducto actividades | AF2: Alcantarillado actividades | AP2: Aseo actividades | BJ2: PROCESOS LEGALES | BQ2: PERMISOS DE SERVIDUMBRE
A3: Documento de Constitución | B3: Fecha del Documento | C3: Estatutos del Prestador | D3: Fecha del Documento | E3: Contrato de Operación | F3: Fecha del Contrato | G3: Plazo | H3: Certificado único tributario RUT | I3: Actividad Comercial | J3: Certificado de Existencia y Representación Legal | K3: Fecha de Constitución | L3: NIT | M3: Ultima Renovación : | N3: Objeto Social | O3: Nº. ID | P3: Fecha de Inicio de Operaciones | Q3: Fecha Ultima Actualización | R3: Conducción | S3: Fecha de Inicio | T3: Distribución | U3: Fecha de Inicio | V3: Tratamiento | W3: Fecha de Inicio | X3: Comercialización | Y3: Fecha de Inicio | Z3: Almacenamiento | AA3: Fecha de Inicio | AB3: Captación | AC3: Fecha de Inicio | AD3: Aducción | AE3: Fecha de Inicio | AF3: Conducción de Residuos líquidos | AG3: Fecha de Inicio | AH3: Recolección | AI3: Fecha de Inicio | AJ3: Tratamiento | AK3: Fecha de Inicio | AL3: Comercialización | AM3: Fecha de Inicio | AN3: Disposición Final | AO3: Fecha de Inicio | AP3: Recolección y transporte | AQ3: Fecha de Inicio | AR3: Corta de Césped y Poda en Arboles | AS3: Fecha de Inicio | AT3: Barrido y Limpieza | AU3: Fecha de Inicio | AV3: Comercialización | AW3: Fecha de Inicio | AX3: Disposición Final | AY3: Fecha de Inicio | AZ3: Pago de Contribuciones Especiales | BA3: Valor Pagado SSPD | BB3: valor pagado CRA | BC3: Manual de Contratación | BD3: Acto Administrativo | BE3: Fecha de Adopción: | BF3: Reglamento Interno de Trabajo | BG3: Acto Administrativo | BH3: Fecha de Adopción: | BI3: Fecha última Actualización | BJ3: Demandas laborales | BK3: Estado | BL3: Procesos Civiles | BM3: Estado | BN3: Acciones populares | BO3: Estado | BP3: Propiedad de activos | BQ3: Permisos de Servidumbre | BR3: Legalizado el terreno de captación | BS3: Legalizado el terreno de otros elementos del sistema (Infrestructura de almacenamiento, punto de tratamiento etc.) | BT3: Terrenos sin legalizar | BU3: Certificado de tradición y libertad | BV3: Acredita la posesión del predio al tenor de lo establecido en el artículo 48 Ley 1551 de 2012 | BW3: Servidumbre | BX3: Falta por legalizar algunos predios | BY3: Falta servidumbre o permisos de paso | BZ3: Sanción Superintendencia de Servicios Públicos Domiciliarios | CA3: Estado | CB3: Causal | CC3: Monto | CD3: Funcionario de EPC que realiza el diagnostico
A4: =IF(TRIM('INSTIT, LEGAL '!C10)="","No Reportado",'INSTIT, LEGAL '!C10) -> No Reportado | B4: =IF(TRIM('INSTIT, LEGAL '!L10)="","No Reportado",'INSTIT, LEGAL '!L10) -> No Reportado | C4: =IF(TRIM('INSTIT, LEGAL '!C12)="","No Reportado",'INSTIT, LEGAL '!C12) -> No Reportado | D4: =IF(TRIM('INSTIT, LEGAL '!L12)="","No Reportado",'INSTIT, LEGAL '!L12) -> No Reportado | E4: =IF(TRIM('INSTIT, LEGAL '!C14)="","No Reportado",'INSTIT, LEGAL '!C14) -> No Reportado | F4: =IF(TRIM('INSTIT, LEGAL '!L14)="","No Reportado",'INSTIT, LEGAL '!L14) -> No Reportado | G4: =IF(TRIM('INSTIT, LEGAL '!N14)="","No Reportado",'INSTIT, LEGAL '!N14) -> No Reportado | H4: =IF(TRIM('INSTIT, LEGAL '!C16)="","No Reportado",'INSTIT, LEGAL '!C16) -> No Reportado | I4: =IF(TRIM('INSTIT, LEGAL '!L16)="","No Reportado",'INSTIT, LEGAL '!L16) -> No Reportado | J4: =IF(TRIM('INSTIT, LEGAL '!C18)="","No Reportado",'INSTIT, LEGAL '!C18) -> No Reportado | K4: =IF(TRIM('INSTIT, LEGAL '!L18)="","No Reportado",'INSTIT, LEGAL '!L18) -> No Reportado | L4: =IF(TRIM('INSTIT, LEGAL '!C20)="","No Reportado",'INSTIT, LEGAL '!C20) -> No Reportado | M4: =IF(TRIM('INSTIT, LEGAL '!L20)="","No Reportado",'INSTIT, LEGAL '!L20) -> No Reportado | N4: =IF(TRIM('INSTIT, LEGAL '!B22)="","No Reportado",'INSTIT, LEGAL '!B22) -> No Reportado | O4: =IF(TRIM('INSTIT, LEGAL '!E25)="","No Reportado",'INSTIT, LEGAL '!E25) -> No Reportado | P4: =IF(TRIM('INSTIT, LEGAL '!L25)="","No Reportado",'INSTIT, LEGAL '!L25) -> No Reportado | Q4: =IF(TRIM('INSTIT, LEGAL '!M27)="","No Reportado",'INSTIT, LEGAL '!M27) -> No Reportado | R4: =IF(TRIM('INSTIT, LEGAL '!F31)="","No Reportado",'INSTIT, LEGAL '!F31) -> No Reportado | S4: =IF(TRIM('INSTIT, LEGAL '!L31)="","No Reportado",'INSTIT, LEGAL '!L31) -> No Reportado | T4: =IF(TRIM('INSTIT, LEGAL '!F32)="","No Reportado",'INSTIT, LEGAL '!F32) -> No Reportado | U4: =IF(TRIM('INSTIT, LEGAL '!L32)="","No Reportado",'INSTIT, LEGAL '!L32) -> No Reportado | V4: =IF(TRIM('INSTIT, LEGAL '!F33)="","No Reportado",'INSTIT, LEGAL '!F33) -> No Reportado | W4: =IF(TRIM('INSTIT, LEGAL '!L33)="","No Reportado",'INSTIT, LEGAL '!L33) -> No Reportado | X4: =IF(TRIM('INSTIT, LEGAL '!F34)="","No Reportado",'INSTIT, LEGAL '!F34) -> No Reportado | Y4: =IF(TRIM('INSTIT, LEGAL '!L34)="","No Reportado",'INSTIT, LEGAL '!L34) -> No Reportado | Z4: =IF(TRIM('INSTIT, LEGAL '!F35)="","No Reportado",'INSTIT, LEGAL '!F35) -> No Reportado | AA4: =IF(TRIM('INSTIT, LEGAL '!L35)="","No Reportado",'INSTIT, LEGAL '!L35) -> No Reportado | AB4: =IF(TRIM('INSTIT, LEGAL '!F36)="","No Reportado",'INSTIT, LEGAL '!F36) -> No Reportado | AC4: =IF(TRIM('INSTIT, LEGAL '!L36)="","No Reportado",'INSTIT, LEGAL '!L36) -> No Reportado | AD4: =IF(TRIM('INSTIT, LEGAL '!F37)="","No Reportado",'INSTIT, LEGAL '!F37) -> No Reportado | AE4: =IF(TRIM('INSTIT, LEGAL '!L37)="","No Reportado",'INSTIT, LEGAL '!L37) -> No Reportado | AF4: =IF(TRIM('INSTIT, LEGAL '!F39)="","No Reportado",'INSTIT, LEGAL '!F39) -> No Reportado | AG4: =IF(TRIM('INSTIT, LEGAL '!L39)="","No Reportado",'INSTIT, LEGAL '!L39) -> No Reportado | AH4: =IF(TRIM('INSTIT, LEGAL '!F40)="","No Reportado",'INSTIT, LEGAL '!F40) -> No Reportado | AI4: =IF(TRIM('INSTIT, LEGAL '!L40)="","No Reportado",'INSTIT, LEGAL '!L40) -> No Reportado | AJ4: =IF(TRIM('INSTIT, LEGAL '!F41)="","No Reportado",'INSTIT, LEGAL '!F41) -> No Reportado | AK4: =IF(TRIM('INSTIT, LEGAL '!L41)="","No Reportado",'INSTIT, LEGAL '!L41) -> No Reportado | AL4: =IF(TRIM('INSTIT, LEGAL '!F42)="","No Reportado",'INSTIT, LEGAL '!F42) -> No Reportado | AM4: =IF(TRIM('INSTIT, LEGAL '!L42)="","No Reportado",'INSTIT, LEGAL '!L42) -> No Reportado | AN4: =IF(TRIM('INSTIT, LEGAL '!F43)="","No Reportado",'INSTIT, LEGAL '!F43) -> No Reportado | AO4: =IF(TRIM('INSTIT, LEGAL '!L43)="","No Reportado",'INSTIT, LEGAL '!L43) -> No Reportado | AP4: =IF(TRIM('INSTIT, LEGAL '!F45)="","No Reportado",'INSTIT, LEGAL '!F45) -> No Reportado | AQ4: =IF(TRIM('INSTIT, LEGAL '!L45)="","No Reportado",'INSTIT, LEGAL '!L45) -> No Reportado | AR4: =IF(TRIM('INSTIT, LEGAL '!F46)="","No Reportado",'INSTIT, LEGAL '!F46) -> No Reportado | AS4: =IF(TRIM('INSTIT, LEGAL '!L46)="","No Reportado",'INSTIT, LEGAL '!L46) -> No Reportado | AT4: =IF(TRIM('INSTIT, LEGAL '!F47)="","No Reportado",'INSTIT, LEGAL '!F47) -> No Reportado | AU4: =IF(TRIM('INSTIT, LEGAL '!L47)="","No Reportado",'INSTIT, LEGAL '!L47) -> No Reportado | AV4: =IF(TRIM('INSTIT, LEGAL '!F48)="","No Reportado",'INSTIT, LEGAL '!F48) -> No Reportado | AW4: =IF(TRIM('INSTIT, LEGAL '!L48)="","No Reportado",'INSTIT, LEGAL '!L48) -> No Reportado | AX4: =IF(TRIM('INSTIT, LEGAL '!F49)="","No Reportado",'INSTIT, LEGAL '!F49) -> No Reportado | AY4: =IF(TRIM('INSTIT, LEGAL '!L49)="","No Reportado",'INSTIT, LEGAL '!L49) -> No Reportado | AZ4: =IF(TRIM('INSTIT, LEGAL '!E53)="","No Reportado",'INSTIT, LEGAL '!E53) -> No Reportado | BA4: =IF(TRIM('INSTIT, LEGAL '!C55)="","No Reportado",'INSTIT, LEGAL '!C55) -> No Reportado | BB4: =IF(TRIM('INSTIT, LEGAL '!K55)="","No Reportado",'INSTIT, LEGAL '!K55) -> No Reportado | BC4: =IF(TRIM('INSTIT, LEGAL '!E57)="","No Reportado",'INSTIT, LEGAL '!E57) -> No Reportado | BD4: =IF(TRIM('INSTIT, LEGAL '!C59)="","No Reportado",'INSTIT, LEGAL '!C59) -> No Reportado | BE4: =IF(TRIM('INSTIT, LEGAL '!L59)="","No Reportado",'INSTIT, LEGAL '!L59) -> No Reportado | BF4: =IF(TRIM('INSTIT, LEGAL '!E61)="","No Reportado",'INSTIT, LEGAL '!E61) -> No Reportado | BG4: =IF(TRIM('INSTIT, LEGAL '!M61)="","No Reportado",'INSTIT, LEGAL '!M61) -> No Reportado | BH4: =IF(TRIM('INSTIT, LEGAL '!C63)="","No Reportado",'INSTIT, LEGAL '!C63) -> No Reportado | BI4: =IF(TRIM('INSTIT, LEGAL '!K63)="","No Reportado",'INSTIT, LEGAL '!K63) -> No Reportado | BJ4: =IF(TRIM('INSTIT, LEGAL '!F65)="","No Reportado",'INSTIT, LEGAL '!F65) -> No Reportado | BK4: =IF(TRIM('INSTIT, LEGAL '!M65)="","No Reportado",'INSTIT, LEGAL '!M65) -> No Reportado | BL4: =IF(TRIM('INSTIT, LEGAL '!F67)="","No Reportado",'INSTIT, LEGAL '!F67) -> No Reportado | BM4: =IF(TRIM('INSTIT, LEGAL '!M67)="","No Reportado",'INSTIT, LEGAL '!M67) -> No Reportado | BN4: =IF(TRIM('INSTIT, LEGAL '!F69)="","No Reportado",'INSTIT, LEGAL '!F69) -> No Reportado | BO4: =IF(TRIM('INSTIT, LEGAL '!M69)="","No Reportado",'INSTIT, LEGAL '!M69) -> No Reportado | BP4: =IF(TRIM('INSTIT, LEGAL '!E71)="","No Reportado",'INSTIT, LEGAL '!E71) -> No Reportado | BQ4: =IF(TRIM('INSTIT, LEGAL '!E73)="","No Reportado",'INSTIT, LEGAL '!E73) -> No Reportado | BR4: =IF(TRIM('INSTIT, LEGAL '!G75)="","No Reportado",'INSTIT, LEGAL '!G75) -> No Reportado | BS4: =IF(TRIM('INSTIT, LEGAL '!G77)="","No Reportado",'INSTIT, LEGAL '!G77) -> No Reportado | BT4: =IF(TRIM('INSTIT, LEGAL '!G79)="","No Reportado",'INSTIT, LEGAL '!G79) -> No Reportado | BU4: =IF(TRIM('INSTIT, LEGAL '!G82)="","No Reportado",'INSTIT, LEGAL '!G82) -> No Reportado | BV4: =IF(TRIM('INSTIT, LEGAL '!G84)="","No Reportado",'INSTIT, LEGAL '!G84) -> No Reportado | BW4: =IF(TRIM('INSTIT, LEGAL '!G86)="","No Reportado",'INSTIT, LEGAL '!G86) -> No Reportado | BX4: =IF(TRIM('INSTIT, LEGAL '!G88)="","No Reportado",'INSTIT, LEGAL '!G88) -> No Reportado | BY4: =IF(TRIM('INSTIT, LEGAL '!G90)="","No Reportado",'INSTIT, LEGAL '!G90) -> No Reportado | BZ4: =IF(TRIM('INSTIT, LEGAL '!B93)="","No Reportado",'INSTIT, LEGAL '!B93) -> No Reportado | CA4: =IF(TRIM('INSTIT, LEGAL '!J93)="","No Reportado",'INSTIT, LEGAL '!J93) -> No Reportado | CB4: =IF(TRIM('INSTIT, LEGAL '!E95)="","No Reportado",'INSTIT, LEGAL '!E95) -> No Reportado | CC4: =IF(TRIM('INSTIT, LEGAL '!E97)="","No Reportado",'INSTIT, LEGAL '!E97) -> No Reportado | CD4: =IF(TRIM('INSTIT, LEGAL '!E99)="","No Reportado",'INSTIT, LEGAL '!E99) -> No Reportado

Sheet COMERCIAL 
C1: DIAGNÓSTICO INTEGRAL A PRESTADORES RURALES | N1: Código: AS-F272 | R1: Se aplica plenamente
N2: Versión: 01 | R2: Se aplica de forma parcial
N3: Fecha: 09/07/2025 | R3: No se aplica
A5: Nombre o Razón social del prestador: | I5: Fecha:
A6: 4. ASPECTO COMERCIAL
A8: Contrato de Condiciones Uniformes | H8: AC | J8: AL | L8: AS
A10: Acto Administrativo de Adopción | I10: Fecha
A12: Concepto de Legalidad | I12: Fecha
A14: Estudios de costos y Tarifas
A16: Como se aplica
A18: Acto Administrativo de Adopción | I18: Fecha
A20: Se encuentra reportado en el SURICATA
A22: 4.1. Tarifas del Servicio
B24: Acueducto | H24: Alcantarillado
B25: CMAac | H25: CMAal
B26: CMO GENERALac | H26: CMO GENERALal
B27: CMO PARTICULARac | H27: CMO PARTICULARal
B28: CMIac | H28: CMIal
B29: CMTac | H29: CMTal
B30: CC ac | D30: =D26+D27+D28+D29 -> 0 | H30: CC al | K30: =K26+K27+K28+K29 -> 0
B32: Aseo | H32: Se realiza actualización tarifaria
B33: CCS
B34: CFT
B35: CRT | H35: Se informa a los Usuarios
B36: CDF
B37: CT
B38: CVNA | H38: Copia de Factura
B39: CVA
A41: Cual es la cuota familiar o aporte mensual de los usuarios
A43: De que forma se cubren los gastos de operación y mantenimiento del sistema
A45: Aportaciones extraordinarias de los usuarios o de las familias
A46: Aporte o subsidios del Municipio / Distrito
A47: Apoyo de organismos privados / internacionales
A49: Otra, especificar:
A52: 4.2. Tarifas del Servicio Por Estratos y Usos
A54: Uso /Estrato | C54: Acueducto | J54: Alcantarillado | N54: Aseo
C55: Con Medidor | H55: Sin Medidor | J55: Cargo Fijo | L55: Cargo por m3 Vertido
C56: Cargo Fijo | E56: Cargo por consumo | H56: Tarifa Plena
A57: 1. Residencial
A58: Estrato 1
A59: Estrato 2
A60: Estrato 3
A61: Estrato 4
A62: Estrato 5
A63: Estrato 6
A64: Sin estrato
A65: 2. Comercial
A66: 3. Industrial
A67: 4. Oficial
A69: Acuerdo Subsidios y Contribuciones: | D69: Número | K69: Fecha
A71: 4.3. Porcentajes de Subsidios y Contribuciones
B73: CARGO FIJO | I73: CARGO POR CONSUMO
B74: Subsidio | I74: Subsidio
B75: Residencial 1 | I75: Residencial 1
B76: Residencial 2 | I76: Residencial 2
B77: Residencial 3 | I77: Residencial 3
B78: Residencial 4 | I78: Residencial 4
B79: Aporte Solidario | I79: Aporte Solidario
B80: Residencial 5 | I80: Residencial 5
B81: Residencial 6 | I81: Residencial 6
B82: Comercial | I82: Comercial
B83: Industrial | I83: Industrial
B84: Oficial | I84: Oficial
A86: Se aplica la estratificación socioeconómica adoptada por el municipio
A88: Acto Administrativo de Adopción | I88: Fecha
A90: Catastro de Usuarios | G90: Fecha Ultima Actualización:
A92: Acto Administrativo de Adopción | I92: Fecha
A94: 4.4. Suscriptores del Servicio por uso y estrato
A96: Uso /Estrato | C96: Acueducto | I96: Alcantarillado | M96: Aseo
C97: Con Medidor | F97: Sin Medidor
A98: 1. Residencial
A99: Estrato 1
A100: Estrato 2
A101: Estrato 3
A102: Estrato 4
A103: Estrato 5
A104: Estrato 6
A105: Sin estrato
A106: 2. Comercial
A107: 3. Industrial
A108: 4. Oficial
A109: Total | C109: =SUM(C99:E108) -> 0 | F109: =SUM(F99:H108) -> 0 | I109: =SUM(I99:L108) -> 0 | M109: =SUM(M99:P108) -> 0
A111: Nº Total de Suscriptores Acueducto | E111: =C109+F109 -> 0 | H111: Nº total de Viviendas
A113: No. Total de Suscriptores Alcantarillado | E113: =I109 -> 0
A115: Periodo de Facturacion
A117: Procedimiento de Recaudo | I117: Cual
A119: 4.5. Control de Recaudo
A120: Año | B120: Vigencia Anterior | I120: Vigencia Actual
A121: Mes | B121: Facturado ($) | D121: Recaudado ($) | G121: % de Recaudo | I121: Facturado ($) | L121: Recaudado ($) | N121: % de Recaudo
A122: Enero | G122: =D122/B122 -> #DIV/0! | N122: =L122/I122 -> #DIV/0!
A123: Febrero | G123: =D123/B123 -> #DIV/0! | N123: =L123/I123 -> #DIV/0!
A124: Marzo | G124: =D124/B124 -> #DIV/0! | N124: =L124/I124 -> #DIV/0!
A125: Abril | G125: =D125/B125 -> #DIV/0! | N125: =L125/I125 -> #DIV/0!
A126: Mayo | G126: =D126/B126 -> #DIV/0! | N126: =L126/I126 -> #DIV/0!
A127: Junio | G127: =D127/B127 -> #DIV/0! | N127: =L127/I127 -> #DIV/0!
A128: Julio | G128: =D128/B128 -> #DIV/0! | N128: =L128/I128 -> #DIV/0!
A129: Agosto | G129: =D129/B129 -> #DIV/0! | N129: =L129/I129 -> #DIV/0!
A130: Septiembre | G130: =D130/B130 -> #DIV/0! | N130: =L130/I130 -> #DIV/0!
A131: Octubre | G131: =D131/B131 -> #DIV/0! | N131: =L131/I131 -> #DIV/0!
A132: Noviembre | G132: =D132/B132 -> #DIV/0! | N132: =L132/I132 -> #DIV/0!
...

Sheet RESPUESTAS COMERCIAL
A1: 4. ASPECTO COMERCIAL | N1: 4.1. Tarifas del Servicio | CY1: 4.3. Porcentajes de Subsidios y Contribuciones | DX1: 4.4. Suscriptores del Servicio por uso y estrato | FV1: 4.5. Control de Recaudo | JI1: No. de PQR Ultimo periodo de facturación: | JR1: 4.6. Reporte cartera por edades | KD1: 4.7. Registro de Consumos (m3)- Vigencia Anterior | RQ1: 4.8. Indicadores de Gestión Comercial
N2: TARIFAS ACUEDUCTO | T2: TARIFAS ALCANTARILLADO | Z2: TARIFAS ASEO | AK2: De que forma se cubren los gastos de operación y mantenimiento del sistema | AO2: ACUEDUCTO | BS2: ALCANTARILLADO | CY2: CARGO FIJO | DH2: CARGO POR CONSUMO | DQ2: ESTRATIFICACIÓN | DX2: ACUEDUCTO CON MEDIDOR | EH2: ACUEDUCTO SIN MEDIDOR | ET2: ALCANTARILLADO | FE2: ASEO. | FV2: VIGENCIA ANTERIOR - VIGENCIA ACTUAL | IV2: En casos de falta de pago de la factura cuales son los motivos de la falta de pago por parte de los usuarios | JA2: Otros ingresos adicionales a la tarifa para operación y mantenimiento del sistema | JG2: PQR | JI2: ACUEDUCTO | JL2: ALCANTARILLADO | JO2: ASEO | KD2: ENERO | KM2: FEBRERO | KV2: MARZO | LE2: ABRIL | LN2: MAYO | LW2: JUNIO | MF2: JULIO | MO2: AGOSTO | MX2: SEPTIEMBRE | NG2: OCTUBRE | NP2: NOVIEMBRE | NY2: DICIEMBRE | OH2: TOTAL | OQ2: ENERO
A3: Contrato de Condiciones Uniformes | B3: AC | C3: AL | D3: AS | E3: Acto Administrativo de Adopción | F3: Fecha | G3: Concepto de Legalidad | H3: Fecha | I3: Estudios de costos y Tarifas | J3: Como se aplica | K3: Acto Administrativo de Adopción | L3: Fecha | M3: Se encuentra reportado en el SURICATA | N3: CMAac | O3: CMO GENERALac | P3: CMO PARTICULARac | Q3: CMIac | R3: CMTac | S3: Ccac | T3: CMAal | U3: CMO GENERALal | V3: CMO PARTICULARal | W3: CMIal | X3: CMTal | Y3: Ccal | Z3: CCS | AA3: CFT | AB3: CRT | AC3: CDF | AD3: CT | AE3: CVNA | AF3: CVA | AG3: Se realiza actualización tarifaria | AH3: Se informa a los Usuarios | AI3: Copia de Factura | AJ3: Cual es la cuota familiar o aporte mensual de los usuarios | AK3: Aportaciones extraordinarias de los usuarios o de las familias | AL3: Aporte o subsidios del Municipio / Distrito | AM3: Apoyo de organismos privados / internacionales | AN3: Otra, especificar: | AO3: AC - Con medidor estrato 1 - cargo fijo | AP3: AC - Con medidor estrato 2 - cargo fijo | AQ3: Ac - Con medidor estrato 3 - cargo fijo | AR3: AC - Con medidor estrato 4 - cargo fijo | AS3: AC - Con medidor estrato 5 - cargo fijo | AT3: AC- Con medidor estrato 6 - cargo fijo | AU3: AC - Con medidor - Sin estrato - Cargo fijo | AV3: AC - Con medidor Comercial - cargo fijo | AW3: AC - Con medidor Industrial - cargo fijo | AX3: AC - Con medidor Oficial - cargo fijo | AY3: AC - Con medidor estrato 1 - cargo fijo | AZ3: AC - Con medidor estrato 2 - cargo fijo | BA3: AC - Con medidor estrato 3- cargo por consumo | BB3: AC - Con medidor estrato 4 - cargo por consumo | BC3: AC - Con medidor estrato 5 - cargo por consumo | BD3: AC - Con medidor estrato 6 - cargo por consumo | BE3: AC - Con medidor - Sin estrato - Cargo por consumo | BF3: AC - Con medidor Comercial - cargo por consumo | BG3: AC - Con medidor Industrial - cargo por consumo | BH3: AC - Con medidor Oficial- cargo por consumo | BI3: AC - sIn medidor estrato 1 - Tarifa plena | BJ3: AC- -Sin medidor estrato 2 - Tarifa plena | BK3: AC - Sin medidor estrato 3 - Tarifa plena | BL3: AC - Sin medidor estrato 4 - Tarifa plena | BM3: AC - Sin medidor estrato 5 - Tarifa plena | BN3: AC - Sin medidor estrato 6 - Tarifa plena | BO3: AC - Sin medidor sin estrato - Tarifa plena | BP3: AC - Sin medidor Comercial - Tarifa plena | BQ3: AC - Sin medidor Industrial - Tarifa plena | BR3: AC - Sin medidor Oficial - Tarifa plena | BS3: Al estrato 1 - cargo fijo | BT3: Al estrato 2 - cargo fijo | BU3: AL estrato 3 - cargo fijo | BV3: Al estrato 4 - cargo fijo | BW3: AL estrato 5 - cargo fijo | BX3: ALestrato 6 - cargo fijo | BY3: AL sin estrato - Cargo fijo | BZ3: AL Comercial - cargo fijo | CA3: AL Industrial - cargo fijo | CB3: AL Oficial - cargo fijo | CC3: AL estrato 1 - Cargo por m3 Vertido | CD3: AL estrato 2 - Cargo por m3 Vertido | CE3: AL estrato 3 - Cargo por m3 Vertido | CF3: AL estrato 4 - Cargo por m3 Vertido | CG3: AL estrato 5 - Cargo por m3 Vertido | CH3: AL estrato 6 - Cargo por m3 Vertido | CI3: AL sin estrato - Cargo por m3 Vertido | CJ3: AL comercial - Cargo por m3 Vertido | CK3: AL Industrial - Cargo por m3 Vertido | CL3: AL Oficial - Cargo por m3 Vertido | CM3: Aseo estrato 1 | CN3: Aseo estrato 2 | CO3: Aseo estrato 3 | CP3: Aseo estrato 4 | CQ3: Aseo estrato 5 | CR3: Aseo estrato 6 | CS3: Aseo sin estrato | CT3: Aseo Comercial | CU3: Aseo Industrial | CV3: Aseo Oficial | CW3: Acuerdo Subsidios y Contribuciones: | CX3: Fecha de acuerdo susbsidios | CY3: residencial 1 | CZ3: residencial 2 | DA3: residencial 3 | DB3: residencial 4 | DC3: residencial 5 | DD3: residencial 6 | DE3: Comercial | DF3: Industrial | DG3: Oficial | DH3: residencial 1 | DI3: residencial 2 | DJ3: residencial 3 | DK3: residencial 4 | DL3: residencial 5 | DM3: residencial 6 | DN3: Comercial | DO3: Industrial | DP3: Oficial | DQ3: Se aplica la estratificación socioeconómica adoptada por el municipio | DR3: Acto Administrativo de Adopción | DS3: Fecha | DT3: Catastro de Usuarios | DU3: Fecha Ultima Actualización: | DV3: Acto Administrativo de Adopción | DW3: Fecha | DX3: AC - Con medidor estrato 1 | DY3: AC - Con medidor estrato 2 | DZ3: Ac - Con medidor estrato 3 | EA3: AC - Con medidor estrato 4 | EB3: AC - Con medidor estrato 5 | EC3: AC- Con medidor estrato 6 | ED3: AC - Con medidor - Sin estrato | EE3: AC - Con medidor Comercial | EF3: AC - Con medidor Industrial | EG3: AC - Con medidor Oficial | EH3: TOTAL | EI3: AC - Sin medidor estrato 1 | EJ3: AC - Sin medidor estrato 2 | EK3: AC -Sin medidor estrato 3 | EL3: AC Sin medidor estrato 4 | EM3: AC Sin medidor estrato 5 | EN3: AC Sin medidor estrato 6 | EO3: AC - Sin medidor - Sin estrato | EP3: AC - Sin medidor Comercial | EQ3: AC Sin medidor Industrial | ER3: AC Sin medidor Oficial- cargo por consumo | ES3: TOTAL | ET3: AL estrato 1 | EU3: AL estrato 2 | EV3: AL estrato 3 | EW3: AL estrato 4 | EX3: AL estrato 5 | EY3: AL estrato 6 | EZ3: AL sin estrato | FA3: AL Comercial | FB3: AL Industrial | FC3: AL Oficial | FD3: TOTAL | FE3: Aseo estrato 1 | FF3: Aseo estrato 2 | FG3: Aseo estrato 3 | FH3: Aseo estrato 4 | FI3: Aseo estrato 5 | FJ3: Aseo estrato 6 | FK3: Aseo sin estrato | FL3: Aseo Comercial | FM3: Aseo Industrial | FN3: Aseo Oficial | FO3: TOTAL | FP3: Nº Total de Suscriptores Acueducto | FQ3: Nº total de Viviendas | FR3: No. Total de Suscriptores Alcantarillado | FS3: Periodo de Facturacion | FT3: Procedimiento de Recaudo | FU3: Cual | FV3: Vigencia anterior - Enero (facturado) | FW3: Vigencia anterior - Enero (Recaudado) | FX3: % de Recaudo | FY3: Vigencia actual - Enero (facturado) | FZ3: Vigencia actual - Enero (Recaudado) | GA3: % de Recaudo | GB3: Vigencia anterior - Febrero (facturado) | GC3: Vigencia anterior - Febrero (Recaudado) | GD3: % de Recaudo | GE3: Vigencia actual - Febrero (facturado) | GF3: Vigencia actual - Febrero (Recaudado) | GG3: % de Recaudo | GH3: Vigencia anterior - marzo (facturado) | GI3: Vigencia anterior - Marzo (Recaudado) | GJ3: % de Recaudo | GK3: Vigencia actual - Marzo (facturado) | GL3: Vigencia actual - Marzo (Recaudado) | GM3: % de Recaudo | GN3: Vigencia anterior - Abril (facturado) | GO3: Vigencia anterior - Abril (Recaudado) | GP3: % de Recaudo | GQ3: Vigencia actual - Abril (facturado) | GR3: Vigencia actual - Abril (Recaudado) | GS3: % de Recaudo | GT3: Vigencia anterior - mayo (facturado) | GU3: Vigencia anterior - Mayo (Recaudado) | GV3: % de Recaudo | GW3: Vigencia actual - Mayo (facturado) | GX3: Vigencia actual - Mayo (Recaudado) | GY3: % de Recaudo | GZ3: Vigencia anterior - Junio (facturado) | HA3: Vigencia anterior - Junio (Recaudado) | HB3: % de Recaudo | HC3: Vigencia actual - Junio (facturado) | HD3: Vigencia actual - Junio (Recaudado) | HE3: % de Recaudo | HF3: Vigencia anterior - Julio (facturado) | HG3: Vigencia anterior - Julio (Recaudado) | HH3: % de Recaudo | HI3: Vigencia actual - Julio (facturado) | HJ3: Vigencia actual - Julio (Recaudado) | HK3: % de Recaudo | HL3: Vigencia anterior - Agosto (facturado) | HM3: Vigencia anterior - Agosto (Recaudado) | HN3: % de Recaudo | HO3: Vigencia actual - Agosto (facturado) | HP3: Vigencia actual - Agosto (Recaudado) | HQ3: % de Recaudo | HR3: Vigencia anterior - Septiembre (facturado) | HS3: Vigencia anterior - Septiembre (Recaudado) | HT3: % de Recaudo | HU3: Vigencia actual - Septiembre (facturado) | HV3: Vigencia actual - Septiembre (Recaudado) | HW3: % de Recaudo | HX3: Vigencia anterior - Octubre (facturado) | HY3: Vigencia anterior - Octubre (Recaudado) | HZ3: % de Recaudo | IA3: Vigencia actual - Octubre (facturado) | IB3: Vigencia actual - Octubre (Recaudado) | IC3: % de Recaudo | ID3: Vigencia anterior - Noviembre (facturado) | IE3: Vigencia anterior - Noviembre (Recaudado) | IF3: % de Recaudo | IG3: Vigencia actual - Noviembre (facturado) | IH3: Vigencia actual - Noviembre (Recaudado) | II3: % de Recaudo | IJ3: Vigencia anterior - Diciembre (facturado) | IK3: Vigencia anterior - Diciembre (Recaudado) | IL3: % de Recaudo | IM3: Vigencia actual - Diciembre (facturado) | IN3: Vigencia actual - Diciembre (Recaudado) | IO3: % de Recaudo | IP3: TOTAL FACTURADO VIGENCIA ANTERIOR | IQ3: TOTAL RECAUDADO VIGENCIA ANTERIOR | IR3: TOTAL % DE RECAUDO | IS3: TOTAL FACTURADO VIGENCIA ACTUAL | IT3: TOTAL RECAUDADO VIGENCIA ACTUAL | IU3: TOTAL % DE RECAUDO | IV3: Falta de capacitación / conocimiento sobre la tarifa | IW3: Falta de voluntad de pago | IX3: Falta de recursos económicos para pagar la factura | IY3: Falta de capacidad del prestador para cobrar la factura | IZ3: Otro, especificar: | JA3: Por nuevas conexiones, multas, etc. | JB3: Por subsidios (del gobierno nacional, municipal,distrital) | JC3: Por aportaciones extraordinarias no vinculadas directamente al servicio de agua (por ejemplo: eventos,ferias, etc.) " | JD3: Por aportaciones de organismos privados /internacionales | JE3: Otro, especificar: | JF3: Valor | JG3: Procedimiento de PQR | JH3: Se tiene sistematizado | JI3: Acueducto presentadas | JJ3: Acueducto atendidas | JK3: % | JL3: Alcantarillado presentadas | JM3: Alcantarillado atendidas | JN3: % | JO3: Aseo presentadas | JP3: Aseo atendidas | JQ3: % | JR3: Edad 0 a 30 dias - Valor | JS3: Edad 0 a 30 dias - N° de usuarios | JT3: Edad 31 a 60 dias - Valor | JU3: Edad 31 a 60 dias - N° de usuarios | JV3: Edad 31 a 90 dias - Valor | JW3: Edad 31 a 90 dias - N° de usuarios | JX3: Edad 91 a 180 dias - Valor | JY3: Edad 91 a 180 dias - N° de usuarios | JZ3: Edad > 180 dias - Valor | KA3: Edad > 180 dias - N° de usuarios | KB3: TOTAL VALOR | KC3: TOTAL N° DE USUARIOS | KD3: ESTRATO 1 | KE3: ESTRATO 2 | KF3: ESTRATO 3 | KG3: ESTRATO 4 | KH3: ESTRATO 5 | KI3: ESTRATO 6 | KJ3: ESTRATO COMERCIAL | KK3: ESTRATO INDUSTRIAL | KL3: ESTRATO OFIAL | KM3: ESTRATO 1 | KN3: ESTRATO 2 | KO3: ESTRATO 3 | KP3: ESTRATO 4 | KQ3: ESTRATO 5 | KR3: ESTRATO 6 | KS3: ESTRATO COMERCIAL | KT3: ESTRATO INDUSTRIAL | KU3: ESTRATO OFIAL | KV3: ESTRATO 1 | KW3: ESTRATO 2 | KX3: ESTRATO 3 | KY3: ESTRATO 4 | KZ3: ESTRATO 5 | LA3: ESTRATO 6 | LB3: ESTRATO COMERCIAL | LC3: ESTRATO INDUSTRIAL | LD3: ESTRATO OFIAL | LE3: ESTRATO 1 | LF3: ESTRATO 2 | LG3: ESTRATO 3 | LH3: ESTRATO 4 | LI3: ESTRATO 5 | LJ3: ESTRATO 6 | LK3: ESTRATO COMERCIAL | LL3: ESTRATO INDUSTRIAL | LM3: ESTRATO OFIAL | LN3: ESTRATO 1 | LO3: ESTRATO 2 | LP3: ESTRATO 3 | LQ3: ESTRATO 4 | LR3: ESTRATO 5 | LS3: ESTRATO 6 | LT3: ESTRATO COMERCIAL | LU3: ESTRATO INDUSTRIAL | LV3: ESTRATO OFIAL | LW3: ESTRATO 1 | LX3: ESTRATO 2 | LY3: ESTRATO 3 | LZ3: ESTRATO 4 | MA3: ESTRATO 5 | MB3: ESTRATO 6 | MC3: ESTRATO COMERCIAL | MD3: ESTRATO INDUSTRIAL | ME3: ESTRATO OFIAL | MF3: ESTRATO 1 | MG3: ESTRATO 2 | MH3: ESTRATO 3 | MI3: ESTRATO 4 | MJ3: ESTRATO 5 | MK3: ESTRATO 6 | ML3: ESTRATO COMERCIAL | MM3: ESTRATO INDUSTRIAL | MN3: ESTRATO OFIAL | MO3: ESTRATO 1 | MP3: ESTRATO 2 | MQ3: ESTRATO 3 | MR3: ESTRATO 4 | MS3: ESTRATO 5 | MT3: ESTRATO 6 | MU3: ESTRATO COMERCIAL | MV3: ESTRATO INDUSTRIAL | MW3: ESTRATO OFIAL | MX3: ESTRATO 1 | MY3: ESTRATO 2 | MZ3: ESTRATO 3 | NA3: ESTRATO 4 | NB3: ESTRATO 5 | NC3: ESTRATO 6 | ND3: ESTRATO COMERCIAL | NE3: ESTRATO INDUSTRIAL | NF3: ESTRATO OFIAL | NG3: ESTRATO 1 | NH3: ESTRATO 2 | NI3: ESTRATO 3 | NJ3: ESTRATO 4 | NK3: ESTRATO 5 | NL3: ESTRATO 6 | NM3: ESTRATO COMERCIAL | NN3: ESTRATO INDUSTRIAL | NO3: ESTRATO OFIAL | NP3: ESTRATO 1 | NQ3: ESTRATO 2 | NR3: ESTRATO 3 | NS3: ESTRATO 4 | NT3: ESTRATO 5 | NU3: ESTRATO 6 | NV3: ESTRATO COMERCIAL | NW3: ESTRATO INDUSTRIAL | NX3: ESTRATO OFIAL | NY3: ESTRATO 1 | NZ3: ESTRATO 2 | OA3: ESTRATO 3 | OB3: ESTRATO 4 | OC3: ESTRATO 5 | OD3: ESTRATO 6 | OE3: ESTRATO COMERCIAL | OF3: ESTRATO INDUSTRIAL | OG3: ESTRATO OFIAL | OH3: ESTRATO 1 | OI3: ESTRATO 2 | OJ3: ESTRATO 3 | OK3: ESTRATO 4 | OL3: ESTRATO 5 | OM3: ESTRATO 6 | ON3: ESTRATO COMERCIAL | OO3: ESTRATO INDUSTRIAL | OP3: ESTRATO OFIAL | OQ3: Vigencia anterior - Enero (Agua producida) | OR3: Vigencia anterior - Enero (Agua facturada) | OS3: % de perdidas | OT3: Vigencia actual - Enero (Agua producida) | OU3: Vigencia actual - Enero (Agua facturada) | OV3: % de perdidas | OW3: Vigencia anterior - Febrero (Agua producida) | OX3: Vigencia anterior - Febrero (Agua facturada) | OY3: % de perdidas | OZ3: Vigencia actual - Febrero (Agua producida) | PA3: Vigencia actual - Febrero (Agua facturada) | PB3: % de perdidas | PC3: Vigencia anterior - marzo (Agua producida) | PD3: Vigencia anterior - Marzo (Agua facturada) | PE3: % de perdidas | PF3: Vigencia actual - Marzo (Agua producida) | PG3: Vigencia actual - Marzo (Agua facturada) | PH3: % de perdidas | PI3: Vigencia anterior - Abril (Agua producida) | PJ3: Vigencia anterior - Abril (Agua facturada) | PK3: % de perdidas | PL3: Vigencia actual - Abril (Agua producida) | PM3: Vigencia actual - Abril (Agua facturada) | PN3: % de perdidas | PO3: Vigencia anterior - mayo (Agua producida) | PP3: Vigencia anterior - Mayo (Agua facturada) | PQ3: % de perdidas | PR3: Vigencia actual - Mayo (Agua producida) | PS3: Vigencia actual - Mayo (Agua facturada) | PT3: % de perdidas | PU3: Vigencia anterior - Junio (Agua producida) | PV3: Vigencia anterior - Junio (Agua facturada) | PW3: % de perdidas | PX3: Vigencia actual - Junio (Agua producida) | PY3: Vigencia actual - Junio (Agua facturada) | PZ3: % de perdidas | QA3: Vigencia anterior - Julio (Agua producida) | QB3: Vigencia anterior - Julio (Agua facturada) | QC3: % de perdidas | QD3: Vigencia actual - Julio (Agua producida) | QE3: Vigencia actual - Julio (Agua facturada) | QF3: % de perdidas | QG3: Vigencia anterior - Agosto (Agua producida) | QH3: Vigencia anterior - Agosto (Agua facturada) | QI3: % de perdidas | QJ3: Vigencia actual - Agosto (Agua producida) | QK3: Vigencia actual - Agosto (Agua facturada) | QL3: % de perdidas | QM3: Vigencia anterior - Septiembre (Agua producida) | QN3: Vigencia anterior - Septiembre (Agua facturada) | QO3: % de perdidas | QP3: Vigencia actual - Septiembre (Agua producida) | QQ3: Vigencia actual - Septiembre (Agua facturada) | QR3: % de perdidas | QS3: Vigencia anterior - Octubre (Agua producida) | QT3: Vigencia anterior - Octubre (Agua facturada) | QU3: % de perdidas | QV3: Vigencia actual - Octubre (Agua producida) | QW3: Vigencia actual - Octubre (Agua facturada) | QX3: % de perdidas | QY3: Vigencia anterior - Noviembre (Agua producida) | QZ3: Vigencia anterior - Noviembre (Agua facturada) | RA3: % de perdidas | RB3: Vigencia actual - Noviembre (Agua producida) | RC3: Vigencia actual - Noviembre (Agua facturada) | RD3: % de perdidas | RE3: Vigencia anterior - Diciembre (Agua producida) | RF3: Vigencia anterior - Diciembre (Agua facturada) | RG3: % de perdidas | RH3: Vigencia actual - Diciembre (Agua producida) | RI3: Vigencia actual - Diciembre (Agua facturada) | RJ3: % de perdidas | RK3: TOTAL AGUA PRODUCIDA VIGENCIA ANTERIOR | RL3: TOTAL AGUA FACTURADA VIGENCIA ANTERIOR | RM3: TOTAL % DE PERDIDAS | RN3: TOTAL FACTURADO VIGENCIA ACTUAL | RO3: TOTAL RECAUDADO VIGENCIA ACTUAL | RP3: TOTAL % DE PERDIDAS | RQ3: Eficiencia en el Recaudo (ER) | RR3: Indice de Atencion PQR del servicio de Acueducto (IPQRAC) | RS3: Indice de Atencion PQR del servicio de Alcantarillado (IPQRAL) | RT3: Agua controlada en Puntos de Uso y Consumo (ACPUC) | RU3: Indice de Macromedición Efectiva (IMA) | RV3: Indice de Micromedición Efectiva (IMI)
A4: =IF(TRIM('COMERCIAL '!E8)="","No Reportado",'COMERCIAL '!E8) -> No Reportado | B4: =IF(TRIM('COMERCIAL '!I8)="","No reportado",'COMERCIAL '!I8) -> No reportado | C4: =IF(TRIM('COMERCIAL '!K8)="","No reportado",'COMERCIAL '!K8) -> No reportado | D4: =IF(TRIM('COMERCIAL '!M8)="","No Reportado",'COMERCIAL '!M8) -> No Reportado | E4: =IF(TRIM('COMERCIAL '!E10)="","No Reportado",'COMERCIAL '!E10) -> No Reportado | F4: =IF(TRIM('COMERCIAL '!K10)="","No Reportado",'COMERCIAL '!K10) -> No Reportado | G4: =IF(TRIM('COMERCIAL '!E12)="","No Reportado",'COMERCIAL '!E12) -> No Reportado | H4: =IF(TRIM('COMERCIAL '!K12)="","No Reportado",'COMERCIAL '!K12) -> No Reportado | I4: =IF(TRIM('COMERCIAL '!E14)="","No Reportado",'COMERCIAL '!E14) -> No Reportado | J4: =IF(TRIM('COMERCIAL '!E16)="","No Reportado",'COMERCIAL '!E16) -> No Reportado | K4: =IF(TRIM('COMERCIAL '!E18)="","No Reportado",'COMERCIAL '!E18) -> No Reportado | L4: =IF(TRIM('COMERCIAL '!K18)="","No Reportado",'COMERCIAL '!K18) -> No Reportado | M4: =IF(TRIM('COMERCIAL '!E20)="","No Reportado",'COMERCIAL '!E20) -> No Reportado | N4: =IF(TRIM('COMERCIAL '!D25)="","No Reportado",'COMERCIAL '!D25) -> No Reportado | O4: =IF(TRIM('COMERCIAL '!D26)="","No Reportado",'COMERCIAL '!D26) -> No Reportado | P4: =IF(TRIM('COMERCIAL '!D27)="","No Reportado",'COMERCIAL '!D27) -> No Reportado | Q4: =IF(TRIM('COMERCIAL '!D28)="","No Reportado",'COMERCIAL '!D28) -> No Reportado | R4: =IF(TRIM('COMERCIAL '!D29)="","No Reportado",'COMERCIAL '!D29) -> No Reportado | S4: =IF(TRIM('COMERCIAL '!D30)="","No Reportado",'COMERCIAL '!D30) -> 0 | T4: =IF(TRIM('COMERCIAL '!K25)="","No Reportado",'COMERCIAL '!K25) -> No Reportado | U4: =IF(TRIM('COMERCIAL '!K26)="","No Reportado",'COMERCIAL '!K26) -> No Reportado | V4: =IF(TRIM('COMERCIAL '!K27)="","No Reportado",'COMERCIAL '!K27) -> No Reportado | W4: =IF(TRIM('COMERCIAL '!K28)="","No Reportado",'COMERCIAL '!K28) -> No Reportado | X4: =IF(TRIM('COMERCIAL '!K29)="","No Reportado",'COMERCIAL '!K29) -> No Reportado | Y4: =IF(TRIM('COMERCIAL '!K30)="","No Reportado",'COMERCIAL '!K30) -> 0 | Z4: =IF(TRIM('COMERCIAL '!D33)="","No Reportado",'COMERCIAL '!D33) -> No Reportado | AA4: =IF(TRIM('COMERCIAL '!D34)="","No Reportado",'COMERCIAL '!D34) -> No Reportado | AB4: =IF(TRIM('COMERCIAL '!D35)="","No Reportado",'COMERCIAL '!D35) -> No Reportado | AC4: =IF(TRIM('COMERCIAL '!D36)="","No Reportado",'COMERCIAL '!D36) -> No Reportado | AD4: =IF(TRIM('COMERCIAL '!D37)="","No Reportado",'COMERCIAL '!D37) -> No Reportado | AE4: =IF(TRIM('COMERCIAL '!D38)="","No Reportado",'COMERCIAL '!D38) -> No Reportado | AF4: =IF(TRIM('COMERCIAL '!D39)="","No Reportado",'COMERCIAL '!D39) -> No Reportado | AG4: =IF(TRIM('COMERCIAL '!M32)="","No Reportado",'COMERCIAL '!M32) -> No Reportado | AH4: =IF(TRIM('COMERCIAL '!M35)="","No Reportado",'COMERCIAL '!M35) -> No Reportado | AI4: =IF(TRIM('COMERCIAL '!M38)="","No Reportado",'COMERCIAL '!M38) -> No Reportado | AJ4: =IF(TRIM('COMERCIAL '!M41)="","No Reportado",'COMERCIAL '!M41) -> No Reportado | AK4: =IF(TRIM('COMERCIAL '!I45)="","No Reportado",'COMERCIAL '!I45) -> No Reportado | AL4: =IF(TRIM('COMERCIAL '!I46)="","No Reportado",'COMERCIAL '!I46) -> No Reportado | AM4: =IF(TRIM('COMERCIAL '!I47)="","No Reportado",'COMERCIAL '!I47) -> No Reportado | AN4: =IF(TRIM('COMERCIAL '!D49)="","No Reportado",'COMERCIAL '!D49) -> No Reportado | AO4: =IF(TRIM('COMERCIAL '!C58)="","No Reportado",'COMERCIAL '!C58) -> No Reportado | AP4: =IF(TRIM('COMERCIAL '!C59)="","No Reportado",'COMERCIAL '!C59) -> No Reportado | AQ4: =IF(TRIM('COMERCIAL '!C60)="","No Reportado",'COMERCIAL '!C60) -> No Reportado | AR4: =IF(TRIM('COMERCIAL '!C61)="","No Reportado",'COMERCIAL '!C61) -> No Reportado | AS4: =IF(TRIM('COMERCIAL '!C62)="","No Reportado",'COMERCIAL '!C62) -> No Reportado | AT4: =IF(TRIM('COMERCIAL '!C63)="","No Reportado",'COMERCIAL '!C63) -> No Reportado | AU4: =IF(TRIM('COMERCIAL '!C64)="","No Reportado",'COMERCIAL '!C64) -> No Reportado | AV4: =IF(TRIM('COMERCIAL '!C65)="","No Reportado",'COMERCIAL '!C65) -> No Reportado | AW4: =IF(TRIM('COMERCIAL '!C66)="","No Reportado",'COMERCIAL '!C66) -> No Reportado | AX4: =IF(TRIM('COMERCIAL '!C67)="","No Reportado",'COMERCIAL '!C67) -> No Reportado | AY4: =IF(TRIM('COMERCIAL '!E58)="","No Reportado",'COMERCIAL '!E58) -> No Reportado | AZ4: =IF(TRIM('COMERCIAL '!E59)="","No Reportado",'COMERCIAL '!E59) -> No Reportado | BA4: =IF(TRIM('COMERCIAL '!E60)="","No Reportado",'COMERCIAL '!E60) -> No Reportado | BB4: =IF(TRIM('COMERCIAL '!E61)="","No Reportado",'COMERCIAL '!E61) -> No Reportado | BC4: =IF(TRIM('COMERCIAL '!E62)="","No Reportado",'COMERCIAL '!E62) -> No Reportado | BD4: =IF(TRIM('COMERCIAL '!E63)="","No Reportado",'COMERCIAL '!E63) -> No Reportado | BE4: =IF(TRIM('COMERCIAL '!E64)="","No Reportado",'COMERCIAL '!E64) -> No Reportado | BF4: =IF(TRIM('COMERCIAL '!E65)="","No Reportado",'COMERCIAL '!E65) -> No Reportado | BG4: =IF(TRIM('COMERCIAL '!E66)="","No Reportado",'COMERCIAL '!E66) -> No Reportado | BH4: =IF(TRIM('COMERCIAL '!E67)="","No Reportado",'COMERCIAL '!E67) -> No Reportado | BI4: =IF(TRIM('COMERCIAL '!H58)="","No Reportado",'COMERCIAL '!H58) -> No Reportado | BJ4: =IF(TRIM('COMERCIAL '!H59)="","No Reportado",'COMERCIAL '!H59) -> No Reportado | BK4: =IF(TRIM('COMERCIAL '!H60)="","No Reportado",'COMERCIAL '!H60) -> No Reportado | BL4: =IF(TRIM('COMERCIAL '!H61)="","No Reportado",'COMERCIAL '!H61) -> No Reportado | BM4: =IF(TRIM('COMERCIAL '!H62)="","No Reportado",'COMERCIAL '!H62) -> No Reportado | BN4: =IF(TRIM('COMERCIAL '!H63)="","No Reportado",'COMERCIAL '!H63) -> No Reportado | BO4: =IF(TRIM('COMERCIAL '!H64)="","No Reportado",'COMERCIAL '!H64) -> No Reportado | BP4: =IF(TRIM('COMERCIAL '!H65)="","No Reportado",'COMERCIAL '!H65) -> No Reportado | BQ4: =IF(TRIM('COMERCIAL '!H66)="","No Reportado",'COMERCIAL '!H66) -> No Reportado | BR4: =IF(TRIM('COMERCIAL '!H67)="","No Reportado",'COMERCIAL '!H67) -> No Reportado | BS4: =IF(TRIM('COMERCIAL '!J58)="","No Reportado",'COMERCIAL '!J58) -> No Reportado | BT4: =IF(TRIM('COMERCIAL '!J59)="","No Reportado",'COMERCIAL '!J59) -> No Reportado | BU4: =IF(TRIM('COMERCIAL '!J60)="","No Reportado",'COMERCIAL '!J60) -> No Reportado | BV4: =IF(TRIM('COMERCIAL '!J61)="","No Reportado",'COMERCIAL '!J61) -> No Reportado | BW4: =IF(TRIM('COMERCIAL '!J62)="","No Reportado",'COMERCIAL '!J62) -> No Reportado | BX4: =IF(TRIM('COMERCIAL '!J63)="","No Reportado",'COMERCIAL '!J63) -> No Reportado | BY4: =IF(TRIM('COMERCIAL '!J64)="","No Reportado",'COMERCIAL '!J64) -> No Reportado | BZ4: =IF(TRIM('COMERCIAL '!J65)="","No Reportado",'COMERCIAL '!J65) -> No Reportado | CA4: =IF(TRIM('COMERCIAL '!J66)="","No Reportado",'COMERCIAL '!J66) -> No Reportado | CB4: =IF(TRIM('COMERCIAL '!J67)="","No Reportado",'COMERCIAL '!J67) -> No Reportado | CC4: =IF(TRIM('COMERCIAL '!L58)="","No Reportado",'COMERCIAL '!L58) -> No Reportado | CD4: =IF(TRIM('COMERCIAL '!L59)="","No Reportado",'COMERCIAL '!L59) -> No Reportado | CE4: =IF(TRIM('COMERCIAL '!L60)="","No Reportado",'COMERCIAL '!L60) -> No Reportado | CF4: =IF(TRIM('COMERCIAL '!L61)="","No Reportado",'COMERCIAL '!L61) -> No Reportado | CG4: =IF(TRIM('COMERCIAL '!L62)="","No Reportado",'COMERCIAL '!L62) -> No Reportado | CH4: =IF(TRIM('COMERCIAL '!L63)="","No Reportado",'COMERCIAL '!L63) -> No Reportado | CI4: =IF(TRIM('COMERCIAL '!L64)="","No Reportado",'COMERCIAL '!L64) -> No Reportado | CJ4: =IF(TRIM('COMERCIAL '!L65)="","No Reportado",'COMERCIAL '!L65) -> No Reportado | CK4: =IF(TRIM('COMERCIAL '!L66)="","No Reportado",'COMERCIAL '!L66) -> No Reportado | CL4: =IF(TRIM('COMERCIAL '!L67)="","No Reportado",'COMERCIAL '!L67) -> No Reportado | CM4: =IF(TRIM('COMERCIAL '!N58)="","No Reportado",'COMERCIAL '!N58) -> No Reportado | CN4: =IF(TRIM('COMERCIAL '!N59)="","No Reportado",'COMERCIAL '!N59) -> No Reportado | CO4: =IF(TRIM('COMERCIAL '!N60)="","No Reportado",'COMERCIAL '!N60) -> No Reportado | CP4: =IF(TRIM('COMERCIAL '!N61)="","No Reportado",'COMERCIAL '!N61) -> No Reportado | CQ4: =IF(TRIM('COMERCIAL '!N62)="","No Reportado",'COMERCIAL '!N62) -> No Reportado | CR4: =IF(TRIM('COMERCIAL '!N63)="","No Reportado",'COMERCIAL '!N63) -> No Reportado | CS4: =IF(TRIM('COMERCIAL '!N64)="","No Reportado",'COMERCIAL '!N64) -> No Reportado | CT4: =IF(TRIM('COMERCIAL '!N65)="","No Reportado",'COMERCIAL '!N65) -> No Reportado | CU4: =IF(TRIM('COMERCIAL '!N66)="","No Reportado",'COMERCIAL '!N66) -> No Reportado | CV4: =IF(TRIM('COMERCIAL '!N67)="","No Reportado",'COMERCIAL '!N67) -> No Reportado | CW4: =IF(TRIM('COMERCIAL '!F69)="","No Reportado",'COMERCIAL '!F69) -> No Reportado | CX4: =IF(TRIM('COMERCIAL '!L69)="","No Reportado",'COMERCIAL '!L69) -> No Reportado | CY4: =IF(TRIM('COMERCIAL '!D75)="","No Reportado",'COMERCIAL '!D75) -> No Reportado | CZ4: =IF(TRIM('COMERCIAL '!D76)="","No Reportado",'COMERCIAL '!D76) -> No Reportado | DA4: =IF(TRIM('COMERCIAL '!D77)="","No Reportado",'COMERCIAL '!D77) -> No Reportado | DB4: =IF(TRIM('COMERCIAL '!D78)="","No Reportado",'COMERCIAL '!D78) -> No Reportado | DC4: =IF(TRIM('COMERCIAL '!D80)="","No Reportado",'COMERCIAL '!D80) -> No Reportado | DD4: =IF(TRIM('COMERCIAL '!D81)="","No Reportado",'COMERCIAL '!D81) -> No Reportado | DE4: =IF(TRIM('COMERCIAL '!D82)="","No Reportado",'COMERCIAL '!D82) -> No Reportado | DF4: =IF(TRIM('COMERCIAL '!D83)="","No Reportado",'COMERCIAL '!D83) -> No Reportado | DG4: =IF(TRIM('COMERCIAL '!D84)="","No Reportado",'COMERCIAL '!D84) -> No Reportado | DH4: =IF(TRIM('COMERCIAL '!L75)="","No Reportado",'COMERCIAL '!L75) -> No Reportado | DI4: =IF(TRIM('COMERCIAL '!L76)="","No Reportado",'COMERCIAL '!L76) -> No Reportado | DJ4: =IF(TRIM('COMERCIAL '!L77)="","No Reportado",'COMERCIAL '!L77) -> No Reportado | DK4: =IF(TRIM('COMERCIAL '!L78)="","No Reportado",'COMERCIAL '!L78) -> No Reportado | DL4: =IF(TRIM('COMERCIAL '!L80)="","No Reportado",'COMERCIAL '!L80) -> No Reportado | DM4: =IF(TRIM('COMERCIAL '!L81)="","No Reportado",'COMERCIAL '!L81) -> No Reportado | DN4: =IF(TRIM('COMERCIAL '!L82)="","No Reportado",'COMERCIAL '!L82) -> No Reportado | DO4: =IF(TRIM('COMERCIAL '!L83)="","No Reportado",'COMERCIAL '!L83) -> No Reportado | DP4: =IF(TRIM('COMERCIAL '!L84)="","No Reportado",'COMERCIAL '!L84) -> No Reportado | DQ4: =IF(TRIM('COMERCIAL '!I86)="","No Reportado",'COMERCIAL '!I86) -> No Reportado | DR4: =IF(TRIM('COMERCIAL '!E88)="","No Reportado",'COMERCIAL '!E88) -> No Reportado | DS4: =IF(TRIM('COMERCIAL '!K88)="","No Reportado",'COMERCIAL '!K88) -> No Reportado | DT4: =IF(TRIM('COMERCIAL '!E90)="","No Reportado",'COMERCIAL '!E90) -> No Reportado | DU4: =IF(TRIM('COMERCIAL '!K90)="","No Reportado",'COMERCIAL '!K90) -> No Reportado | DV4: =IF(TRIM('COMERCIAL '!E92)="","No Reportado",'COMERCIAL '!E92) -> No Reportado | DW4: =IF(TRIM('COMERCIAL '!K92)="","No Reportado",'COMERCIAL '!K92) -> No Reportado | DX4: =IF(TRIM('COMERCIAL '!C99)="","No Reportado",'COMERCIAL '!C99) -> No Reportado | DY4: =IF(TRIM('COMERCIAL '!C100)="","No Reportado",'COMERCIAL '!C100) -> No Reportado | DZ4: =IF(TRIM('COMERCIAL '!C101)="","No Reportado",'COMERCIAL '!C101) -> No Reportado | EA4: =IF(TRIM('COMERCIAL '!C102)="","No Reportado",'COMERCIAL '!C102) -> No Reportado | EB4: =IF(TRIM('COMERCIAL '!C103)="","No Reportado",'COMERCIAL '!C103) -> No Reportado | EC4: =IF(TRIM('COMERCIAL '!C104)="","No Reportado",'COMERCIAL '!C104) -> No Reportado | ED4: =IF(TRIM('COMERCIAL '!C105)="","No Reportado",'COMERCIAL '!C105) -> No Reportado | EE4: =IF(TRIM('COMERCIAL '!C106)="","No Reportado",'COMERCIAL '!C106) -> No Reportado | EF4: =IF(TRIM('COMERCIAL '!C107)="","No Reportado",'COMERCIAL '!C107) -> No Reportado | EG4: =IF(TRIM('COMERCIAL '!C108)="","No Reportado",'COMERCIAL '!C108) -> No Reportado | EH4: =IF(TRIM('COMERCIAL '!C109)="","No Reportado",'COMERCIAL '!C109) -> 0 | EI4: =IF(TRIM('COMERCIAL '!F99)="","No Reportado",'COMERCIAL '!F99) -> No Reportado | EJ4: =IF(TRIM('COMERCIAL '!F100)="","No Reportado",'COMERCIAL '!F100) -> No Reportado | EK4: =IF(TRIM('COMERCIAL '!F101)="","No Reportado",'COMERCIAL '!F101) -> No Reportado | EL4: =IF(TRIM('COMERCIAL '!F102)="","No Reportado",'COMERCIAL '!F102) -> No Reportado | EM4: =IF(TRIM('COMERCIAL '!F103)="","No Reportado",'COMERCIAL '!F103) -> No Reportado | EN4: =IF(TRIM('COMERCIAL '!F104)="","No Reportado",'COMERCIAL '!F104) -> No Reportado | EO4: =IF(TRIM('COMERCIAL '!F105)="","No Reportado",'COMERCIAL '!F105) -> No Reportado | EP4: =IF(TRIM('COMERCIAL '!F106)="","No Reportado",'COMERCIAL '!F106) -> No Reportado | EQ4: =IF(TRIM('COMERCIAL '!F107)="","No Reportado",'COMERCIAL '!C107) -> No Reportado | ER4: =IF(TRIM('COMERCIAL '!F108)="","No Reportado",'COMERCIAL '!F108) -> No Reportado | ES4: =IF(TRIM('COMERCIAL '!F109)="","No Reportado",'COMERCIAL '!F109) -> 0 | ET4: =IF(TRIM('COMERCIAL '!I99)="","No Reportado",'COMERCIAL '!I99) -> No Reportado | EU4: =IF(TRIM('COMERCIAL '!I100)="","No Reportado",'COMERCIAL '!I100) -> No Reportado | EV4: =IF(TRIM('COMERCIAL '!I101)="","No Reportado",'COMERCIAL '!I101) -> No Reportado | EW4: =IF(TRIM('COMERCIAL '!I102)="","No Reportado",'COMERCIAL '!I102) -> No Reportado | EX4: =IF(TRIM('COMERCIAL '!I103)="","No Reportado",'COMERCIAL '!I103) -> No Reportado | EY4: =IF(TRIM('COMERCIAL '!I104)="","No Reportado",'COMERCIAL '!I104) -> No Reportado | EZ4: =IF(TRIM('COMERCIAL '!I105)="","No Reportado",'COMERCIAL '!I105) -> No Reportado | FA4: =IF(TRIM('COMERCIAL '!I106)="","No Reportado",'COMERCIAL '!I106) -> No Reportado | FB4: =IF(TRIM('COMERCIAL '!I107)="","No Reportado",'COMERCIAL '!I107) -> No Reportado | FC4: =IF(TRIM('COMERCIAL '!I108)="","No Reportado",'COMERCIAL '!I108) -> No Reportado | FD4: =IF(TRIM('COMERCIAL '!I109)="","No Reportado",'COMERCIAL '!I109) -> 0 | FE4: =IF(TRIM('COMERCIAL '!M99)="","No Reportado",'COMERCIAL '!M99) -> No Reportado | FF4: =IF(TRIM('COMERCIAL '!M100)="","No Reportado",'COMERCIAL '!M100) -> No Reportado | FG4: =IF(TRIM('COMERCIAL '!M101)="","No Reportado",'COMERCIAL '!M101) -> No Reportado | FH4: =IF(TRIM('COMERCIAL '!M102)="","No Reportado",'COMERCIAL '!M102) -> No Reportado | FI4: =IF(TRIM('COMERCIAL '!M103)="","No Reportado",'COMERCIAL '!M103) -> No Reportado | FJ4: =IF(TRIM('COMERCIAL '!M104)="","No Reportado",'COMERCIAL '!M104) -> No Reportado | FK4: =IF(TRIM('COMERCIAL '!M105)="","No Reportado",'COMERCIAL '!M105) -> No Reportado | FL4: =IF(TRIM('COMERCIAL '!M106)="","No Reportado",'COMERCIAL '!M106) -> No Reportado | FM4: =IF(TRIM('COMERCIAL '!M107)="","No Reportado",'COMERCIAL '!M107) -> No Reportado | FN4: =IF(TRIM('COMERCIAL '!M108)="","No Reportado",'COMERCIAL '!M108) -> No Reportado | FO4: =IF(TRIM('COMERCIAL '!M109)="","No Reportado",'COMERCIAL '!M109) -> 0 | FP4: =IF(TRIM('COMERCIAL '!E111)="","No Reportado",'COMERCIAL '!E111) -> 0 | FQ4: =IF(TRIM('COMERCIAL '!L111)="","No Reportado",'COMERCIAL '!L111) -> No Reportado | FR4: =IF(TRIM('COMERCIAL '!E113)="","No Reportado",'COMERCIAL '!E113) -> 0 | FS4: =IF(TRIM('COMERCIAL '!E115)="","No Reportado",'COMERCIAL '!E115) -> No Reportado | FT4: =IF(TRIM('COMERCIAL '!E117)="","No Reportado",'COMERCIAL '!E117) -> No Reportado | FU4: =IF(TRIM('COMERCIAL '!J117)="","No Reportado",'COMERCIAL '!J117) -> No Reportado | FV4: =IF(TRIM('COMERCIAL '!B122)="","No Reportado",'COMERCIAL '!B122) -> No Reportado | FW4: =IF(TRIM('COMERCIAL '!D122)="","No Reportado",'COMERCIAL '!D122) -> No Reportado | FX4: =IF(TRIM('COMERCIAL '!G122)="","No Reportado",'COMERCIAL '!G122) -> #DIV/0! | FY4: =IF(TRIM('COMERCIAL '!I122)="","No Reportado",'COMERCIAL '!I122) -> No Reportado | FZ4: =IF(TRIM('COMERCIAL '!L122)="","No Reportado",'COMERCIAL '!L122) -> No Reportado | GA4: =IF(TRIM('COMERCIAL '!N122)="","No Reportado",'COMERCIAL '!N122) -> #DIV/0! | GB4: =IF(TRIM('COMERCIAL '!B123)="","No Reportado",'COMERCIAL '!B123) -> No Reportado | GC4: =IF(TRIM('COMERCIAL '!D123)="","No Reportado",'COMERCIAL '!D123) -> No Reportado | GD4: =IF(TRIM('COMERCIAL '!G123)="","No Reportado",'COMERCIAL '!G123) -> #DIV/0! | GE4: =IF(TRIM('COMERCIAL '!I123)="","No Reportado",'COMERCIAL '!I123) -> No Reportado | GF4: =IF(TRIM('COMERCIAL '!L123)="","No Reportado",'COMERCIAL '!L123) -> No Reportado | GG4: =IF(TRIM('COMERCIAL '!N123)="","No Reportado",'COMERCIAL '!N123) -> #DIV/0! | GH4: =IF(TRIM('COMERCIAL '!B124)="","No Reportado",'COMERCIAL '!B124) -> No Reportado | GI4: =IF(TRIM('COMERCIAL '!D124)="","No Reportado",'COMERCIAL '!D124) -> No Reportado | GJ4: =IF(TRIM('COMERCIAL '!G124)="","No Reportado",'COMERCIAL '!G124) -> #DIV/0! | GK4: =IF(TRIM('COMERCIAL '!I124)="","No Reportado",'COMERCIAL '!I124) -> No Reportado | GL4: =IF(TRIM('COMERCIAL '!L124)="","No Reportado",'COMERCIAL '!L124) -> No Reportado | GM4: =IF(TRIM('COMERCIAL '!N124)="","No Reportado",'COMERCIAL '!N124) -> #DIV/0! | GN4: =IF(TRIM('COMERCIAL '!B125)="","No Reportado",'COMERCIAL '!B125) -> No Reportado | GO4: =IF(TRIM('COMERCIAL '!D125)="","No Reportado",'COMERCIAL '!D125) -> No Reportado | GP4: =IF(TRIM('COMERCIAL '!G125)="","No Reportado",'COMERCIAL '!G125) -> #DIV/0! | GQ4: =IF(TRIM('COMERCIAL '!I125)="","No Reportado",'COMERCIAL '!I125) -> No Reportado | GR4: =IF(TRIM('COMERCIAL '!L125)="","No Reportado",'COMERCIAL '!L125) -> No Reportado | GS4: =IF(TRIM('COMERCIAL '!N125)="","No Reportado",'COMERCIAL '!N125) -> #DIV/0! | GT4: =IF(TRIM('COMERCIAL '!B126)="","No Reportado",'COMERCIAL '!B126) -> No Reportado | GU4: =IF(TRIM('COMERCIAL '!D126)="","No Reportado",'COMERCIAL '!D126) -> No Reportado | GV4: =IF(TRIM('COMERCIAL '!G126)="","No Reportado",'COMERCIAL '!G126) -> #DIV/0! | GW4: =IF(TRIM('COMERCIAL '!I126)="","No Reportado",'COMERCIAL '!I126) -> No Reportado | GX4: =IF(TRIM('COMERCIAL '!L126)="","No Reportado",'COMERCIAL '!L126) -> No Reportado | GY4: =IF(TRIM('COMERCIAL '!N126)="","No Reportado",'COMERCIAL '!N126) -> #DIV/0! | GZ4: =IF(TRIM('COMERCIAL '!B127)="","No Reportado",'COMERCIAL '!B127) -> No Reportado | HA4: =IF(TRIM('COMERCIAL '!D127)="","No Reportado",'COMERCIAL '!D127) -> No Reportado | HB4: =IF(TRIM('COMERCIAL '!G127)="","No Reportado",'COMERCIAL '!G127) -> #DIV/0! | HC4: =IF(TRIM('COMERCIAL '!I127)="","No Reportado",'COMERCIAL '!I127) -> No Reportado | HD4: =IF(TRIM('COMERCIAL '!L127)="","No Reportado",'COMERCIAL '!L127) -> No Reportado | HE4: =IF(TRIM('COMERCIAL '!N127)="","No Reportado",'COMERCIAL '!N127) -> #DIV/0! | HF4: =IF(TRIM('COMERCIAL '!B128)="","No Reportado",'COMERCIAL '!B128) -> No Reportado | HG4: =IF(TRIM('COMERCIAL '!D128)="","No Reportado",'COMERCIAL '!D128) -> No Reportado | HH4: =IF(TRIM('COMERCIAL '!G128)="","No Reportado",'COMERCIAL '!G128) -> #DIV/0! | HI4: =IF(TRIM('COMERCIAL '!I128)="","No Reportado",'COMERCIAL '!I128) -> No Reportado | HJ4: =IF(TRIM('COMERCIAL '!L128)="","No Reportado",'COMERCIAL '!L128) -> No Reportado | HK4: =IF(TRIM('COMERCIAL '!N128)="","No Reportado",'COMERCIAL '!N128) -> #DIV/0! | HL4: =IF(TRIM('COMERCIAL '!B129)="","No Reportado",'COMERCIAL '!B129) -> No Reportado | HM4: =IF(TRIM('COMERCIAL '!D129)="","No Reportado",'COMERCIAL '!D129) -> No Reportado | HN4: =IF(TRIM('COMERCIAL '!G129)="","No Reportado",'COMERCIAL '!G129) -> #DIV/0! | HO4: =IF(TRIM('COMERCIAL '!I129)="","No Reportado",'COMERCIAL '!I129) -> No Reportado | HP4: =IF(TRIM('COMERCIAL '!L129)="","No Reportado",'COMERCIAL '!L129) -> No Reportado | HQ4: =IF(TRIM('COMERCIAL '!N129)="","No Reportado",'COMERCIAL '!N129) -> #DIV/0! | HR4: =IF(TRIM('COMERCIAL '!B130)="","No Reportado",'COMERCIAL '!B130) -> No Reportado | HS4: =IF(TRIM('COMERCIAL '!D130)="","No Reportado",'COMERCIAL '!D130) -> No Reportado | HT4: =IF(TRIM('COMERCIAL '!G130)="","No Reportado",'COMERCIAL '!G130) -> #DIV/0! | HU4: =IF(TRIM('COMERCIAL '!I130)="","No Reportado",'COMERCIAL '!I130) -> No Reportado | HV4: =IF(TRIM('COMERCIAL '!L130)="","No Reportado",'COMERCIAL '!L130) -> No Reportado | HW4: =IF(TRIM('COMERCIAL '!N130)="","No Reportado",'COMERCIAL '!N130) -> #DIV/0! | HX4: =IF(TRIM('COMERCIAL '!B131)="","No Reportado",'COMERCIAL '!B131) -> No Reportado | HY4: =IF(TRIM('COMERCIAL '!D131)="","No Reportado",'COMERCIAL '!D131) -> No Reportado | HZ4: =IF(TRIM('COMERCIAL '!G131)="","No Reportado",'COMERCIAL '!G131) -> #DIV/0! | IA4: =IF(TRIM('COMERCIAL '!I131)="","No Reportado",'COMERCIAL '!I131) -> No Reportado | IB4: =IF(TRIM('COMERCIAL '!L131)="","No Reportado",'COMERCIAL '!L131) -> No Reportado | IC4: =IF(TRIM('COMERCIAL '!N131)="","No Reportado",'COMERCIAL '!N131) -> #DIV/0! | ID4: =IF(TRIM('COMERCIAL '!B132)="","No Reportado",'COMERCIAL '!B132) -> No Reportado | IE4: =IF(TRIM('COMERCIAL '!D132)="","No Reportado",'COMERCIAL '!D132) -> No Reportado | IF4: =IF(TRIM('COMERCIAL '!G132)="","No Reportado",'COMERCIAL '!G132) -> #DIV/0! | IG4: =IF(TRIM('COMERCIAL '!I132)="","No Reportado",'COMERCIAL '!I132) -> No Reportado | IH4: =IF(TRIM('COMERCIAL '!L132)="","No Reportado",'COMERCIAL '!L132) -> No Reportado | II4: =IF(TRIM('COMERCIAL '!N132)="","No Reportado",'COMERCIAL '!N132) -> #DIV/0! | IJ4: =IF(TRIM('COMERCIAL '!B133)="","No Reportado",'COMERCIAL '!B133) -> No Reportado | IK4: =IF(TRIM('COMERCIAL '!D133)="","No Reportado",'COMERCIAL '!D133) -> No Reportado | IL4: =IF(TRIM('COMERCIAL '!G133)="","No Reportado",'COMERCIAL '!G133) -> #DIV/0! | IM4: =IF(TRIM('COMERCIAL '!I133)="","No Reportado",'COMERCIAL '!I133) -> No Reportado | IN4: =IF(TRIM('COMERCIAL '!L133)="","No Reportado",'COMERCIAL '!L133) -> No Reportado | IO4: =IF(TRIM('COMERCIAL '!N133)="","No Reportado",'COMERCIAL '!N133) -> #DIV/0! | IP4: =IF(TRIM('COMERCIAL '!B134)="","No Reportado",'COMERCIAL '!B134) -> 0 | IQ4: =IF(TRIM('COMERCIAL '!D134)="","No Reportado",'COMERCIAL '!D134) -> 0 | IR4: =IF(TRIM('COMERCIAL '!G134)="","No Reportado",'COMERCIAL '!G134) -> #DIV/0! | IS4: =IF(TRIM('COMERCIAL '!I134)="","No Reportado",'COMERCIAL '!I134) -> 0 | IT4: =IF(TRIM('COMERCIAL '!L134)="","No Reportado",'COMERCIAL '!L134) -> 0 | IU4: =IF(TRIM('COMERCIAL '!N134)="","No Reportado",'COMERCIAL '!N134) -> #DIV/0! | IV4: =IF(TRIM('COMERCIAL '!I140)="","No Reportado",'COMERCIAL '!I140) -> No Reportado | IW4: =IF(TRIM('COMERCIAL '!I141)="","No Reportado",'COMERCIAL '!I141) -> No Reportado | IX4: =IF(TRIM('COMERCIAL '!I142)="","No Reportado",'COMERCIAL '!I142) -> No Reportado | IY4: =IF(TRIM('COMERCIAL '!I143)="","No Reportado",'COMERCIAL '!I143) -> No Reportado | IZ4: =IF(TRIM('COMERCIAL '!C144)="","No Reportado",'COMERCIAL '!C144) -> No Reportado | JA4: =IF(TRIM('COMERCIAL '!K149)="","No Reportado",'COMERCIAL '!K149) -> No Reportado | JB4: =IF(TRIM('COMERCIAL '!K150)="","No Reportado",'COMERCIAL '!K150) -> No Reportado | JC4: =IF(TRIM('COMERCIAL '!K151)="","No Reportado",'COMERCIAL '!K151) -> No Reportado | JD4: =IF(TRIM('COMERCIAL '!K152)="","No Reportado",'COMERCIAL '!K152) -> No Reportado | JE4: =IF(TRIM('COMERCIAL '!C153)="","No Reportado",'COMERCIAL '!C153) -> No Reportado | JF4: =IF(TRIM('COMERCIAL '!K153)="","No Reportado",'COMERCIAL '!K153) -> No Reportado | JG4: =IF(TRIM('COMERCIAL '!D156)="","No Reportado",'COMERCIAL '!D156) -> No Reportado | JH4: =IF(TRIM('COMERCIAL '!L156)="","No Reportado",'COMERCIAL '!L156) -> No Reportado | JI4: =IF(TRIM('COMERCIAL '!G161)="","No Reportado",'COMERCIAL '!G161) -> No Reportado | JJ4: =IF(TRIM('COMERCIAL '!I161)="","No Reportado",'COMERCIAL '!I161) -> No Reportado | JK4: =IF(TRIM('COMERCIAL '!K161)="","No Reportado",'COMERCIAL '!K161) -> #DIV/0! | JL4: =IF(TRIM('COMERCIAL '!G162)="","No Reportado",'COMERCIAL '!G162) -> No Reportado | JM4: =IF(TRIM('COMERCIAL '!I162)="","No Reportado",'COMERCIAL '!I162) -> No Reportado | JN4: =IF(TRIM('COMERCIAL '!K162)="","No Reportado",'COMERCIAL '!K162) -> #DIV/0! | JO4: =IF(TRIM('COMERCIAL '!G163)="","No Reportado",'COMERCIAL '!G163) -> No Reportado | JP4: =IF(TRIM('COMERCIAL '!I163)="","No Reportado",'COMERCIAL '!I163) -> No Reportado | JQ4: =IF(TRIM('COMERCIAL '!K163)="","No Reportado",'COMERCIAL '!K163) -> #DIV/0! | JR4: =IF(TRIM('COMERCIAL '!G168)="","No Reportado",'COMERCIAL '!G168) -> No Reportado | JS4: =IF(TRIM('COMERCIAL '!K168)="","No Reportado",'COMERCIAL '!K168) -> No Reportado | JT4: =IF(TRIM('COMERCIAL '!G169)="","No Reportado",'COMERCIAL '!G169) -> No Reportado | JU4: =IF(TRIM('COMERCIAL '!K169)="","No Reportado",'COMERCIAL '!K169) -> No Reportado | JV4: =IF(TRIM('COMERCIAL '!G170)="","No Reportado",'COMERCIAL '!G170) -> No Reportado | JW4: =IF(TRIM('COMERCIAL '!K170)="","No Reportado",'COMERCIAL '!K170) -> No Reportado | JX4: =IF(TRIM('COMERCIAL '!G171)="","No Reportado",'COMERCIAL '!G171) -> No Reportado | JY4: =IF(TRIM('COMERCIAL '!K171)="","No Reportado",'COMERCIAL '!K171) -> No Reportado | JZ4: =IF(TRIM('COMERCIAL '!G172)="","No Reportado",'COMERCIAL '!G172) -> No Reportado | KA4: =IF(TRIM('COMERCIAL '!K172)="","No Reportado",'COMERCIAL '!K172) -> No Reportado | KB4: =IF(TRIM('COMERCIAL '!G173)="","No Reportado",'COMERCIAL '!G173) -> 0 | KC4: =IF(TRIM('COMERCIAL '!K173)="","No Reportado",'COMERCIAL '!K173) -> 0 | KD4: =IF(TRIM('COMERCIAL '!B179)="","No Reportado",'COMERCIAL '!B179) -> No Reportado | KE4: =IF(TRIM('COMERCIAL '!C179)="","No Reportado",'COMERCIAL '!C179) -> No Reportado | KF4: =IF(TRIM('COMERCIAL '!E179)="","No Reportado",'COMERCIAL '!E179) -> No Reportado | KG4: =IF(TRIM('COMERCIAL '!G179)="","No Reportado",'COMERCIAL '!G179) -> No Reportado | KH4: =IF(TRIM('COMERCIAL '!I179)="","No Reportado",'COMERCIAL '!I179) -> No Reportado | KI4: =IF(TRIM('COMERCIAL '!K179)="","No Reportado",'COMERCIAL '!K179) -> No Reportado | KJ4: =IF(TRIM('COMERCIAL '!M179)="","No Reportado",'COMERCIAL '!M179) -> No Reportado | KK4: =IF(TRIM('COMERCIAL '!O179)="","No Reportado",'COMERCIAL '!O179) -> No Reportado | KL4: =IF(TRIM('COMERCIAL '!P179)="","No Reportado",'COMERCIAL '!P179) -> No Reportado | KM4: =IF(TRIM('COMERCIAL '!B180)="","No Reportado",'COMERCIAL '!B180) -> No Reportado | KN4: =IF(TRIM('COMERCIAL '!C180)="","No Reportado",'COMERCIAL '!C180) -> No Reportado | KO4: =IF(TRIM('COMERCIAL '!E180)="","No Reportado",'COMERCIAL '!E180) -> No Reportado | KP4: =IF(TRIM('COMERCIAL '!G180)="","No Reportado",'COMERCIAL '!G180) -> No Reportado | KQ4: =IF(TRIM('COMERCIAL '!I180)="","No Reportado",'COMERCIAL '!I180) -> No Reportado | KR4: =IF(TRIM('COMERCIAL '!K180)="","No Reportado",'COMERCIAL '!K180) -> No Reportado | KS4: =IF(TRIM('COMERCIAL '!M180)="","No Reportado",'COMERCIAL '!M180) -> No Reportado | KT4: =IF(TRIM('COMERCIAL '!O180)="","No Reportado",'COMERCIAL '!O180) -> No Reportado | KU4: =IF(TRIM('COMERCIAL '!P180)="","No Reportado",'COMERCIAL '!P180) -> No Reportado | KV4: =IF(TRIM('COMERCIAL '!B181)="","No Reportado",'COMERCIAL '!B181) -> No Reportado | KW4: =IF(TRIM('COMERCIAL '!C181)="","No Reportado",'COMERCIAL '!C181) -> No Reportado | KX4: =IF(TRIM('COMERCIAL '!E181)="","No Reportado",'COMERCIAL '!E181) -> No Reportado | KY4: =IF(TRIM('COMERCIAL '!G181)="","No Reportado",'COMERCIAL '!G181) -> No Reportado | KZ4: =IF(TRIM('COMERCIAL '!I181)="","No Reportado",'COMERCIAL '!I181) -> No Reportado | LA4: =IF(TRIM('COMERCIAL '!K181)="","No Reportado",'COMERCIAL '!K181) -> No Reportado | LB4: =IF(TRIM('COMERCIAL '!M181)="","No Reportado",'COMERCIAL '!M181) -> No Reportado | LC4: =IF(TRIM('COMERCIAL '!O181)="","No Reportado",'COMERCIAL '!O181) -> No Reportado | LD4: =IF(TRIM('COMERCIAL '!P181)="","No Reportado",'COMERCIAL '!P181) -> No Reportado | LE4: =IF(TRIM('COMERCIAL '!B182)="","No Reportado",'COMERCIAL '!B182) -> No Reportado | LF4: =IF(TRIM('COMERCIAL '!C182)="","No Reportado",'COMERCIAL '!C182) -> No Reportado | LG4: =IF(TRIM('COMERCIAL '!E182)="","No Reportado",'COMERCIAL '!E182) -> No Reportado | LH4: =IF(TRIM('COMERCIAL '!G182)="","No Reportado",'COMERCIAL '!G182) -> No Reportado | LI4: =IF(TRIM('COMERCIAL '!I182)="","No Reportado",'COMERCIAL '!I182) -> No Reportado | LJ4: =IF(TRIM('COMERCIAL '!K182)="","No Reportado",'COMERCIAL '!K182) -> No Reportado | LK4: =IF(TRIM('COMERCIAL '!M182)="","No Reportado",'COMERCIAL '!M182) -> No Reportado | LL4: =IF(TRIM('COMERCIAL '!O182)="","No Reportado",'COMERCIAL '!O182) -> No Reportado | LM4: =IF(TRIM('COMERCIAL '!P182)="","No Reportado",'COMERCIAL '!P182) -> No Reportado | LN4: =IF(TRIM('COMERCIAL '!B183)="","No Reportado",'COMERCIAL '!B183) -> No Reportado | LO4: =IF(TRIM('COMERCIAL '!C183)="","No Reportado",'COMERCIAL '!C183) -> No Reportado | LP4: =IF(TRIM('COMERCIAL '!E183)="","No Reportado",'COMERCIAL '!E183) -> No Reportado | LQ4: =IF(TRIM('COMERCIAL '!G183)="","No Reportado",'COMERCIAL '!G183) -> No Reportado | LR4: =IF(TRIM('COMERCIAL '!I183)="","No Reportado",'COMERCIAL '!I183) -> No Reportado | LS4: =IF(TRIM('COMERCIAL '!K183)="","No Reportado",'COMERCIAL '!K183) -> No Reportado | LT4: =IF(TRIM('COMERCIAL '!M183)="","No Reportado",'COMERCIAL '!M183) -> No Reportado | LU4: =IF(TRIM('COMERCIAL '!O183)="","No Reportado",'COMERCIAL '!O183) -> No Reportado | LV4: =IF(TRIM('COMERCIAL '!P183)="","No Reportado",'COMERCIAL '!P183) -> No Reportado | LW4: =IF(TRIM('COMERCIAL '!B184)="","No Reportado",'COMERCIAL '!B184) -> No Reportado | LX4: =IF(TRIM('COMERCIAL '!C184)="","No Reportado",'COMERCIAL '!C184) -> No Reportado | LY4: =IF(TRIM('COMERCIAL '!E184)="","No Reportado",'COMERCIAL '!E184) -> No Reportado | LZ4: =IF(TRIM('COMERCIAL '!G184)="","No Reportado",'COMERCIAL '!G184) -> No Reportado | MA4: =IF(TRIM('COMERCIAL '!I184)="","No Reportado",'COMERCIAL '!I184) -> No Reportado | MB4: =IF(TRIM('COMERCIAL '!K184)="","No Reportado",'COMERCIAL '!K184) -> No Reportado | MC4: =IF(TRIM('COMERCIAL '!M184)="","No Reportado",'COMERCIAL '!M184) -> No Reportado | MD4: =IF(TRIM('COMERCIAL '!O184)="","No Reportado",'COMERCIAL '!O184) -> No Reportado | ME4: =IF(TRIM('COMERCIAL '!P184)="","No Reportado",'COMERCIAL '!P184) -> No Reportado | MF4: =IF(TRIM('COMERCIAL '!B185)="","No Reportado",'COMERCIAL '!B185) -> No Reportado | MG4: =IF(TRIM('COMERCIAL '!C185)="","No Reportado",'COMERCIAL '!C185) -> No Reportado | MH4: =IF(TRIM('COMERCIAL '!E185)="","No Reportado",'COMERCIAL '!E185) -> No Reportado | MI4: =IF(TRIM('COMERCIAL '!G185)="","No Reportado",'COMERCIAL '!G185) -> No Reportado | MJ4: =IF(TRIM('COMERCIAL '!I185)="","No Reportado",'COMERCIAL '!I185) -> No Reportado | MK4: =IF(TRIM('COMERCIAL '!K185)="","No Reportado",'COMERCIAL '!K185) -> No Reportado | ML4: =IF(TRIM('COMERCIAL '!M185)="","No Reportado",'COMERCIAL '!M185) -> No Reportado | MM4: =IF(TRIM('COMERCIAL '!O185)="","No Reportado",'COMERCIAL '!O185) -> No Reportado | MN4: =IF(TRIM('COMERCIAL '!P185)="","No Reportado",'COMERCIAL '!P185) -> No Reportado | MO4: =IF(TRIM('COMERCIAL '!B186)="","No Reportado",'COMERCIAL '!B186) -> No Reportado | MP4: =IF(TRIM('COMERCIAL '!C186)="","No Reportado",'COMERCIAL '!C186) -> No Reportado | MQ4: =IF(TRIM('COMERCIAL '!E186)="","No Reportado",'COMERCIAL '!E186) -> No Reportado | MR4: =IF(TRIM('COMERCIAL '!G186)="","No Reportado",'COMERCIAL '!G186) -> No Reportado | MS4: =IF(TRIM('COMERCIAL '!I186)="","No Reportado",'COMERCIAL '!I186) -> No Reportado | MT4: =IF(TRIM('COMERCIAL '!K186)="","No Reportado",'COMERCIAL '!K186) -> No Reportado | MU4: =IF(TRIM('COMERCIAL '!M186)="","No Reportado",'COMERCIAL '!M186) -> No Reportado | MV4: =IF(TRIM('COMERCIAL '!O186)="","No Reportado",'COMERCIAL '!O186) -> No Reportado | MW4: =IF(TRIM('COMERCIAL '!P186)="","No Reportado",'COMERCIAL '!P186) -> No Reportado | MX4: =IF(TRIM('COMERCIAL '!B187)="","No Reportado",'COMERCIAL '!B187) -> No Reportado | MY4: =IF(TRIM('COMERCIAL '!C187)="","No Reportado",'COMERCIAL '!C187) -> No Reportado | MZ4: =IF(TRIM('COMERCIAL '!E187)="","No Reportado",'COMERCIAL '!E187) -> No Reportado | NA4: =IF(TRIM('COMERCIAL '!G187)="","No Reportado",'COMERCIAL '!G187) -> No Reportado | NB4: =IF(TRIM('COMERCIAL '!I187)="","No Reportado",'COMERCIAL '!I187) -> No Reportado | NC4: =IF(TRIM('COMERCIAL '!K187)="","No Reportado",'COMERCIAL '!K187) -> No Reportado | ND4: =IF(TRIM('COMERCIAL '!M187)="","No Reportado",'COMERCIAL '!M187) -> No Reportado | NE4: =IF(TRIM('COMERCIAL '!O187)="","No Reportado",'COMERCIAL '!O187) -> No Reportado | NF4: =IF(TRIM('COMERCIAL '!P187)="","No Reportado",'COMERCIAL '!P187) -> No Reportado | NG4: =IF(TRIM('COMERCIAL '!B188)="","No Reportado",'COMERCIAL '!B188) -> No Reportado | NH4: =IF(TRIM('COMERCIAL '!C188)="","No Reportado",'COMERCIAL '!C188) -> No Reportado | NI4: =IF(TRIM('COMERCIAL '!E188)="","No Reportado",'COMERCIAL '!E188) -> No Reportado | NJ4: =IF(TRIM('COMERCIAL '!G188)="","No Reportado",'COMERCIAL '!G188) -> No Reportado | NK4: =IF(TRIM('COMERCIAL '!I188)="","No Reportado",'COMERCIAL '!I188) -> No Reportado | NL4: =IF(TRIM('COMERCIAL '!K188)="","No Reportado",'COMERCIAL '!K188) -> No Reportado | NM4: =IF(TRIM('COMERCIAL '!M188)="","No Reportado",'COMERCIAL '!M188) -> No Reportado | NN4: =IF(TRIM('COMERCIAL '!O188)="","No Reportado",'COMERCIAL '!O188) -> No Reportado | NO4: =IF(TRIM('COMERCIAL '!P188)="","No Reportado",'COMERCIAL '!P188) -> No Reportado | NP4: =IF(TRIM('COMERCIAL '!B189)="","No Reportado",'COMERCIAL '!B189) -> No Reportado | NQ4: =IF(TRIM('COMERCIAL '!C189)="","No Reportado",'COMERCIAL '!C189) -> No Reportado | NR4: =IF(TRIM('COMERCIAL '!E189)="","No Reportado",'COMERCIAL '!E189) -> No Reportado | NS4: =IF(TRIM('COMERCIAL '!G189)="","No Reportado",'COMERCIAL '!G189) -> No Reportado | NT4: =IF(TRIM('COMERCIAL '!I189)="","No Reportado",'COMERCIAL '!I189) -> No Reportado | NU4: =IF(TRIM('COMERCIAL '!K189)="","No Reportado",'COMERCIAL '!K189) -> No Reportado | NV4: =IF(TRIM('COMERCIAL '!M189)="","No Reportado",'COMERCIAL '!M189) -> No Reportado | NW4: =IF(TRIM('COMERCIAL '!O189)="","No Reportado",'COMERCIAL '!O189) -> No Reportado | NX4: =IF(TRIM('COMERCIAL '!P189)="","No Reportado",'COMERCIAL '!P189) -> No Reportado | NY4: =IF(TRIM('COMERCIAL '!B190)="","No Reportado",'COMERCIAL '!B190) -> No Reportado | NZ4: =IF(TRIM('COMERCIAL '!C190)="","No Reportado",'COMERCIAL '!C190) -> No Reportado | OA4: =IF(TRIM('COMERCIAL '!E190)="","No Reportado",'COMERCIAL '!E190) -> No Reportado | OB4: =IF(TRIM('COMERCIAL '!G190)="","No Reportado",'COMERCIAL '!G190) -> No Reportado | OC4: =IF(TRIM('COMERCIAL '!I190)="","No Reportado",'COMERCIAL '!I190) -> No Reportado | OD4: =IF(TRIM('COMERCIAL '!K190)="","No Reportado",'COMERCIAL '!K190) -> No Reportado | OE4: =IF(TRIM('COMERCIAL '!M190)="","No Reportado",'COMERCIAL '!M190) -> No Reportado | OF4: =IF(TRIM('COMERCIAL '!O190)="","No Reportado",'COMERCIAL '!O190) -> No Reportado | OG4: =IF(TRIM('COMERCIAL '!P190)="","No Reportado",'COMERCIAL '!P190) -> No Reportado | OH4: =IF(TRIM('COMERCIAL '!B191)="","No Reportado",'COMERCIAL '!B191) -> 0 | OI4: =IF(TRIM('COMERCIAL '!C191)="","No Reportado",'COMERCIAL '!C191) -> 0 | OJ4: =IF(TRIM('COMERCIAL '!E191)="","No Reportado",'COMERCIAL '!E191) -> 0 | OK4: =IF(TRIM('COMERCIAL '!G191)="","No Reportado",'COMERCIAL '!G191) -> 0 | OL4: =IF(TRIM('COMERCIAL '!I191)="","No Reportado",'COMERCIAL '!I191) -> 0 | OM4: =IF(TRIM('COMERCIAL '!K191)="","No Reportado",'COMERCIAL '!K191) -> 0 | ON4: =IF(TRIM('COMERCIAL '!M191)="","No Reportado",'COMERCIAL '!M191) -> 0 | OO4: =IF(TRIM('COMERCIAL '!O191)="","No Reportado",'COMERCIAL '!O191) -> 0 | OP4: =IF(TRIM('COMERCIAL '!P191)="","No Reportado",'COMERCIAL '!P191) -> 0 | OQ4: =IF(TRIM('COMERCIAL '!B195)="","No Reportado",'COMERCIAL '!B195) -> No Reportado | OR4: =IF(TRIM('COMERCIAL '!D195)="","No Reportado",'COMERCIAL '!D195) -> No Reportado | OS4: =IF(TRIM('COMERCIAL '!G195)="","No Reportado",'COMERCIAL '!G195) -> #DIV/0! | OT4: =IF(TRIM('COMERCIAL '!I195)="","No Reportado",'COMERCIAL '!I195) -> No Reportado | OU4: =IF(TRIM('COMERCIAL '!L195)="","No Reportado",'COMERCIAL '!L195) -> No Reportado | OV4: =IF(TRIM('COMERCIAL '!N195)="","No Reportado",'COMERCIAL '!N195) -> #DIV/0! | OW4: =IF(TRIM('COMERCIAL '!B196)="","No Reportado",'COMERCIAL '!B196) -> No Reportado | OX4: =IF(TRIM('COMERCIAL '!D196)="","No Reportado",'COMERCIAL '!D196) -> No Reportado | OY4: =IF(TRIM('COMERCIAL '!G196)="","No Reportado",'COMERCIAL '!G196) -> #DIV/0! | OZ4: =IF(TRIM('COMERCIAL '!I196)="","No Reportado",'COMERCIAL '!I196) -> No Reportado | PA4: =IF(TRIM('COMERCIAL '!L196)="","No Reportado",'COMERCIAL '!L196) -> No Reportado | PB4: =IF(TRIM('COMERCIAL '!N196)="","No Reportado",'COMERCIAL '!N196) -> #DIV/0! | PC4: =IF(TRIM('COMERCIAL '!B197)="","No Reportado",'COMERCIAL '!B197) -> No Reportado | PD4: =IF(TRIM('COMERCIAL '!D197)="","No Reportado",'COMERCIAL '!D197) -> No Reportado | PE4: =IF(TRIM('COMERCIAL '!G197)="","No Reportado",'COMERCIAL '!G197) -> #DIV/0! | PF4: =IF(TRIM('COMERCIAL '!I197)="","No Reportado",'COMERCIAL '!I197) -> No Reportado | PG4: =IF(TRIM('COMERCIAL '!L197)="","No Reportado",'COMERCIAL '!L197) -> No Reportado | PH4: =IF(TRIM('COMERCIAL '!N197)="","No Reportado",'COMERCIAL '!N197) -> #DIV/0! | PI4: =IF(TRIM('COMERCIAL '!B198)="","No Reportado",'COMERCIAL '!B198) -> No Reportado | PJ4: =IF(TRIM('COMERCIAL '!D198)="","No Reportado",'COMERCIAL '!D198) -> No Reportado | PK4: =IF(TRIM('COMERCIAL '!G198)="","No Reportado",'COMERCIAL '!G198) -> #DIV/0! | PL4: =IF(TRIM('COMERCIAL '!I198)="","No Reportado",'COMERCIAL '!I198) -> No Reportado | PM4: =IF(TRIM('COMERCIAL '!L198)="","No Reportado",'COMERCIAL '!L198) -> No Reportado | PN4: =IF(TRIM('COMERCIAL '!N198)="","No Reportado",'COMERCIAL '!N198) -> #DIV/0! | PO4: =IF(TRIM('COMERCIAL '!B199)="","No Reportado",'COMERCIAL '!B199) -> No Reportado | PP4: =IF(TRIM('COMERCIAL '!D199)="","No Reportado",'COMERCIAL '!D199) -> No Reportado | PQ4: =IF(TRIM('COMERCIAL '!G199)="","No Reportado",'COMERCIAL '!G199) -> #DIV/0! | PR4: =IF(TRIM('COMERCIAL '!I199)="","No Reportado",'COMERCIAL '!I199) -> No Reportado | PS4: =IF(TRIM('COMERCIAL '!L199)="","No Reportado",'COMERCIAL '!L199) -> No Reportado | PT4: =IF(TRIM('COMERCIAL '!N199)="","No Reportado",'COMERCIAL '!N199) -> #DIV/0! | PU4: =IF(TRIM('COMERCIAL '!B200)="","No Reportado",'COMERCIAL '!B200) -> No Reportado | PV4: =IF(TRIM('COMERCIAL '!D200)="","No Reportado",'COMERCIAL '!D200) -> No Reportado | PW4: =IF(TRIM('COMERCIAL '!G200)="","No Reportado",'COMERCIAL '!G200) -> #DIV/0! | PX4: =IF(TRIM('COMERCIAL '!I200)="","No Reportado",'COMERCIAL '!I200) -> No Reportado | PY4: =IF(TRIM('COMERCIAL '!L200)="","No Reportado",'COMERCIAL '!L200) -> No Reportado | PZ4: =IF(TRIM('COMERCIAL '!N200)="","No Reportado",'COMERCIAL '!N200) -> #DIV/0! | QA4: =IF(TRIM('COMERCIAL '!B201)="","No Reportado",'COMERCIAL '!B201) -> No Reportado | QB4: =IF(TRIM('COMERCIAL '!D201)="","No Reportado",'COMERCIAL '!D201) -> No Reportado | QC4: =IF(TRIM('COMERCIAL '!G201)="","No Reportado",'COMERCIAL '!G201) -> #DIV/0! | QD4: =IF(TRIM('COMERCIAL '!I201)="","No Reportado",'COMERCIAL '!I201) -> No Reportado | QE4: =IF(TRIM('COMERCIAL '!L201)="","No Reportado",'COMERCIAL '!L201) -> No Reportado | QF4: =IF(TRIM('COMERCIAL '!N201)="","No Reportado",'COMERCIAL '!N201) -> #DIV/0! | QG4: =IF(TRIM('COMERCIAL '!B202)="","No Reportado",'COMERCIAL '!B202) -> No Reportado | QH4: =IF(TRIM('COMERCIAL '!D202)="","No Reportado",'COMERCIAL '!D202) -> No Reportado | QI4: =IF(TRIM('COMERCIAL '!G202)="","No Reportado",'COMERCIAL '!G202) -> #DIV/0! | QJ4: =IF(TRIM('COMERCIAL '!I202)="","No Reportado",'COMERCIAL '!I202) -> No Reportado | QK4: =IF(TRIM('COMERCIAL '!L202)="","No Reportado",'COMERCIAL '!L202) -> No Reportado | QL4: =IF(TRIM('COMERCIAL '!N202)="","No Reportado",'COMERCIAL '!N202) -> #DIV/0! | QM4: =IF(TRIM('COMERCIAL '!B203)="","No Reportado",'COMERCIAL '!B203) -> No Reportado | QN4: =IF(TRIM('COMERCIAL '!D203)="","No Reportado",'COMERCIAL '!D203) -> No Reportado | QO4: =IF(TRIM('COMERCIAL '!G203)="","No Reportado",'COMERCIAL '!G203) -> #DIV/0! | QP4: =IF(TRIM('COMERCIAL '!I203)="","No Reportado",'COMERCIAL '!I203) -> No Reportado | QQ4: =IF(TRIM('COMERCIAL '!L203)="","No Reportado",'COMERCIAL '!L203) -> No Reportado | QR4: =IF(TRIM('COMERCIAL '!N203)="","No Reportado",'COMERCIAL '!N203) -> #DIV/0! | QS4: =IF(TRIM('COMERCIAL '!B204)="","No Reportado",'COMERCIAL '!B204) -> No Reportado | QT4: =IF(TRIM('COMERCIAL '!D204)="","No Reportado",'COMERCIAL '!D204) -> No Reportado | QU4: =IF(TRIM('COMERCIAL '!G204)="","No Reportado",'COMERCIAL '!G204) -> #DIV/0! | QV4: =IF(TRIM('COMERCIAL '!I204)="","No Reportado",'COMERCIAL '!I204) -> No Reportado | QW4: =IF(TRIM('COMERCIAL '!L204)="","No Reportado",'COMERCIAL '!L204) -> No Reportado | QX4: =IF(TRIM('COMERCIAL '!N204)="","No Reportado",'COMERCIAL '!N204) -> #DIV/0! | QY4: =IF(TRIM('COMERCIAL '!B205)="","No Reportado",'COMERCIAL '!B205) -> No Reportado | QZ4: =IF(TRIM('COMERCIAL '!D205)="","No Reportado",'COMERCIAL '!D205) -> No Reportado | RA4: =IF(TRIM('COMERCIAL '!G205)="","No Reportado",'COMERCIAL '!G205) -> #DIV/0! | RB4: =IF(TRIM('COMERCIAL '!I205)="","No Reportado",'COMERCIAL '!I205) -> No Reportado | RC4: =IF(TRIM('COMERCIAL '!L205)="","No Reportado",'COMERCIAL '!L205) -> No Reportado | RD4: =IF(TRIM('COMERCIAL '!N205)="","No Reportado",'COMERCIAL '!N205) -> #DIV/0! | RE4: =IF(TRIM('COMERCIAL '!B206)="","No Reportado",'COMERCIAL '!B206) -> No Reportado | RF4: =IF(TRIM('COMERCIAL '!D206)="","No Reportado",'COMERCIAL '!D206) -> No Reportado | RG4: =IF(TRIM('COMERCIAL '!G205)="","No Reportado",'COMERCIAL '!G205) -> #DIV/0! | RH4: =IF(TRIM('COMERCIAL '!I206)="","No Reportado",'COMERCIAL '!I206) -> No Reportado | RI4: =IF(TRIM('COMERCIAL '!L206)="","No Reportado",'COMERCIAL '!L206) -> No Reportado | RJ4: =IF(TRIM('COMERCIAL '!N206)="","No Reportado",'COMERCIAL '!N206) -> #DIV/0! | RK4: =IF(TRIM('COMERCIAL '!B207)="","No Reportado",'COMERCIAL '!B207) -> 0 | RL4: =IF(TRIM('COMERCIAL '!D207)="","No Reportado",'COMERCIAL '!D207) -> 0 | RM4: =IF(TRIM('COMERCIAL '!G207)="","No Reportado",'COMERCIAL '!G207) -> #DIV/0! | RN4: =IF(TRIM('COMERCIAL '!I207)="","No Reportado",'COMERCIAL '!I207) -> 0 | RO4: =IF(TRIM('COMERCIAL '!L207)="","No Reportado",'COMERCIAL '!L207) -> 0 | RP4: =IF(TRIM('COMERCIAL '!N207)="","No Reportado",'COMERCIAL '!N207) -> #DIV/0! | RQ4: =IF(TRIM('COMERCIAL '!N211)="","No Reportado",'COMERCIAL '!N211) -> #DIV/0! | RR4: =IF(TRIM('COMERCIAL '!N213)="","No Reportado",'COMERCIAL '!N213) -> #DIV/0! | RS4: =IF(TRIM('COMERCIAL '!N215)="","No Reportado",'COMERCIAL '!N215) -> #DIV/0! | RT4: =IF(TRIM('COMERCIAL '!N217)="","No Reportado",'COMERCIAL '!N217) -> #DIV/0! | RU4: =IF(TRIM('COMERCIAL '!N219)="","No Reportado",'COMERCIAL '!N219) -> #DIV/0! | RV4: =IF(TRIM('COMERCIAL '!N221)="","No Reportado",'COMERCIAL '!N221) -> #DIV/0!

Sheet FINANCIERO.
C1: DIAGNÓSTICO INTEGRAL A PRESTADORES RURALES | Q1: Código: AS-F272
Q2: Versión: 01
Q3: Fecha: 09/07/2025
A5: Nombre o Razón social del prestador: | I5: Fecha:
A7: 5. ASPECTOS FINANCIEROS
B9: Contabilidad por servicios | J9: Sistema de Costos ABC
B11: Normas NIIF | J11: Presupuesto de Ingresos y Gastos
B13: Acto Administrativo de Adopción | J13: Fecha Aprobación
B15: Estudio de Viabilidad Financiera | J15: Estado de situación financiera
B17: Estado de resultados | J17: Libros de contabilidad
B19: Registro decartera morosa
A21: 5.1. Información Financiera de la Entidad Prestadora
A23: Concepto | C23: Anterior Vigencia Fiscal Completa | L23: Última Vigencia Fiscal Completa
C24: Acueducto | F24: Alcantarillado | I24: Aseo | L24: Acueducto | O24: Alcantarillado | R24: Aseo
A25: Caja y Bancos
A26: Cuentas por cobrar a suscriptores
A27: Otras Cuentas por cobrar
A28: Inventarios
A29: Total Activo Corriente | C29: =SUM(C25:E28) -> 0 | F29: =SUM(F25:H28) -> 0 | I29: =SUM(I25:K28) -> 0 | L29: =SUM(L25:N28) -> 0 | O29: =SUM(O25:Q28) -> 0 | R29: =SUM(R25:T28) -> 0
A30: Propiedad, Planta y Equipo
A31: Inversiones Largo Plazo
A32: Depreciaciónes y Amortizaciones
A33: Total Activo No Corriente | C33: =SUM(C30:E32) -> 0 | F33: =SUM(F30:H32) -> 0 | I33: =SUM(I30:K32) -> 0 | L33: =SUM(L30:N32) -> 0 | O33: =SUM(O30:Q32) -> 0 | R33: =SUM(R30:T32) -> 0
A34: Total Activo | C34: =C29+C33 -> 0 | F34: =F29+F33 -> 0 | I34: =I29+I33 -> 0 | L34: =L29+L33 -> 0 | O34: =O29+O33 -> 0 | R34: =R29+R33 -> 0
A35: Proveedores
A36: Beneficios a Empleados
A37: Impuestos, contribuciones y Tasas
A38: Total Pasivo Corriente | C38: =SUM(C35:E37) -> 0 | F38: =SUM(F35:H37) -> 0 | I38: =SUM(I35:K37) -> 0 | L38: =SUM(L35:N37) -> 0 | O38: =SUM(O35:Q37) -> 0 | R38: =SUM(R35:T37) -> 0
A39: Obligaciones a Largo Plazo
A40: Total Pasivo No Corriente | C40: =+C39 -> 0 | F40: =+F39 -> 0 | I40: =+I39 -> 0 | L40: =+L39 -> 0 | O40: =+O39 -> 0 | R40: =+R39 -> 0
A41: Total Pasivo | C41: =C38+C40 -> 0 | F41: =F38+F40 -> 0 | I41: =I38+I40 -> 0 | L41: =L38+L40 -> 0 | O41: =O38+O40 -> 0 | R41: =R38+R40 -> 0
A42: Capital Suscrito
A43: Resultado del Ejercicio
A44: Utilidades Acumuladas
A45: Reservas
A46: Total Patrimonio | C46: =SUM(C42:E45) -> 0 | F46: =SUM(F42:H45) -> 0 | I46: =SUM(I42:K45) -> 0 | L46: =SUM(L42:N45) -> 0 | O46: =SUM(O42:Q45) -> 0 | R46: =SUM(R42:T45) -> 0
A47: Ingresos operacionales | Y47: Si
A48: Ingresos no operacionales | Y48: No
A49: Total Ingresos | C49: =SUM(C47:E48) -> 0 | F49: =SUM(F47:H48) -> 0 | I49: =SUM(I47:K48) -> 0 | L49: =SUM(L47:N48) -> 0 | O49: =SUM(O47:Q48) -> 0 | R49: =SUM(R47:T48) -> 0
A50: Total facturado a suscriptores
A51: Valor recaudado
A52: Gastos no operacionales
A53: Gastos de administración
A54: Gastos de operación
A55: Gastos de mantenimiento
A56: Total Gastos | C56: =SUM(C52:E55) -> 0 | F56: =SUM(F52:H55) -> 0 | I56: =SUM(I52:K55) -> 0 | L56: =SUM(L52:N55) -> 0 | O56: =SUM(O52:Q55) -> 0 | R56: =SUM(R52:T55) -> 0
A57: Costos de producción
A58: Otros costos no operacionales
A59: Costos de administración
A60: Costos de operación
A61: Costos de mantenimiento
A62: Total costos | C62: =SUM(C57:E61) -> 0 | F62: =SUM(F57:H61) -> 0 | I62: =SUM(I57:K61) -> 0 | L62: =SUM(L57:N61) -> 0 | O62: =SUM(O57:Q61) -> 0 | R62: =SUM(R57:T61) -> 0
A64: Información Financiera Adicional | W64: Mantenimiento Correctivo
W65: Ampliaciones del Sistema
A66: El prestador tiene cuenta bancaria | W66: Otras Actividades ajenas a la operación y mantenimiento
A68: Cuenta con fondos dispobibles en la cuenta | L68: Monto Actual
A70: Existe fondo de Reserva
A74: Como se usa el Fondo de Reserva:
A78: 5.2. Indicadores de Gestión Financiera
A80: Cubrimiento de costos | D80: Ingresos operacionales | L80: =+SUM(J49:T49) -> 0 | R80: =+L80/L81 -> #DIV/0!
D81: Gastos y costos de Adm., Operación y Mtto | L81: =+SUM(J56:T56)+SUM(J62:T62) -> 0
A82: Índice de Liquidez - IL: | D82: Activo Corriente | L82: =+SUM(I29:T29) -> 0 | R82: =+L82/L83 -> #DIV/0!
D83: Pasivo Corriente | L83: =+SUM(J38:T38) -> 0
A84: Índice de Endeudamiento | D84: Pasivo Total | L84: =+SUM(J41:T41) -> 0 | R84: =+L84/L85 -> #DIV/0!
D85: Patrimonio | L85: =+SUM(J46:T46) -> 0
A87: Funcionario de EPC que realiza el diagnostico:

Sheet RESPUESTA DE FINANCIERO
A1: 5. ASPECTOS FINANCIEROS | L1: 5.1. Información Financiera de la Entidad Prestadora | IF1: Información Financiera Adicional | IK1: INDICADORES | IN1: DIAGNOSTICO REALIZADO
L2: Anterior Vigencia Fiscal Completa Acueducto | AX2: Anterior Vigencia Fiscal Completa Alcantarillado | CJ2: Anterior Vigencia Fiscal Completa Aseo | DV2: Ultima Vigencia Fiscal Completa Acueducto | FH2: Ultima Vigencia Fiscal Completa Alcantarillado | GT2: Ultima Vigencia Fiscal Completa Aseo
A3: Contabilidad por servicios | B3: Sistema de Costos ABC | C3: Normas NIIF | D3: Presupuesto de Ingresos y Gastos | E3: Acto Administrativo de Adopción | F3: Fecha Aprobación | G3: Estudio de Viabilidad Financiera | H3: Estado de situación financiera | I3: Estado de resultados | J3: Libros de contabilidad | K3: Registro decartera morosa | L3: cajas y bancos | M3: Cuentas por cobrar a suscriptores | N3: Otras Cuentas por cobrar | O3: Inventarios | P3: Total Activo Corriente | Q3: Propiedad, Planta y Equipo | R3: Inversiones Largo Plazo | S3: Depreciaciónes y Amortizaciones | T3: Total Activo No Corriente | U3: Total Activo | V3: Proveedores | W3: Beneficios a Empleados | X3: Impuestos, contribuciones y Tasas | Y3: Total Pasivo Corriente | Z3: Obligaciones a Largo Plazo | AA3: Total Pasivo No Corriente | AB3: Total Pasivo | AC3: Capital Suscrito | AD3: Resultado del Ejercicio | AE3: Utilidades Acumuladas | AF3: Reservas | AG3: Total Patrimonio | AH3: Ingresos operacionales | AI3: Ingresos no operacionales | AJ3: Total Ingresos | AK3: Total facturado a suscriptores | AL3: Valor recaudado | AM3: Gastos no operacionales | AN3: Gastos de administración | AO3: Gastos de operación | AP3: Gastos de mantenimiento | AQ3: Total Gastos | AR3: Costos de producción | AS3: Otros costos no operacionales | AT3: Costos de administración | AU3: Costos de operación | AV3: Costos de mantenimiento | AW3: Total costos | AX3: cajas y bancos | AY3: Cuentas por cobrar a suscriptores | AZ3: Otras Cuentas por cobrar | BA3: Inventarios | BB3: Total Activo Corriente | BC3: Propiedad, Planta y Equipo | BD3: Inversiones Largo Plazo | BE3: Depreciaciónes y Amortizaciones | BF3: Total Activo No Corriente | BG3: Total Activo | BH3: Proveedores | BI3: Beneficios a Empleados | BJ3: Impuestos, contribuciones y Tasas | BK3: Total Pasivo Corriente | BL3: Obligaciones a Largo Plazo | BM3: Total Pasivo No Corriente | BN3: Total Pasivo | BO3: Capital Suscrito | BP3: Resultado del Ejercicio | BQ3: Utilidades Acumuladas | BR3: Reservas | BS3: Total Patrimonio | BT3: Ingresos operacionales | BU3: Ingresos no operacionales | BV3: Total Ingresos | BW3: Total facturado a suscriptores | BX3: Valor recaudado | BY3: Gastos no operacionales | BZ3: Gastos de administración | CA3: Gastos de operación | CB3: Gastos de mantenimiento | CC3: Total Gastos | CD3: Costos de producción | CE3: Otros costos no operacionales | CF3: Costos de administración | CG3: Costos de operación | CH3: Costos de mantenimiento | CI3: Total costos | CJ3: cajas y bancos | CK3: Cuentas por cobrar a suscriptores | CL3: Otras Cuentas por cobrar | CM3: Inventarios | CN3: Total Activo Corriente | CO3: Propiedad, Planta y Equipo | CP3: Inversiones Largo Plazo | CQ3: Depreciaciónes y Amortizaciones | CR3: Total Activo No Corriente | CS3: Total Activo | CT3: Proveedores | CU3: Beneficios a Empleados | CV3: Impuestos, contribuciones y Tasas | CW3: Total Pasivo Corriente | CX3: Obligaciones a Largo Plazo | CY3: Total Pasivo No Corriente | CZ3: Total Pasivo | DA3: Capital Suscrito | DB3: Resultado del Ejercicio | DC3: Utilidades Acumuladas | DD3: Reservas | DE3: Total Patrimonio | DF3: Ingresos operacionales | DG3: Ingresos no operacionales | DH3: Total Ingresos | DI3: Total facturado a suscriptores | DJ3: Valor recaudado | DK3: Gastos no operacionales | DL3: Gastos de administración | DM3: Gastos de operación | DN3: Gastos de mantenimiento | DO3: Total Gastos | DP3: Costos de producción | DQ3: Otros costos no operacionales | DR3: Costos de administración | DS3: Costos de operación | DT3: Costos de mantenimiento | DU3: Total costos | DV3: cajas y bancos | DW3: Cuentas por cobrar a suscriptores | DX3: Otras Cuentas por cobrar | DY3: Inventarios | DZ3: Total Activo Corriente | EA3: Propiedad, Planta y Equipo | EB3: Inversiones Largo Plazo | EC3: Depreciaciónes y Amortizaciones | ED3: Total Activo No Corriente | EE3: Total Activo | EF3: Proveedores | EG3: Beneficios a Empleados | EH3: Impuestos, contribuciones y Tasas | EI3: Total Pasivo Corriente | EJ3: Obligaciones a Largo Plazo | EK3: Total Pasivo No Corriente | EL3: Total Pasivo | EM3: Capital Suscrito | EN3: Resultado del Ejercicio | EO3: Utilidades Acumuladas | EP3: Reservas | EQ3: Total Patrimonio | ER3: Ingresos operacionales | ES3: Ingresos no operacionales | ET3: Total Ingresos | EU3: Total facturado a suscriptores | EV3: Valor recaudado | EW3: Gastos no operacionales | EX3: Gastos de administración | EY3: Gastos de operación | EZ3: Gastos de mantenimiento | FA3: Total Gastos | FB3: Costos de producción | FC3: Otros costos no operacionales | FD3: Costos de administración | FE3: Costos de operación | FF3: Costos de mantenimiento | FG3: Total costos | FH3: cajas y bancos | FI3: Cuentas por cobrar a suscriptores | FJ3: Otras Cuentas por cobrar | FK3: Inventarios | FL3: Total Activo Corriente | FM3: Propiedad, Planta y Equipo | FN3: Inversiones Largo Plazo | FO3: Depreciaciónes y Amortizaciones | FP3: Total Activo No Corriente | FQ3: Total Activo | FR3: Proveedores | FS3: Beneficios a Empleados | FT3: Impuestos, contribuciones y Tasas | FU3: Total Pasivo Corriente | FV3: Obligaciones a Largo Plazo | FW3: Total Pasivo No Corriente | FX3: Total Pasivo | FY3: Capital Suscrito | FZ3: Resultado del Ejercicio | GA3: Utilidades Acumuladas | GB3: Reservas | GC3: Total Patrimonio | GD3: Ingresos operacionales | GE3: Ingresos no operacionales | GF3: Total Ingresos | GG3: Total facturado a suscriptores | GH3: Valor recaudado | GI3: Gastos no operacionales | GJ3: Gastos de administración | GK3: Gastos de operación | GL3: Gastos de mantenimiento | GM3: Total Gastos | GN3: Costos de producción | GO3: Otros costos no operacionales | GP3: Costos de administración | GQ3: Costos de operación | GR3: Costos de mantenimiento | GS3: Total costos | GT3: cajas y bancos | GU3: Cuentas por cobrar a suscriptores | GV3: Otras Cuentas por cobrar | GW3: Inventarios | GX3: Total Activo Corriente | GY3: Propiedad, Planta y Equipo | GZ3: Inversiones Largo Plazo | HA3: Depreciaciónes y Amortizaciones | HB3: Total Activo No Corriente | HC3: Total Activo | HD3: Proveedores | HE3: Beneficios a Empleados | HF3: Impuestos, contribuciones y Tasas | HG3: Total Pasivo Corriente | HH3: Obligaciones a Largo Plazo | HI3: Total Pasivo No Corriente | HJ3: Total Pasivo | HK3: Capital Suscrito | HL3: Resultado del Ejercicio | HM3: Utilidades Acumuladas | HN3: Reservas | HO3: Total Patrimonio | HP3: Ingresos operacionales | HQ3: Ingresos no operacionales | HR3: Total Ingresos | HS3: Total facturado a suscriptores | HT3: Valor recaudado | HU3: Gastos no operacionales | HV3: Gastos de administración | HW3: Gastos de operación | HX3: Gastos de mantenimiento | HY3: Total Gastos | HZ3: Costos de producción | IA3: Otros costos no operacionales | IB3: Costos de administración | IC3: Costos de operación | ID3: Costos de mantenimiento | IE3: Total costos | IF3: El prestador tiene cuenta bancaria | IG3: Cuenta con fondos dispobibles en la cuenta | IH3: Monto Actual | II3: Existe fondo de Reserva | IJ3: Como se usa el Fondo de Reserva: | IK3: Cubrimiento de costos | IL3: Índice de Liquidez - IL: | IM3: Índice de Endeudamiento | IN3: FUNCIONARIO DE EPC QUE REALIZO EL DIANOSTICO | IP3: FECHA DE ELBAROCAION DEL DIAGNOSTICO
A4: =IF(TRIM(FINANCIERO.!F9)="","No Reportado",(FINANCIERO.!F9)) -> No Reportado | B4: =IF(TRIM(FINANCIERO.!P9)="","No Reportado",(FINANCIERO.!P9)) -> No Reportado | C4: =IF(TRIM(FINANCIERO.!F11)="","No Reportado",(FINANCIERO.!F11)) -> No Reportado | D4: =IF(TRIM(FINANCIERO.!P11)="","No Reportado",(FINANCIERO.!P11)) -> No Reportado | E4: =IF(TRIM(FINANCIERO.!F13)="","No Reportado",(FINANCIERO.!F13)) -> No Reportado | F4: =IF(TRIM(FINANCIERO.!P13)="","No Reportado",(FINANCIERO.!P13)) -> No Reportado | G4: =IF(TRIM(FINANCIERO.!F15)="","No Reportado",(FINANCIERO.!F15)) -> No Reportado | H4: =IF(TRIM(FINANCIERO.!P15)="","No Reportado",(FINANCIERO.!P15)) -> No Reportado | I4: =IF(TRIM(FINANCIERO.!F17)="","No Reportado",(FINANCIERO.!F17)) -> No Reportado | J4: =IF(TRIM(FINANCIERO.!P17)="","No Reportado",(FINANCIERO.!P17)) -> No Reportado | K4: =IF(TRIM(FINANCIERO.!F19)="","No Reportado",(FINANCIERO.!F17)) -> No Reportado | L4: =IF(TRIM(FINANCIERO.!C25)="","No Reportado",(FINANCIERO.!C25)) -> No Reportado | M4: =IF(TRIM(FINANCIERO.!C26)="","No Reportado",(FINANCIERO.!C26)) -> No Reportado | N4: =IF(TRIM(FINANCIERO.!C27)="","No Reportado",(FINANCIERO.!C27)) -> No Reportado | O4: =IF(TRIM(FINANCIERO.!C28)="","No Reportado",(FINANCIERO.!C28)) -> No Reportado | P4: =IF(TRIM(FINANCIERO.!C29)="","No Reportado",(FINANCIERO.!C29)) -> 0 | Q4: =IF(TRIM(FINANCIERO.!C30)="","No Reportado",(FINANCIERO.!C30)) -> No Reportado | R4: =IF(TRIM(FINANCIERO.!C31)="","No Reportado",(FINANCIERO.!C31)) -> No Reportado | S4: =IF(TRIM(FINANCIERO.!C32)="","No Reportado",(FINANCIERO.!C32)) -> No Reportado | T4: =IF(TRIM(FINANCIERO.!C33)="","No Reportado",(FINANCIERO.!C33)) -> 0 | U4: =IF(TRIM(FINANCIERO.!C34)="","No Reportado",(FINANCIERO.!C34)) -> 0 | V4: =IF(TRIM(FINANCIERO.!C35)="","No Reportado",(FINANCIERO.!C35)) -> No Reportado | W4: =IF(TRIM(FINANCIERO.!C36)="","No Reportado",(FINANCIERO.!C36)) -> No Reportado | X4: =IF(TRIM(FINANCIERO.!C37)="","No Reportado",(FINANCIERO.!C37)) -> No Reportado | Y4: =IF(TRIM(FINANCIERO.!C38)="","No Reportado",(FINANCIERO.!C38)) -> 0 | Z4: =IF(TRIM(FINANCIERO.!C39)="","No Reportado",(FINANCIERO.!C39)) -> No Reportado | AA4: =IF(TRIM(FINANCIERO.!C40)="","No Reportado",(FINANCIERO.!C40)) -> 0 | AB4: =IF(TRIM(FINANCIERO.!C41)="","No Reportado",(FINANCIERO.!C41)) -> 0 | AC4: =IF(TRIM(FINANCIERO.!C42)="","No Reportado",(FINANCIERO.!C42)) -> No Reportado | AD4: =IF(TRIM(FINANCIERO.!C43)="","No Reportado",(FINANCIERO.!C43)) -> No Reportado | AE4: =IF(TRIM(FINANCIERO.!C44)="","No Reportado",(FINANCIERO.!C44)) -> No Reportado | AF4: =IF(TRIM(FINANCIERO.!C45)="","No Reportado",(FINANCIERO.!C45)) -> No Reportado | AG4: =IF(TRIM(FINANCIERO.!C46)="","No Reportado",(FINANCIERO.!C46)) -> 0 | AH4: =IF(TRIM(FINANCIERO.!C47)="","No Reportado",(FINANCIERO.!C47)) -> No Reportado | AI4: =IF(TRIM(FINANCIERO.!C48)="","No Reportado",(FINANCIERO.!C48)) -> No Reportado | AJ4: =IF(TRIM(FINANCIERO.!C49)="","No Reportado",(FINANCIERO.!C49)) -> 0 | AK4: =IF(TRIM(FINANCIERO.!C50)="","No Reportado",(FINANCIERO.!C50)) -> No Reportado | AL4: =IF(TRIM(FINANCIERO.!C51)="","No Reportado",(FINANCIERO.!C51)) -> No Reportado | AM4: =IF(TRIM(FINANCIERO.!C52)="","No Reportado",(FINANCIERO.!C52)) -> No Reportado | AN4: =IF(TRIM(FINANCIERO.!C53)="","No Reportado",(FINANCIERO.!C53)) -> No Reportado | AO4: =IF(TRIM(FINANCIERO.!C54)="","No Reportado",(FINANCIERO.!C54)) -> No Reportado | AP4: =IF(TRIM(FINANCIERO.!C55)="","No Reportado",(FINANCIERO.!C55)) -> No Reportado | AQ4: =IF(TRIM(FINANCIERO.!C56)="","No Reportado",(FINANCIERO.!C56)) -> 0 | AR4: =IF(TRIM(FINANCIERO.!C57)="","No Reportado",(FINANCIERO.!C57)) -> No Reportado | AS4: =IF(TRIM(FINANCIERO.!C58)="","No Reportado",(FINANCIERO.!C58)) -> No Reportado | AT4: =IF(TRIM(FINANCIERO.!C59)="","No Reportado",(FINANCIERO.!C59)) -> No Reportado | AU4: =IF(TRIM(FINANCIERO.!C60)="","No Reportado",(FINANCIERO.!C60)) -> No Reportado | AV4: =IF(TRIM(FINANCIERO.!C61)="","No Reportado",(FINANCIERO.!C61)) -> No Reportado | AW4: =IF(TRIM(FINANCIERO.!C62)="","No Reportado",(FINANCIERO.!C62)) -> 0 | AX4: =IF(TRIM(FINANCIERO.!F25)="","No Reportado",(FINANCIERO.!F25)) -> No Reportado | AY4: =IF(TRIM(FINANCIERO.!F26)="","No Reportado",(FINANCIERO.!F26)) -> No Reportado | AZ4: =IF(TRIM(FINANCIERO.!F27)="","No Reportado",(FINANCIERO.!F27)) -> No Reportado | BA4: =IF(TRIM(FINANCIERO.!F28)="","No Reportado",(FINANCIERO.!F28)) -> No Reportado | BB4: =IF(TRIM(FINANCIERO.!F29)="","No Reportado",(FINANCIERO.!F29)) -> 0 | BC4: =IF(TRIM(FINANCIERO.!F30)="","No Reportado",(FINANCIERO.!F30)) -> No Reportado | BD4: =IF(TRIM(FINANCIERO.!F31)="","No Reportado",(FINANCIERO.!F31)) -> No Reportado | BE4: =IF(TRIM(FINANCIERO.!F32)="","No Reportado",(FINANCIERO.!F32)) -> No Reportado | BF4: =IF(TRIM(FINANCIERO.!F33)="","No Reportado",(FINANCIERO.!F33)) -> 0 | BG4: =IF(TRIM(FINANCIERO.!F34)="","No Reportado",(FINANCIERO.!F34)) -> 0 | BH4: =IF(TRIM(FINANCIERO.!F35)="","No Reportado",(FINANCIERO.!F35)) -> No Reportado | BI4: =IF(TRIM(FINANCIERO.!F36)="","No Reportado",(FINANCIERO.!F36)) -> No Reportado | BJ4: =IF(TRIM(FINANCIERO.!F37)="","No Reportado",(FINANCIERO.!F37)) -> No Reportado | BK4: =IF(TRIM(FINANCIERO.!F38)="","No Reportado",(FINANCIERO.!F38)) -> 0 | BL4: =IF(TRIM(FINANCIERO.!F39)="","No Reportado",(FINANCIERO.!F39)) -> No Reportado | BM4: =IF(TRIM(FINANCIERO.!F40)="","No Reportado",(FINANCIERO.!F40)) -> 0 | BN4: =IF(TRIM(FINANCIERO.!F41)="","No Reportado",(FINANCIERO.!F41)) -> 0 | BO4: =IF(TRIM(FINANCIERO.!F42)="","No Reportado",(FINANCIERO.!F42)) -> No Reportado | BP4: =IF(TRIM(FINANCIERO.!F43)="","No Reportado",(FINANCIERO.!F43)) -> No Reportado | BQ4: =IF(TRIM(FINANCIERO.!F44)="","No Reportado",(FINANCIERO.!F44)) -> No Reportado | BR4: =IF(TRIM(FINANCIERO.!F45)="","No Reportado",(FINANCIERO.!F45)) -> No Reportado | BS4: =IF(TRIM(FINANCIERO.!F46)="","No Reportado",(FINANCIERO.!F46)) -> 0 | BT4: =IF(TRIM(FINANCIERO.!F47)="","No Reportado",(FINANCIERO.!F47)) -> No Reportado | BU4: =IF(TRIM(FINANCIERO.!F48)="","No Reportado",(FINANCIERO.!F48)) -> No Reportado | BV4: =IF(TRIM(FINANCIERO.!F49)="","No Reportado",(FINANCIERO.!F49)) -> 0 | BW4: =IF(TRIM(FINANCIERO.!F50)="","No Reportado",(FINANCIERO.!F50)) -> No Reportado | BX4: =IF(TRIM(FINANCIERO.!F51)="","No Reportado",(FINANCIERO.!F51)) -> No Reportado | BY4: =IF(TRIM(FINANCIERO.!F52)="","No Reportado",(FINANCIERO.!F52)) -> No Reportado | BZ4: =IF(TRIM(FINANCIERO.!F53)="","No Reportado",(FINANCIERO.!F53)) -> No Reportado | CA4: =IF(TRIM(FINANCIERO.!F54)="","No Reportado",(FINANCIERO.!F54)) -> No Reportado | CB4: =IF(TRIM(FINANCIERO.!F55)="","No Reportado",(FINANCIERO.!F55)) -> No Reportado | CC4: =IF(TRIM(FINANCIERO.!F56)="","No Reportado",(FINANCIERO.!F56)) -> 0 | CD4: =IF(TRIM(FINANCIERO.!F57)="","No Reportado",(FINANCIERO.!F57)) -> No Reportado | CE4: =IF(TRIM(FINANCIERO.!F58)="","No Reportado",(FINANCIERO.!F58)) -> No Reportado | CF4: =IF(TRIM(FINANCIERO.!F59)="","No Reportado",(FINANCIERO.!F59)) -> No Reportado | CG4: =IF(TRIM(FINANCIERO.!F60)="","No Reportado",(FINANCIERO.!F60)) -> No Reportado | CH4: =IF(TRIM(FINANCIERO.!F61)="","No Reportado",(FINANCIERO.!F61)) -> No Reportado | CI4: =IF(TRIM(FINANCIERO.!F62)="","No Reportado",(FINANCIERO.!F62)) -> 0 | CJ4: =IF(TRIM(FINANCIERO.!I25)="","No Reportado",(FINANCIERO.!I25)) -> No Reportado | CK4: =IF(TRIM(FINANCIERO.!I26)="","No Reportado",(FINANCIERO.!I26)) -> No Reportado | CL4: =IF(TRIM(FINANCIERO.!I27)="","No Reportado",(FINANCIERO.!I27)) -> No Reportado | CM4: =IF(TRIM(FINANCIERO.!I28)="","No Reportado",(FINANCIERO.!I28)) -> No Reportado | CN4: =IF(TRIM(FINANCIERO.!I29)="","No Reportado",(FINANCIERO.!I29)) -> 0 | CO4: =IF(TRIM(FINANCIERO.!I30)="","No Reportado",(FINANCIERO.!I30)) -> No Reportado | CP4: =IF(TRIM(FINANCIERO.!I31)="","No Reportado",(FINANCIERO.!I31)) -> No Reportado | CQ4: =IF(TRIM(FINANCIERO.!I32)="","No Reportado",(FINANCIERO.!I32)) -> No Reportado | CR4: =IF(TRIM(FINANCIERO.!I33)="","No Reportado",(FINANCIERO.!I33)) -> 0 | CS4: =IF(TRIM(FINANCIERO.!I34)="","No Reportado",(FINANCIERO.!I34)) -> 0 | CT4: =IF(TRIM(FINANCIERO.!I35)="","No Reportado",(FINANCIERO.!I35)) -> No Reportado | CU4: =IF(TRIM(FINANCIERO.!I36)="","No Reportado",(FINANCIERO.!I36)) -> No Reportado | CV4: =IF(TRIM(FINANCIERO.!I37)="","No Reportado",(FINANCIERO.!I37)) -> No Reportado | CW4: =IF(TRIM(FINANCIERO.!I38)="","No Reportado",(FINANCIERO.!I38)) -> 0 | CX4: =IF(TRIM(FINANCIERO.!I39)="","No Reportado",(FINANCIERO.!I39)) -> No Reportado | CY4: =IF(TRIM(FINANCIERO.!I40)="","No Reportado",(FINANCIERO.!I40)) -> 0 | CZ4: =IF(TRIM(FINANCIERO.!I41)="","No Reportado",(FINANCIERO.!I41)) -> 0 | DA4: =IF(TRIM(FINANCIERO.!I42)="","No Reportado",(FINANCIERO.!I42)) -> No Reportado | DB4: =IF(TRIM(FINANCIERO.!I43)="","No Reportado",(FINANCIERO.!I43)) -> No Reportado | DC4: =IF(TRIM(FINANCIERO.!I44)="","No Reportado",(FINANCIERO.!I44)) -> No Reportado | DD4: =IF(TRIM(FINANCIERO.!I45)="","No Reportado",(FINANCIERO.!I45)) -> No Reportado | DE4: =IF(TRIM(FINANCIERO.!I46)="","No Reportado",(FINANCIERO.!I46)) -> 0 | DF4: =IF(TRIM(FINANCIERO.!I47)="","No Reportado",(FINANCIERO.!I47)) -> No Reportado | DG4: =IF(TRIM(FINANCIERO.!I48)="","No Reportado",(FINANCIERO.!I48)) -> No Reportado | DH4: =IF(TRIM(FINANCIERO.!I49)="","No Reportado",(FINANCIERO.!I49)) -> 0 | DI4: =IF(TRIM(FINANCIERO.!I50)="","No Reportado",(FINANCIERO.!I50)) -> No Reportado | DJ4: =IF(TRIM(FINANCIERO.!I51)="","No Reportado",(FINANCIERO.!I51)) -> No Reportado | DK4: =IF(TRIM(FINANCIERO.!I52)="","No Reportado",(FINANCIERO.!I52)) -> No Reportado | DL4: =IF(TRIM(FINANCIERO.!I53)="","No Reportado",(FINANCIERO.!I53)) -> No Reportado | DM4: =IF(TRIM(FINANCIERO.!I54)="","No Reportado",(FINANCIERO.!I54)) -> No Reportado | DN4: =IF(TRIM(FINANCIERO.!I55)="","No Reportado",(FINANCIERO.!I55)) -> No Reportado | DO4: =IF(TRIM(FINANCIERO.!I56)="","No Reportado",(FINANCIERO.!I56)) -> 0 | DP4: =IF(TRIM(FINANCIERO.!I57)="","No Reportado",(FINANCIERO.!I57)) -> No Reportado | DQ4: =IF(TRIM(FINANCIERO.!I58)="","No Reportado",(FINANCIERO.!I58)) -> No Reportado | DR4: =IF(TRIM(FINANCIERO.!I59)="","No Reportado",(FINANCIERO.!I59)) -> No Reportado | DS4: =IF(TRIM(FINANCIERO.!I60)="","No Reportado",(FINANCIERO.!I60)) -> No Reportado | DT4: =IF(TRIM(FINANCIERO.!I61)="","No Reportado",(FINANCIERO.!I61)) -> No Reportado | DU4: =IF(TRIM(FINANCIERO.!I62)="","No Reportado",(FINANCIERO.!I62)) -> 0 | DV4: =IF(TRIM(FINANCIERO.!L25)="","No Reportado",(FINANCIERO.!L25)) -> No Reportado | DW4: =IF(TRIM(FINANCIERO.!L26)="","No Reportado",(FINANCIERO.!L26)) -> No Reportado | DX4: =IF(TRIM(FINANCIERO.!L27)="","No Reportado",(FINANCIERO.!L27)) -> No Reportado | DY4: =IF(TRIM(FINANCIERO.!L28)="","No Reportado",(FINANCIERO.!L28)) -> No Reportado | DZ4: =IF(TRIM(FINANCIERO.!L29)="","No Reportado",(FINANCIERO.!L29)) -> 0 | EA4: =IF(TRIM(FINANCIERO.!L30)="","No Reportado",(FINANCIERO.!L30)) -> No Reportado | EB4: =IF(TRIM(FINANCIERO.!L31)="","No Reportado",(FINANCIERO.!L31)) -> No Reportado | EC4: =IF(TRIM(FINANCIERO.!L32)="","No Reportado",(FINANCIERO.!L32)) -> No Reportado | ED4: =IF(TRIM(FINANCIERO.!L33)="","No Reportado",(FINANCIERO.!L33)) -> 0 | EE4: =IF(TRIM(FINANCIERO.!L34)="","No Reportado",(FINANCIERO.!L34)) -> 0 | EF4: =IF(TRIM(FINANCIERO.!L35)="","No Reportado",(FINANCIERO.!L35)) -> No Reportado | EG4: =IF(TRIM(FINANCIERO.!L36)="","No Reportado",(FINANCIERO.!L36)) -> No Reportado | EH4: =IF(TRIM(FINANCIERO.!L37)="","No Reportado",(FINANCIERO.!L37)) -> No Reportado | EI4: =IF(TRIM(FINANCIERO.!L38)="","No Reportado",(FINANCIERO.!L38)) -> 0 | EJ4: =IF(TRIM(FINANCIERO.!L39)="","No Reportado",(FINANCIERO.!L39)) -> No Reportado | EK4: =IF(TRIM(FINANCIERO.!L40)="","No Reportado",(FINANCIERO.!L40)) -> 0 | EL4: =IF(TRIM(FINANCIERO.!L41)="","No Reportado",(FINANCIERO.!L41)) -> 0 | EM4: =IF(TRIM(FINANCIERO.!L42)="","No Reportado",(FINANCIERO.!L42)) -> No Reportado | EN4: =IF(TRIM(FINANCIERO.!L43)="","No Reportado",(FINANCIERO.!L43)) -> No Reportado | EO4: =IF(TRIM(FINANCIERO.!L44)="","No Reportado",(FINANCIERO.!L44)) -> No Reportado | EP4: =IF(TRIM(FINANCIERO.!L45)="","No Reportado",(FINANCIERO.!L45)) -> No Reportado | EQ4: =IF(TRIM(FINANCIERO.!L46)="","No Reportado",(FINANCIERO.!L46)) -> 0 | ER4: =IF(TRIM(FINANCIERO.!L47)="","No Reportado",(FINANCIERO.!L47)) -> No Reportado | ES4: =IF(TRIM(FINANCIERO.!L48)="","No Reportado",(FINANCIERO.!L48)) -> No Reportado | ET4: =IF(TRIM(FINANCIERO.!L49)="","No Reportado",(FINANCIERO.!L49)) -> 0 | EU4: =IF(TRIM(FINANCIERO.!L50)="","No Reportado",(FINANCIERO.!L50)) -> No Reportado | EV4: =IF(TRIM(FINANCIERO.!L51)="","No Reportado",(FINANCIERO.!L51)) -> No Reportado | EW4: =IF(TRIM(FINANCIERO.!L52)="","No Reportado",(FINANCIERO.!L52)) -> No Reportado | EX4: =IF(TRIM(FINANCIERO.!L53)="","No Reportado",(FINANCIERO.!L53)) -> No Reportado | EY4: =IF(TRIM(FINANCIERO.!L54)="","No Reportado",(FINANCIERO.!L54)) -> No Reportado | EZ4: =IF(TRIM(FINANCIERO.!L55)="","No Reportado",(FINANCIERO.!L55)) -> No Reportado | FA4: =IF(TRIM(FINANCIERO.!L56)="","No Reportado",(FINANCIERO.!L56)) -> 0 | FB4: =IF(TRIM(FINANCIERO.!L57)="","No Reportado",(FINANCIERO.!L57)) -> No Reportado | FC4: =IF(TRIM(FINANCIERO.!L58)="","No Reportado",(FINANCIERO.!L58)) -> No Reportado | FD4: =IF(TRIM(FINANCIERO.!L59)="","No Reportado",(FINANCIERO.!L59)) -> No Reportado | FE4: =IF(TRIM(FINANCIERO.!L60)="","No Reportado",(FINANCIERO.!L60)) -> No Reportado | FF4: =IF(TRIM(FINANCIERO.!L61)="","No Reportado",(FINANCIERO.!L61)) -> No Reportado | FG4: =IF(TRIM(FINANCIERO.!L62)="","No Reportado",(FINANCIERO.!L62)) -> 0 | FH4: =IF(TRIM(FINANCIERO.!O25)="","No Reportado",(FINANCIERO.!O25)) -> No Reportado | FI4: =IF(TRIM(FINANCIERO.!O26)="","No Reportado",(FINANCIERO.!O26)) -> No Reportado | FJ4: =IF(TRIM(FINANCIERO.!O27)="","No Reportado",(FINANCIERO.!O27)) -> No Reportado | FK4: =IF(TRIM(FINANCIERO.!O28)="","No Reportado",(FINANCIERO.!O28)) -> No Reportado | FL4: =IF(TRIM(FINANCIERO.!O29)="","No Reportado",(FINANCIERO.!O29)) -> 0 | FM4: =IF(TRIM(FINANCIERO.!O30)="","No Reportado",(FINANCIERO.!O30)) -> No Reportado | FN4: =IF(TRIM(FINANCIERO.!O31)="","No Reportado",(FINANCIERO.!O31)) -> No Reportado | FO4: =IF(TRIM(FINANCIERO.!O32)="","No Reportado",(FINANCIERO.!O32)) -> No Reportado | FP4: =IF(TRIM(FINANCIERO.!O33)="","No Reportado",(FINANCIERO.!O33)) -> 0 | FQ4: =IF(TRIM(FINANCIERO.!O34)="","No Reportado",(FINANCIERO.!O34)) -> 0 | FR4: =IF(TRIM(FINANCIERO.!O35)="","No Reportado",(FINANCIERO.!O35)) -> No Reportado | FS4: =IF(TRIM(FINANCIERO.!O36)="","No Reportado",(FINANCIERO.!O36)) -> No Reportado | FT4: =IF(TRIM(FINANCIERO.!O37)="","No Reportado",(FINANCIERO.!O37)) -> No Reportado | FU4: =IF(TRIM(FINANCIERO.!O38)="","No Reportado",(FINANCIERO.!O38)) -> 0 | FV4: =IF(TRIM(FINANCIERO.!O39)="","No Reportado",(FINANCIERO.!O39)) -> No Reportado | FW4: =IF(TRIM(FINANCIERO.!O40)="","No Reportado",(FINANCIERO.!O40)) -> 0 | FX4: =IF(TRIM(FINANCIERO.!O41)="","No Reportado",(FINANCIERO.!O41)) -> 0 | FY4: =IF(TRIM(FINANCIERO.!O42)="","No Reportado",(FINANCIERO.!O42)) -> No Reportado | FZ4: =IF(TRIM(FINANCIERO.!O43)="","No Reportado",(FINANCIERO.!O43)) -> No Reportado | GA4: =IF(TRIM(FINANCIERO.!O44)="","No Reportado",(FINANCIERO.!O44)) -> No Reportado | GB4: =IF(TRIM(FINANCIERO.!O45)="","No Reportado",(FINANCIERO.!O45)) -> No Reportado | GC4: =IF(TRIM(FINANCIERO.!O46)="","No Reportado",(FINANCIERO.!O46)) -> 0 | GD4: =IF(TRIM(FINANCIERO.!O47)="","No Reportado",(FINANCIERO.!O47)) -> No Reportado | GE4: =IF(TRIM(FINANCIERO.!O48)="","No Reportado",(FINANCIERO.!O48)) -> No Reportado | GF4: =IF(TRIM(FINANCIERO.!O49)="","No Reportado",(FINANCIERO.!O49)) -> 0 | GG4: =IF(TRIM(FINANCIERO.!O50)="","No Reportado",(FINANCIERO.!O50)) -> No Reportado | GH4: =IF(TRIM(FINANCIERO.!O51)="","No Reportado",(FINANCIERO.!O51)) -> No Reportado | GI4: =IF(TRIM(FINANCIERO.!O52)="","No Reportado",(FINANCIERO.!O52)) -> No Reportado | GJ4: =IF(TRIM(FINANCIERO.!O53)="","No Reportado",(FINANCIERO.!O53)) -> No Reportado | GK4: =IF(TRIM(FINANCIERO.!O54)="","No Reportado",(FINANCIERO.!O54)) -> No Reportado | GL4: =IF(TRIM(FINANCIERO.!O55)="","No Reportado",(FINANCIERO.!O55)) -> No Reportado | GM4: =IF(TRIM(FINANCIERO.!O56)="","No Reportado",(FINANCIERO.!O56)) -> 0 | GN4: =IF(TRIM(FINANCIERO.!O57)="","No Reportado",(FINANCIERO.!O57)) -> No Reportado | GO4: =IF(TRIM(FINANCIERO.!O58)="","No Reportado",(FINANCIERO.!O58)) -> No Reportado | GP4: =IF(TRIM(FINANCIERO.!O59)="","No Reportado",(FINANCIERO.!O59)) -> No Reportado | GQ4: =IF(TRIM(FINANCIERO.!O60)="","No Reportado",(FINANCIERO.!O60)) -> No Reportado | GR4: =IF(TRIM(FINANCIERO.!O61)="","No Reportado",(FINANCIERO.!O61)) -> No Reportado | GS4: =IF(TRIM(FINANCIERO.!O62)="","No Reportado",(FINANCIERO.!O62)) -> 0 | GT4: =IF(TRIM(FINANCIERO.!R25)="","No Reportado",(FINANCIERO.!R25)) -> No Reportado | GU4: =IF(TRIM(FINANCIERO.!R26)="","No Reportado",(FINANCIERO.!R26)) -> No Reportado | GV4: =IF(TRIM(FINANCIERO.!R27)="","No Reportado",(FINANCIERO.!R27)) -> No Reportado | GW4: =IF(TRIM(FINANCIERO.!R28)="","No Reportado",(FINANCIERO.!R28)) -> No Reportado | GX4: =IF(TRIM(FINANCIERO.!R29)="","No Reportado",(FINANCIERO.!R29)) -> 0 | GY4: =IF(TRIM(FINANCIERO.!R30)="","No Reportado",(FINANCIERO.!R30)) -> No Reportado | GZ4: =IF(TRIM(FINANCIERO.!R31)="","No Reportado",(FINANCIERO.!R31)) -> No Reportado | HA4: =IF(TRIM(FINANCIERO.!R32)="","No Reportado",(FINANCIERO.!R32)) -> No Reportado | HB4: =IF(TRIM(FINANCIERO.!R33)="","No Reportado",(FINANCIERO.!R33)) -> 0 | HC4: =IF(TRIM(FINANCIERO.!R34)="","No Reportado",(FINANCIERO.!R34)) -> 0 | HD4: =IF(TRIM(FINANCIERO.!R35)="","No Reportado",(FINANCIERO.!R35)) -> No Reportado | HE4: =IF(TRIM(FINANCIERO.!R36)="","No Reportado",(FINANCIERO.!R36)) -> No Reportado | HF4: =IF(TRIM(FINANCIERO.!R37)="","No Reportado",(FINANCIERO.!R37)) -> No Reportado | HG4: =IF(TRIM(FINANCIERO.!R38)="","No Reportado",(FINANCIERO.!R38)) -> 0 | HH4: =IF(TRIM(FINANCIERO.!R39)="","No Reportado",(FINANCIERO.!R39)) -> No Reportado | HI4: =IF(TRIM(FINANCIERO.!R40)="","No Reportado",(FINANCIERO.!R40)) -> 0 | HJ4: =IF(TRIM(FINANCIERO.!R41)="","No Reportado",(FINANCIERO.!R41)) -> 0 | HK4: =IF(TRIM(FINANCIERO.!R42)="","No Reportado",(FINANCIERO.!R42)) -> No Reportado | HL4: =IF(TRIM(FINANCIERO.!R43)="","No Reportado",(FINANCIERO.!R43)) -> No Reportado | HM4: =IF(TRIM(FINANCIERO.!R44)="","No Reportado",(FINANCIERO.!R44)) -> No Reportado | HN4: =IF(TRIM(FINANCIERO.!R45)="","No Reportado",(FINANCIERO.!R45)) -> No Reportado | HO4: =IF(TRIM(FINANCIERO.!R46)="","No Reportado",(FINANCIERO.!R46)) -> 0 | HP4: =IF(TRIM(FINANCIERO.!R47)="","No Reportado",(FINANCIERO.!R47)) -> No Reportado | HQ4: =IF(TRIM(FINANCIERO.!R48)="","No Reportado",(FINANCIERO.!R48)) -> No Reportado | HR4: =IF(TRIM(FINANCIERO.!R49)="","No Reportado",(FINANCIERO.!R49)) -> 0 | HS4: =IF(TRIM(FINANCIERO.!R50)="","No Reportado",(FINANCIERO.!R50)) -> No Reportado | HT4: =IF(TRIM(FINANCIERO.!R51)="","No Reportado",(FINANCIERO.!R51)) -> No Reportado | HU4: =IF(TRIM(FINANCIERO.!R52)="","No Reportado",(FINANCIERO.!R52)) -> No Reportado | HV4: =IF(TRIM(FINANCIERO.!R53)="","No Reportado",(FINANCIERO.!R53)) -> No Reportado | HW4: =IF(TRIM(FINANCIERO.!R54)="","No Reportado",(FINANCIERO.!R54)) -> No Reportado | HX4: =IF(TRIM(FINANCIERO.!R55)="","No Reportado",(FINANCIERO.!R55)) -> No Reportado | HY4: =IF(TRIM(FINANCIERO.!R56)="","No Reportado",(FINANCIERO.!R56)) -> 0 | HZ4: =IF(TRIM(FINANCIERO.!R57)="","No Reportado",(FINANCIERO.!R57)) -> No Reportado | IA4: =IF(TRIM(FINANCIERO.!R58)="","No Reportado",(FINANCIERO.!R58)) -> No Reportado | IB4: =IF(TRIM(FINANCIERO.!R59)="","No Reportado",(FINANCIERO.!R59)) -> No Reportado | IC4: =IF(TRIM(FINANCIERO.!R60)="","No Reportado",(FINANCIERO.!R60)) -> No Reportado | ID4: =IF(TRIM(FINANCIERO.!R61)="","No Reportado",(FINANCIERO.!R61)) -> No Reportado | IE4: =IF(TRIM(FINANCIERO.!R62)="","No Reportado",(FINANCIERO.!R62)) -> 0 | IF4: =IF(TRIM(FINANCIERO.!E66)="","No Reportado",(FINANCIERO.!E66)) -> No Reportado | IG4: =IF(TRIM(FINANCIERO.!E68)="","No Reportado",(FINANCIERO.!E68)) -> No Reportado | IH4: =IF(TRIM(FINANCIERO.!P68)="","No Reportado",(FINANCIERO.!P68)) -> No Reportado | II4: =IF(TRIM(FINANCIERO.!E70)="","No Reportado",(FINANCIERO.!E70)) -> No Reportado | IJ4: =IF(TRIM(FINANCIERO.!E74)="","No Reportado",(FINANCIERO.!E74)) -> No Reportado | IK4: =IF(TRIM(FINANCIERO.!R80)="","No Reportado",(FINANCIERO.!R80)) -> #DIV/0! | IL4: =IF(TRIM(FINANCIERO.!R82)="","No Reportado",(FINANCIERO.!R82)) -> #DIV/0! | IM4: =IF(TRIM(FINANCIERO.!R84)="","No Reportado",(FINANCIERO.!R84)) -> #DIV/0! | IN4: =IF(TRIM(FINANCIERO.!E87)="","No Reportado",(FINANCIERO.!E87)) -> No Reportado | IP4: =IF(TRIM(FINANCIERO.!S5)="","No Reportado",(FINANCIERO.!S5)) -> No Reportado

Sheet OPERATIVO - TECNICO
B1: DIAGNÓSTICO INTEGRAL A PRESTADORES RURALES | H1: Código: AS.F272
H2: Version: 01
H3: Fecha: 09/07/2025
A4: Nombre o Razón social del prestador: | E4: Fecha:
A5: 1. GENERALIDADES DEL SISTEMA DE ACUEDUCTO
A7: RESPONSABLE VISITA | G7: FECHA
A9: CUENTA CON ESTUDIOS Y/O ANÁLISIS DE PROYECCIÓN DE OFERTA Y DEMANDA
A11: EXISTEN PLANOS DEL SISTEMA DE ACUEDUCTO
A13: CUENTA CON UN PLAN O CRONOGRAMA DE INVERSIONES
A15: DESCRIPCIÓN GENERAL DEL PLAN
A17: SISTEMA DE ACUEDUCTO | C17: GRAVEDAD | F17: BOMBEO
A19: No. DE SUSCRIPTORES
A21: NIVEL DIFICULTAD ACCESO A LA ZONA DE INFLUENCIA
A23: CONTINUIDAD (HORAS)
A25: COBERTURA (SUSCRIPTORES) (A)
A27: COBERTURA PROYECTADA (B) | D27: % AMPLIACIÓN DE COBERTURA (A)/(B)
A29: 1.1 FUENTE HÍDRICA
A31: NOMBRE
A33: TIPO | B33: SUPERFICIAL | D33: SUBTERRÁNEA | F33: PLUVIAL
A35: COORDENADAS Y ALTURA | F35: CAUDAL (L/S) (MEDIDO O INVESTIGADO)
A37: UBICACIÓN GOOGLE MAPS O EARTH (adjuntar imagen y enlace)
A39: DESCRIPCIÓN DE LA FUENTE HÍDRICA: (ingresar texto) ingresar texto de descripción de lo observado (Investigación del caudal según época de sequía e invierno )
A41: CONCESIÓN DE AGUAS (si/no) | F41: CAUDAL (L/S)
A43: SI ES EMBALSE, LAGO, LAGUNA O RESERVORIO INDIQUE LA CAPACIDAD EN M3
A45: IMPLEMENTA UN PROGRAMA O PROCEDIMIENTO PARA VIGILAR, INSPECCIONAR Y LIMPIAR CUENCAS EN LA FUENTE ABASTECEDORA Y EN LA LÍNEA DE ADUCCIÓN
A47: VERIFICACIÓN AMBIENTAL (No Se de la Resolución de la concesión de agua ) Nota: Se debe adjuntar la resolución se debe adjuntar la resolución de ocupación de cauce
A49: PERMISO DE OCUPACIÓN DE CAUCE (SI/NO)
A51: VERIFICACIÓN PREDIAL (Nota: Se debe investigar la tenencia del predio donde está ubicada la estructura y de los predios vecinos que afecten el ingreso al área)
A53: Nota: Adjuntar los permisos y/o servidumbre escaneados con los que cuenten
A55: 1.2 BOCATOMA
A57: EXISTE (SI/NO) | C57: FUNCIONA (SI/NO) | F57: COORDENADAS
A59: TIPO DE BOCATOMA: | B59: LATERAL | E59: CUENTA CON SISTEMA DE CONTROL
B60: FONDO | E60: CUENTA CON SISTEMA DE CONTROL
B61: TOMA LATERAL CON MURO TRANSVERSAL | E61: CUENTA CON SISTEMA DE CONTROL
B62: DIRECTA | E62: CUENTA CON SISTEMA DE CONTROL
B63: DIQUE | E63: CUENTA CON SISTEMA DE CONTROL
B64: CANAL DE DERIVACIÓN | E64: CUENTA CON SISTEMA DE CONTROL
B65: FLOTANTE | E65: CUENTA CON SISTEMA DE CONTROL
B66: SUBTERRÁNEA CON BOMBEO | E66: CUENTA CON SISTEMA DE CONTROL
B67: SUBTERRÁNEA TIPO PRESA | E67: CUENTA CON SISTEMA DE CONTROL
B68: ARTESANAL | E68: CUENTA CON SISTEMA DE CONTROL
B69: OTRO | E69: CUENTA CON SISTEMA DE CONTROL
A71: ESTADO DE LA ESTRUCTURA DE CAPTACIÓN:
A73: MATERIAL | F73: AÑOS DE CONSTRUCCIÓN
A75: ¿CUENTA CON SISTEMA DE MEDICIÓN Y/O AFORO DE CAUDAL? (Descripción del sistema de medición existente)
A77: UBICACIÓN GOOGLE MAPS O EARTH (adjuntar imagen y enlace)
A79: DESCRIPCIÓN DE LA BOCATOMA Y SU ESTADO:
A81: DESCRIPCIÓN DEL SISTEMA DE CONTROL Y SU ESTADO:
A83: NECESIDADES OBSERVADAS (Enumerar las necesidades puntuales que se requieran)
A85: VERIFICACIÓN PREDIAL (Nota: Se debe investigar la tenencia del predio donde está ubicada la estructura y de los predios vecinos que afecten el ingreso al área) Nota: Adjuntar los permisos y/o servidumbre escaneados con los que cuenten
A87: DESCRIPCIÓN DEL TERRENO DE UBICACIÓN DE LA ESTRUCTURA Y DEL ACCESO (Se debe verificar si el terreno es estable, presenta deslizamientos, fallas geológicas, si es de difícil acceso, si el acceso es por camino rural o hay que atravesar potreros o propiedad privada).
A89: REGISTRO FOTOGRÁFICO
A91: 1.3 RED DE ADUCCIÓN BOCATOMA - DESARENADOR
A93: LONGITUD (M) | F93: DIÁMETRO:
A95: ESTADO DE LA RED:
A97: MATERIAL | F97: AÑOS DE CONSTRUCCIÓN
A99: VÁLVULAS VENTOSAS | F99: CANTIDAD
A101: VÁLVULAS DE PURGA | F101: CANTIDAD
A103: VÁLVULAS DE CIERRE Y/O CONTROL | F103: CANTIDAD
A105: CAMARAS DE QUIEBRE O VALVULAS REGULADORAS DE PRESIÓN | F105: CANTIDAD
A107: UBICACIÓN GOOGLE MAPS O EARTH (adjuntar imagen y enlace)
A109: DESCRIPCIÓN DE LA RED Y SU ESTADO:
A111: DESCRIPCIÓN DEL SISTEMA DE VÁLVULAS Y SU ESTADO: (Nota: se debe describir cada una e indicar las coordenadas de ubicación, función y diámetro)
A113: NECESIDADES OBSERVADAS (Enumerar las necesidades puntuales que se requieran)
A115: VERIFICACIÓN PREDIAL (Nota: Se debe investigar la tenencia del predio donde pasa la red y de los predios vecinos que afecten el ingreso al área, si existe servidumbre mediante constitución notarial o por escrito. Esto para los predios donde se realizará las mejoras) Nota: Adjuntar los permisos y/o servidumbre escaneados con los que cuenten
A117: DESCRIPCIÓN DEL TERRENO DE UBICACIÓN DE LA RED Y DEL ACCESO (Se debe verificar si el terreno es estable, presenta deslizamientos, fallas geológicas, si es de difícil acceso, si el acceso es por camino rural o hay que atravesar potreros o propiedad privada).
A119: REGISTRO FOTOGRÁFICO
A121: 1.4 ESTRUCTURA DE DESARENADOR
A123: EXISTE | D123: FUNCIONA | F123: COORDENADAS
A125: TIPO: | E125: CUENTA CON SISTEMA DE CONTROL
A127: CAUDAL
A129: ESTADO DE LA ESTRUCTURA DEL DESARENADOR:
A131: MATERIAL | F131: AÑOS DE CONSTRUCCIÓN
A133: UBICACIÓN GOOGLE MAPS O EARTH
A135: DESCRIPCIÓN DEL DESARENADOR Y SU ESTADO:
A137: DESCRIPCIÓN DEL SISTEMA DE CONTROL Y SU ESTADO:
A139: ¿CUENTA CON BYPASS?
A141: NECESIDADES OBSERVADAS (Enumerar las necesidades puntuales que se requieran)
A143: VERIFICACIÓN PREDIAL (Nota: Se debe investigar la tenencia del predio donde está ubicada la estructura y de los predios vecinos que afecten el ingreso al área) Nota: Adjuntar los permisos y/o servidumbre escaneados con los que cuenten
A145: DESCRIPCIÓN DEL TERRENO DE UBICACIÓN DE LA ESTRUCTURA Y DEL ACCESO
A147: REGISTRO FOTOGRÁFICO
A149: 1.5 RED DE CONDUCCIÓN DESARENADOR - PTAP Y/O TANQUE DE ALMACENAMIENTO
A151: LONGITUD (M) | F151: DIÁMETRO:
A153: ESTADO DE LA RED:
A155: MATERIAL | F155: AÑOS DE CONSTRUCCIÓN
A157: VÁLVULAS VENTOSAS | F157: CANTIDAD
A159: VÁLVULAS DE PURGA | F159: CANTIDAD
A161: VÁLVULAS DE CIERRE Y/O CONTROL (SI/NO) | F161: CANTIDAD
A163: CAMARAS DE QUIEBRE O VALVULAS REGULADORAS DE PRESIÓN (SI/NO) | F163: CANTIDAD
A165: UBICACIÓN GOOGLE MAPS O EARTH
A167: DESCRIPCIÓN DE LA RED Y SU ESTADO:
A169: DESCRIPCIÓN DEL SISTEMA DE VÁLVULAS Y SU ESTADO:
A171: NECESIDADES OBSERVADAS
A173: VERIFICACIÓN PREDIAL (Nota: Se debe investigar la tenencia del predio donde pasa la red y de los predios vecinos que afecten el ingreso al área, si existe servidumbre mediante constitución notarial o por escrito. Esto para los predios donde se realizará las mejoras) Nota: Adjuntar los permisos y/o servidumbre escaneados con los que cuenten
A175: DESCRIPCIÓN DEL TERRENO DE UBICACIÓN DE LA RED Y DEL ACCESO (Se debe verificar si el terreno es estable, presenta deslizamientos, fallas geológicas, si es de difícil acceso, si el acceso es por camino rural o hay que atravesar potreros o propiedad privada).
A177: REGISTRO FOTOGRÁFICO
A179: 1.6 PLANTA DE TRATAMIENTO PTAP
A181: EXISTE | D181: FUNCIONA | F181: COORDENADAS
A183: TIPO DE SISTEMA: | B183: COMPACTA | E183: CUENTA CON SISTEMA DE CONTROL
B185: CONVENCIONAL | E185: CUENTA CON SISTEMA DE CONTROL
...

Sheet Resultados Op. - Tec
A2: SI | B2: ALTA | C2: BUENA | D2: Canaleta Parshall
A3: NO | B3: MEDIA | C3: REGULAR | D3: Vertedero Rectangular
B4: BAJA | C4: MALA | D4: Vertedero triangular

Sheet ASPEC AMBIENTALES
B1: DIAGNÓSTICO INTEGRAL A PRESTADORES RURALES | L1: Código: AS-F272 | S1: Si | T1: Si
L2: Versión: 01 | S2: No | T2: No
L3: Fecha: 09/07/2025 | T3: En tramite
T4: No se requiere
A5: Nombre o Razón social del prestador: | H5: Fecha:
A6: 8. ASPECTOS AMBIENTALES
A8: Municipio: | E8: Código del municipio: | J8: Provincia:
A10: DATOS DEL PRESTADOR
A12: Nombre o razón social del prestador
A15: Nit del prestador | D15: Teléfono celular | H15: Correo electrónico
A17: CONCESIÒN DE AGUA
A19: Cuenta con Concesión de Aguas
A21: Resolución Nº | D21: Fecha | G21: Tiempo de vigencia | K21: Cargue del Acto Administrativo
A24: Estado del trámite
A26: TASA DE AGUA
A28: Pago tasa por uso de agua | H28: Ultimo Valor Pagado
A30: PROGRAMA DE USO EFICIENTE Y AHORRO DE AGUA - PUEAA
A32: PUEAA | H32: Acto administrativo de aprobación
A34: Fecha de aprobación
A36: AUTORIZACIÒN SANITARIA
A38: Cuenta con autorización sanitaria? | H38: Estado
A40: TRÀMITES SANCIONATORIOS
A41: TRÀMITES SANCIONATORIOS
A43: Cuenta con trámites sancionatorios ambientales? | H43: Acto administrativo de aprobación
A45: PLAN DE SANEAMIENTO Y MANEJO DE VERTIMIENTOS -PSMV
A47: Plan de Saneamiento y Manejo de Vertimiento -PSMV | H47: Acto administrativo de aprobación
A49: Porcentahe de Ejecución
A52: VERTIMIENTOS
A54: Permiso de Vertimientos | F54: Estado del trámite:
A56: Resolución Nº | E56: Fecha aprobación
A58: TASA RETRIBUTIVA
A60: Pago Tasa Retributiva | F60: Estado del trámite:
A62: FUNCIONARIO EPC
A64: Funcionario de EPC que realiza el diagnostico

Sheet RESPUESTAS AMBIENTALES
A1: 8. ASPECTOS AMBIENTALES
A2: Datos del prestador | H2: Concesión de agua | N2: Tasa agua | P2: Programa de Uso Eficiente y Ahorro de Agua - PUEAA | S2: Autorización Sanitaria | U2: Trámites Sancionatorios | W2: Plan de Saneamiento y Manejo de Vertimientos -PSMV | AC2: Vertimientos | AG2: Tasa Retributiva | AI2: Funcionario EPC.
A3: Municipio | B3: Código del municipio | C3: Provincia | D3: Nombre o razón social del prestador | E3: Nit del prestador | F3: Teléfono celular | G3: Correo electrónico | H3: Cuenta con Concesión de Aguas | I3: Resolución Nº | J3: Fecha | K3: Tiempo de vigencia | L3: Cargue del Acto Administrativo | M3: Estado del trámite | N3: Pago tasa por uso de agua | O3: Ultimo Valor Pagado | P3: PUEAA | Q3: No. Acto administrativo de aprobación | R3: Fecha de aprobación | S3: Cuenta con autorización sanitaria? | T3: Estado | U3: Cuenta con trámites sancionatorios ambientales? | V3: No. Acto administrativo de aprobación | W3: Plan de Saneamiento y Manejo de Vertimiento -PSMV | X3: No. Acto administrativo de aprobación | Y3: Fecha aprobación acto administrativo | Z3: Porcentaje ejecución | AA3: Vigencia | AB3: Fecha aprobación autoridad ambiental | AC3: Permiso de Vertimientos | AD3: Estado del trámite | AE3: Resolución Nº | AF3: Fecha aprobación | AG3: Pago Tasa Retributiva | AH3: Estado del trámite | AI3: Funcionario EPC que realiza el diagnostico | AK3: Fecha
A4: =IF(TRIM('ASPEC AMBIENTALES'!B8)="","No Reportado",('ASPEC AMBIENTALES'!B8)) -> No Reportado | B4: =IF(TRIM('ASPEC AMBIENTALES'!H8)="","No Reportado",('ASPEC AMBIENTALES'!H8)) -> No Reportado | C4: =IF(TRIM('ASPEC AMBIENTALES'!L8)="","No Reportado",('ASPEC AMBIENTALES'!L8)) -> No Reportado | D4: =IF(TRIM('ASPEC AMBIENTALES'!E12)="","No Reportado",('ASPEC AMBIENTALES'!E12)) -> No Reportado | E4: =IF(TRIM('ASPEC AMBIENTALES'!B15)="","No Reportado",('ASPEC AMBIENTALES'!B15)) -> No Reportado | F4: =IF(TRIM('ASPEC AMBIENTALES'!F15)="","No Reportado",('ASPEC AMBIENTALES'!F15)) -> No Reportado | G4: =IF(TRIM('ASPEC AMBIENTALES'!K15)="","No Reportado",('ASPEC AMBIENTALES'!K15)) -> No Reportado | H4: =IF(TRIM('ASPEC AMBIENTALES'!D19)="","No Reportado",('ASPEC AMBIENTALES'!D19)) -> No Reportado | I4: =IF(TRIM('ASPEC AMBIENTALES'!B21)="","No Reportado",('ASPEC AMBIENTALES'!B21)) -> No Reportado | J4: =IF(TRIM('ASPEC AMBIENTALES'!E21)="","No Reportado",('ASPEC AMBIENTALES'!E21)) -> No Reportado | K4: =IF(TRIM('ASPEC AMBIENTALES'!J21)="","No Reportado",('ASPEC AMBIENTALES'!J21)) -> No Reportado | L4: =IF(TRIM('ASPEC AMBIENTALES'!M21)="","No Reportado",('ASPEC AMBIENTALES'!M21)) -> No Reportado | M4: =IF(TRIM('ASPEC AMBIENTALES'!B24)="","No Reportado",('ASPEC AMBIENTALES'!B24)) -> No Reportado | N4: =IF(TRIM('ASPEC AMBIENTALES'!D28)="","No Reportado",('ASPEC AMBIENTALES'!D28)) -> No Reportado | O4: =IF(TRIM('ASPEC AMBIENTALES'!K28)="","No Reportado",('ASPEC AMBIENTALES'!K28)) -> No Reportado | P4: =IF(TRIM('ASPEC AMBIENTALES'!D32)="","No Reportado",('ASPEC AMBIENTALES'!D32)) -> No Reportado | Q4: =IF(TRIM('ASPEC AMBIENTALES'!L32)="","No Reportado",('ASPEC AMBIENTALES'!L32)) -> No Reportado | R4: =IF(TRIM('ASPEC AMBIENTALES'!D34)="","No Reportado",('ASPEC AMBIENTALES'!D34)) -> No Reportado | S4: =IF(TRIM('ASPEC AMBIENTALES'!D38)="","No Reportado",('ASPEC AMBIENTALES'!D38)) -> No Reportado | T4: =IF(TRIM('ASPEC AMBIENTALES'!J38)="","No Reportado",('ASPEC AMBIENTALES'!J38)) -> No Reportado | U4: =IF(TRIM('ASPEC AMBIENTALES'!D43)="","No Reportado",('ASPEC AMBIENTALES'!D43)) -> No Reportado | V4: =IF(TRIM('ASPEC AMBIENTALES'!L43)="","No Reportado",('ASPEC AMBIENTALES'!L43)) -> No Reportado | W4: =IF(TRIM('ASPEC AMBIENTALES'!D47)="","No Reportado",('ASPEC AMBIENTALES'!D47)) -> No Reportado | X4: =IF(TRIM('ASPEC AMBIENTALES'!L47)="","No Reportado",('ASPEC AMBIENTALES'!L47)) -> No Reportado | Y4: =IF(TRIM('ASPEC AMBIENTALES'!E49)="","No Reportado",('ASPEC AMBIENTALES'!E49)) -> No Reportado | Z4: =IF(TRIM('ASPEC AMBIENTALES'!J49)="","No Reportado",('ASPEC AMBIENTALES'!J49)) -> No Reportado | AA4: =IF(TRIM('ASPEC AMBIENTALES'!#REF!)="","No Reportado",('ASPEC AMBIENTALES'!#REF!)) -> #REF! | AB4: =IF(TRIM('ASPEC AMBIENTALES'!#REF!)="","No Reportado",('ASPEC AMBIENTALES'!#REF!)) -> #REF! | AC4: =IF(TRIM('ASPEC AMBIENTALES'!B54)="","No Reportado",('ASPEC AMBIENTALES'!B54)) -> No Reportado | AD4: =IF(TRIM('ASPEC AMBIENTALES'!I54)="","No Reportado",('ASPEC AMBIENTALES'!I54)) -> No Reportado | AE4: =IF(TRIM('ASPEC AMBIENTALES'!B56)="","No Reportado",('ASPEC AMBIENTALES'!B56)) -> No Reportado | AF4: =IF(TRIM('ASPEC AMBIENTALES'!G56)="","No Reportado",('ASPEC AMBIENTALES'!G56)) -> No Reportado | AG4: =IF(TRIM('ASPEC AMBIENTALES'!B60)="","No Reportado",('ASPEC AMBIENTALES'!B60)) -> No Reportado | AH4: =IF(TRIM('ASPEC AMBIENTALES'!I60)="","No Reportado",('ASPEC AMBIENTALES'!I60)) -> No Reportado | AI4: =IF(TRIM('ASPEC AMBIENTALES'!B64)="","No Reportado",('ASPEC AMBIENTALES'!B64)) -> No Reportado | AK4: =IF(TRIM('ASPEC AMBIENTALES'!K64)="","No Reportado",('ASPEC AMBIENTALES'!K64)) -> No Reportado

Sheet ASPECTO SOCIAL
D1: DIAGNÓSTICO INTEGRAL A PRESTADORES RURALES | N1: Código: AS-F272 | R1: Nacimiento | T1: SI | V1: Voz a voz
N2: Versión: 01 | R2: Rio | T2: NO | V2: Redes sociales
N3: Fecha: 09/07/2025 | R3: Quebrada | V3: Cartelera informativa
A5: Nombre o Razón social del prestador: | I5: Fecha:
A6: 9. ASPECTOS SOCIALES | R6: Pozo
A7: 9.1. Organizaciones Sociales (JAC, Cooperativas, Asociaciones, Gremios etc.) | R7: Otro
A13: Actividades económicas a las que se dedica la población
A15: Comité de Desarrollo y Control Social | I15: Está reconocido
A17: Vigencia | F17: Se ha reportado a la SSPD
A19: Expectativas de la Comunidad sobre el Comité de Desarrollo y Control Social:
A25: Medios de difusión para convocar a la comunidad
A27: Con qué periodicidad se reúne la comunidad para tratar temas relacionados con el servicio de acueducto?
A29: Articulación institucional de la oferta
A31: 9.2. Capacidad de pago
A32: Actores | E32: Ingreso Mensual | I32: Pago de Servicios (mes)
I33: Acueducto | K33: Energía | M33: Gas | O33: Celular
A45: 9.3. Percepción frente a la prestación del servicio | S45: Buena
A46: Actores | D46: Días/horas de Prestación | K46: Que opina del servicio | N46: Que opina del prestador | S46: Regular
D47: L | E47: M | F47: M | G47: J | H47: V | I47: S | J47: D | K47: B | L47: R | M47: M | N47: B | O47: R | P47: M | S47: Mala
A50: OBSERVACIONES:
A52: ABASTECIMIENTO Y USOS DEL AGUA
A54: Como se abastece de agua | S54: 3 veces
S55: 5 veces
A56: OBSERVACIONES: | S56: 10 veces
S57: Otro
A58: La calidad de agua que recibe actualmente es:
A60: Arroja desechos a los cuerpos de agua | S60: Siempre
S61: A veces
A62: Cuantas veces utiliza el agua diariamente | S62: Nunca
A64: En su hogar aprovecha el agua lluvia
A66: El uso mas frecuente que le da al agua proveniente su acueducto es
A68: Mantiene el grifo cerrado mientras se lava los dientes, afeita o enjabona | S68: De 1 a 3 veces
S69: De 3 a 5 veces
A70: 9.4. Salud y hábitos de higiene | S70: Más de 5 veces
S71: No se lava los dientes
A72: Cuantas veces al día se lava las manos
A74: Cuantas veces se lava los dientes al día
A76: Cuantas veces al día se ducha
Q77: Cada 3 meses | S77: Una vez
A78: Cuanto tiempo tarda en ducharse | Q78: Cada 6 meses | S78: Dos veces
Q79: Cada año | S79: Tres veces
A80: Su vivienda cuenta con un tanque de almacenamiento de agua | S80: No se ducha
Q81: La hierve | U81: Pozo séptico | W81: Se Queman
A82: Cada cuanto realiza limpieza al tanque | Q82: La clora | U82: Fuente hídrica | W82: Se Entierran
Q83: La filtra | U83: Suelo | W83: Se Separan
A84: Aplica algún tratamiento al agua para consumo | Q84: La toma directamente | U84: Otro | W84: Se Entregan
A86: Se lava las manos al salir del baño | S86: Cinco minutos
Q87: Siempre | S87: Diez minutos
A88: Donde vierten las aguas servidas | Q88: Aveces | S88: Más de 10 min.
Q89: nunca
A90: Qué disposición le da a los residuos sólidos
A92: 9.3. Percepción frente a la prestación del servicio
A93: Actores | D93: Días/horas de Prestación | K93: Que opina del servicio | N93: Que opina del prestador
D94: L | E94: M | F94: M | G94: J | H94: V | I94: S | J94: D | K94: B | L94: R | M94: M | N94: B | O94: R | P94: M
A97: OBSERVACIONES:
A99: ABASTECIMIENTO Y USOS DEL AGUA
A101: Como se abastece de agua | G101: Rio
A103: OBSERVACIONES:
A105: La calidad de agua que recibe actualmente es:
A107: Arroja desechos a los cuerpos de agua
A109: Cuantas veces utiliza el agua diariamente
A111: En su hogar aprovecha el agua lluvia
A113: El uso mas frecuente que le da al agua proveniente su acueducto es
A115: Mantiene el grifo cerrado mientras se lava los dientes, afeita o enjabona
A117: 9.4. Salud y hábitos de higiene
A119: Cuantas veces al día se lava las manos
A121: Cuantas veces se lava los dientes al día
A123: Cuantas veces al día se ducha
A125: Cuanto tiempo tarda en ducharse
... A139: 9.3. Percepción frente a la prestación del servicio
A140: Actores | D140: Días/horas de Prestación | K140: Que opina del servicio | N140: Que opina del prestador
D141: L | E141: M | F141: M | G141: J | H141: V | I141: S | J141: D | K141: B | L141: R | M141: M | N141: B | O141: R | P141: M
A144: OBSERVACIONES:
A146: ABASTECIMIENTO Y USOS DEL AGUA
A148: Como se abastece de agua | G148: Rio
A150: OBSERVACIONES:
A152: La calidad de agua que recibe actualmente es:
A154: Arroja desechos a los cuerpos de agua
A156: Cuantas veces utiliza el agua diariamente
A158: En su hogar aprovecha el agua lluvia
A160: El uso mas frecuente que le da al agua proveniente su acueducto es
A162: Mantiene el grifo cerrado mientras se lava los dientes, afeita o enjabona
A164: 9.4. Salud y hábitos de higiene
A166: Cuantas veces al día se lava las manos
A168: Cuantas veces se lava los dientes al día
A170: Cuantas veces al día se ducha
A172: Cuanto tiempo tarda en ducharse
... A186: 9.3. Percepción frente a la prestación del servicio
A187: Actores | D187: Días/horas de Prestación | K187: Que opina del servicio | N187: Que opina del prestador
D188: L | E188: M | F188: M | G188: J | H188: V | I188: S | J188: D | K188: B | L188: R | M188: M | N188: B | O188: R | P188: M
A191: OBSERVACIONES:
A193: ABASTECIMIENTO Y USOS DEL AGUA
A195: Como se abastece de agua
A197: OBSERVACIONES:
A199: La calidad de agua que recibe actualmente es:
A201: Arroja desechos a los cuerpos de agua
A203: Cuantas veces utiliza el agua diariamente
A205: En su hogar aprovecha el agua lluvia
A207: El uso mas frecuente que le da al agua proveniente su acueducto es
A209: Mantiene el grifo cerrado mientras se lava los dientes, afeita o enjabona
...

Sheet RESPUESTAS ASPECTO SOCIAL
A1: 9. ASPECTOS SOCIALES
A2: 9.1. Organizaciones Sociales (JAC, Cooperativas, Asociaciones, Gremios etc.) | I2: Actividades económicas a las que se dedica la población | M2: Expectativas de la Comunidad sobre el Comité de Desarrollo y Control Social: | Q2: 9.2. Capacidad de pago | BY2: 9.3. Percepción frente a la prestación del servicio | CM2: Observaciones | CT2: 9.4. Salud y hábitos de higiene | DD2: 9.3. Percepción frente a la prestación del servicio | DR2: Observaciones | DY2: 9.4. Salud y hábitos de higiene | EI2: 9.3. Percepción frente a la prestación del servicio | EW2: Observaciones | FD2: 9.4. Salud y hábitos de higiene | FN2: 9.3. Percepción frente a la prestación del servicio | GB2: Observaciones | GI2: 9.4. Salud y hábitos de higiene | GS2: 9.3. Percepción frente a la prestación del servicio | HG2: Observaciones | HN2: 9.4. Salud y hábitos de higiene | HX2: 9.3. Percepción frente a la prestación del servicio | IL2: Observaciones | IS2: 9.4. Salud y hábitos de higiene | JC2: 9.3. Percepción frente a la prestación del servicio | JQ2: Observaciones | JX2: 9.4. Salud y hábitos de higiene | KH2: 9.3. Percepción frente a la prestación del servicio | KV2: Observaciones | LC2: 9.4. Salud y hábitos de higiene | LM2: 9.3. Percepción frente a la prestación del servicio | MA2: Observaciones | MH2: 9.4. Salud y hábitos de higiene | MR2: 9.3. Percepción frente a la prestación del servicio | NF2: Observaciones | NM2: 9.4. Salud y hábitos de higiene
